Workbook
Name CAC_40: Indices!$B$3
Name CAC_Large_60_EWER: Indices!$B$4
Name Euro_iSTOXX_EWC_50: Indices!$B$10
Name Euro_Stoxx_50: Indices!$B$5
Name EURONEXT__EURO_50_ESG_EW_DECREMENT_50_POINTS: Indices!$B$11
Name Euronext_CDP_Environment_France_EW_Decrement_5: Indices!#REF!
Name Euronext_CDP_Environment_France_EW_Decrement_5: [1]Indices!#REF!
Name Euronext_Core_Europe_30_EW_Decrement_5__NR: Indices!$B$9
Name Eurozone_40EW_D5: Indices!$B$7
Name Eurozone_70EW_D5: Indices!$B$8
Name SBF_TOP_50_ESG: Indices!$B$12
Name SBF_Top_80_EW_Decrement: Indices!$B$6
Name SBFT50ESGEWD50P: Indices!$A$12
Name Solactive_Eurozone_50_Equal_Weight_5__AR_Index__NTR: Indices!#REF!
Name Solactive_France_40_Equal_Weight_NTR_5__AR: Indices!$B$2
Name SX7E: Indices!$A$15

Sheet Indices
A1: INDICES | B1: COURS DE CLOTURE AU 30/06/2025
A2: Solactive France 40 Equal Weight NTR 5% AR | B2: 1121.61
A3: CAC 40 | B3: 7665.91
A4: CAC Large 60 EWER | B4: 1802.08
A5: Euro Stoxx 50 | B5: 5303.24
A6: SBF Top 80 EW Decrement | B6: 1018.84
A7: Eurozone 40EW D5 | B7: 990.85
A8: Eurozone 70EW D5 | B8: 1077.95
A9: Euronext Core Europe 30 EW Decrement 5% NR | B9: 1323.63
A10: Euro iSTOXX EWC 50 | B10: 1431.55
A11: EURONEXT® EURO 50 ESG EW DECREMENT 50 POINTS | B11: 1505.61
A12: SBFT 50 ESGEW D50P | B12: 922.49
A13: Euro Evolution | B13: 92.916
... A26: iEdge Europe Climate EW 40 Decrement 50 Points GTR Index | B26: 961.732

Sheet EMTN DS IS en cours de vie
A1: Nom Commercial | B1: Code ISIN | C1: Emetteur | D1: Date d'observation initiale | E1: Date d'observation finale | F1: Indice de référence Lien hypertexte | G1: Strike au lancement | H1: Cours au 27/02/2026 | I1: Variation de l'indice | J1: Valorisation | K1: SRI | L1: Somme des coupons versés | M1: Prochaine date d'observation | N1: Prochain Coupon conditionnel | O1: Type de constatation | P1: Caractéristiques | Q1: Montant collecté | R1: Up Front
A2: Repack Obligation Subordonnée Groupama Septembre 2018 | B2: XS1839742118 | C2: BNP | D2: 43383 | E2: 47035 | F2: - | G2: - | H2: - | I2: - | J2: - | K2: 1 | L2: 0.1297 | M2: 46304 | N2: Entre 2% et 4% | O2: Annuelle | P2: Coupon: Indexés au Taux de Swap EUR 10 ans plus 0% par an avec un taux minimum de 2,00% par an et un taux maximum de 4,00% par an payé le 9 octobre de chaque année à partir du 9 octobre 2019 Rappel anticipé: en cas de défaut de l'émetteur À maturité: risque de perte en capital en cas de défaut | Q2: =500000 -> 500000 | R2: 0.02
A3: Optistoxx Décembre 2019 | B3: FR0013454519 | C3: SG | D3: 43830 | E3: 48228 | F3: Euro Evolution | G3: 112.49 | H3: =VLOOKUP(A3,Data!$A$3:$D$1048576,4,FALSE) -> 100.845 | I3: =H3/G3-1 -> -0.10352031 | J3: =VLOOKUP(B3,Data!$F$3:$I$1048576,4,FALSE)/100 -> 0.885 | K3: 5 | L3: 0.18 | M3: 46387 | N3: 0.06 | O3: Annuelle | P3: Coupons : 6% par an versé si la performance du sous-jacent est supérieur à -20% Rappel automatique anticipé : Possible chaque année à partir du 21/12/2020 si à date d'observation le niveau du sous-jacent est supérieur à son niveau initial Protection du capital : jusqu'à une baisse de -50% du sous-jacent à échéance
A4: Phoenix Arena Décembre 2019 | B4: XS2059553722 | C4: SG | D4: 43860 | E4: 48250 | F4: Euro Evolution | G4: 113.59 | H4: =VLOOKUP(A4,Data!$A$3:$D$1048576,4,FALSE) -> 100.845 | I4: =H4/G4-1 -> -0.11220178 | J4: =VLOOKUP(B4,Data!$F$3:$I$1048576,4,FALSE)/100 -> 0.8755 | K4: 5 | L4: 0.36 | M4: 46419 | N4: 0.06 | O4: Annuelle | P4: Coupon d'attente: 6% par an si la performance de l'indice est supérieure ou égale à -20% aux dates de constatations annuelles avec effet mémoire sur les coupons d'attentes non-versés Coupon conditionnel: 2% supplémentaire payé en cas de rappel anticipé à l'issue de l'année 1 Rappel anticipé: Si la performance de l'indice est positive ou nulle aux dates de constatation annuelles à l'issue de l'année 1 À maturité: Riqsue de perte partielle ou total si la performance du sous-jacent est inférieure à 50% de son niveau initial | Q4: =200000+149000 -> 349000 | R4: 0.035
A5: Duo Mix Protel Avril 2021 | B5: XS2278343319 | C5: SG | D5: 44307 | E5: 48690 | F5: Euro Evolution | G5: 94.39 | H5: =VLOOKUP(A5,Data!$A$3:$D$1048576,4,FALSE) -> 100.845 | I5: =H5/G5-1 -> 0.068386482 | J5: =VLOOKUP(B5,Data!$F$3:$I$1048576,4,FALSE)/100 -> 1.0274 | K5: 3 | L5: 0.21 | M5: 46133 | N5: 0.065 | O5: Annuelle | P5: Poche garantie: Remboursement de 50% du capital avec un coupon de 1.50% Garanti payé en année 1, 2 et 3 sur 100% du nominal Coupon conditionnel : Chaque année, un coupon d’attente de 6.50% x 50% du nominal est versé si la performance de l’indice est supérieure à -20% aux dates de constatation annuelle | Q5: =500000 -> 500000 | R5: 0.02
A6: Duo Mix Athena Avril 2021 | B6: FR0014002JX3 | C6: SG | D6: 44323 | E6: 48709 | F6: Euro Evolution | G6: 94.88 | H6: =VLOOKUP(A6,Data!$A$3:$D$1048576,4,FALSE) -> 100.845 | I6: =H6/G6-1 -> 0.062868887 | J6: =VLOOKUP(B6,Data!$F$3:$I$1048576,4,FALSE)/100 -> 0.3579 | K6: 2 | L6: 0.021 | M6: 46149 | N6: 0.03 | O6: Semestrielle | P6: Poche garantie : Remboursement de 70% du capital avec un coupon de 2.10% Garanti sur 100% du nominal (i.e 3% sur 70% du capital) Coupon conditionnel : 3.00% par semestre écoulé en cas de rappel anticipé Rappel anticipé : à 100% x 30% du nominal + i x 3% x30% du nominal si la performance de l’indice est supérieure ou égale à 0% à une des dates de constatation semestrielle à partir du S3 À maturité : Risque de perte partielle ou total si la performance du sous-jacent est inférieure à 50% de son niveau initial | Q6: =100000 -> 100000 | R6: 0.02
A7: Duo Mix OVE Juin 2021 | B7: XS2121002005 | C7: SG | D7: 44354 | E7: 48737 | F7: Euro Evolution | G7: 96.07 | H7: =VLOOKUP(A7,Data!$A$3:$D$1048576,4,FALSE) -> 100.845 | I7: =H7/G7-1 -> 0.049703341 | J7: =VLOOKUP(B7,Data!$F$3:$I$1048576,4,FALSE)/100 -> 1.2633 | K7: 2 | L7: 0.042 | M7: 46181 | N7: 0.04 | O7: Semestrielle | P7: Poche garantie : Remboursement de 70% du capital au bout de 3 mois avec un coupon de 2.10% Garanti sur 100% du nominal distribué au bout de 3 mois / Rappel anticipé à 100% x 30% du nominal + i x 4.00% x 30% du nominal si la performance de l’indice est supérieure ou égale à 0% à une des dates de constatation semestrielle à partir du S4 | Q7: =1500000 -> 1500000 | R7: 0.0175
A8: Athena Rendement HY Juin 2021 | B8: XS2120989905 | C8: SG | D8: 44354 | E8: 48015 | F8: Euro Evolution | G8: 96.07 | H8: =VLOOKUP(A8,Data!$A$3:$D$1048576,4,FALSE) -> 100.845 | I8: =H8/G8-1 -> 0.049703341 | J8: =VLOOKUP(B8,Data!$F$3:$I$1048576,4,FALSE)/100 -> 0.9946 | K8: 4 | L8: - | M8: 46181 | N8: 0.04 | O8: Annuelle | P8: Coupons : 4,00% garantt de l'année 1 à 4 versé à échéance puis coupon de 4% par an versé en cas de rappel + coupon d'attente de 2% de l'année 5 à 10 si la performance de l’indice est inférieure à -10% aux dates de constatations annuelles Rappel automatique anticipé : Rappel possible à partir de l'année 5 si la performance du sous-jacent est supérieur à -10% Protection du capital : jusqu'à une baisse de -50% du sous-jacent à échéance
A9: Duo Mix CERA Athena Juin 2021 | B9: XS2314078986 | C9: SG | D9: 44358 | E9: 48743 | F9: Euro Evolution | G9: 97.1 | H9: =VLOOKUP(A9,Data!$A$3:$D$1048576,4,FALSE) -> 100.845 | I9: =H9/G9-1 -> 0.038568486 | J9: =VLOOKUP(B9,Data!$F$3:$I$1048576,4,FALSE)/100 -> 1.2828 | K9: 2 | L9: 0.054 | M9: 46184 | N9: 0.044 | O9: Semestrielle | P9: Poche garantie : Remboursement de 60% du capital au bout de 3 ans avec un coupon de 1.80% Garanti sur 100% du nominal distribué en année 1, 2 et 3 / Rappel anticipé à 100% x 40% du nominal + i x 4.40% x 40% du nominal (i.e. 400€ par part) si la performance de l’indice est supérieure ou égale à 0% à une des dates de constatation semestrielle à partir du Semestre 6 | Q9: =505000 -> 505000 | R9: 0.0175
A10: Rendement Juin 2021 | B10: FR0014002AE2 | C10: SG | D10: 44362 | E10: 48752 | F10: Euro Evolution | G10: 98.17 | H10: =VLOOKUP(A10,Data!$A$3:$D$1048576,4,FALSE) -> 100.845 | I10: =H10/G10-1 -> 0.02724865 | J10: =VLOOKUP(B10,Data!$F$3:$I$1048576,4,FALSE)/100 -> 1.1647 | K10: 4 | L10: 0.18 | M10: 46096 | N10: 0.01 | O10: Trimestre | P10: Coupon de 1.10% par trimestre écoulée en cas de rappel anticipé (soit 4.40% par an) / Coupon Garanti de 1% versé chaque trimestre des trimestres 1 à 24 / Clause de rappel anticipé : si la Performance du fonds est positive ou nulle aux dates de constatation trimestrielle à partir du T4 | Q10: =1000000 -> 1000000 | R10: 0.03
A11: Duo mix DP Juin 2021 | B11: XS2314010245 | C11: SG | D11: 44377 | E11: 48760 | F11: Euro Evolution | G11: 99.63 | H11: =VLOOKUP(A10,Data!$A$3:$D$1048576,4,FALSE) -> 100.845 | I11: =H11/G11-1 -> 0.012195122 | J11: =VLOOKUP(B11,Data!$F$3:$I$1048576,4,FALSE)/100 -> 1.1185 | K11: 2 | L11: 0.021 | M11: 46111 | N11: 0.03 | O11: Trimestrielle | P11: Poche garantie : Remboursement de 70% du capital (i.e 700€par part) avec un coupon de 2.10% Garanti sur 100% du nominal (soit 3.00% sur 70%) Coupon conditionnel : 3.00% par semestre écoulé en cas de rappel anticipé Rappel anticipé : Si la performance de l'indice est positive ou nulle à l'une des dates de constatation semestrielle à partir du S4 À maturité: Riqsue de perte partielle ou total si la performance du sous-jacent est inférieure à 50% de son niveau initial | Q11: 750000
A12: Athena Duo Mix YOLEVA | B12: XS2314056826 | C12: SG | D12: 44377 | E12: 48750 | F12: Euro Evolution | G12: 97.76 | H12: =VLOOKUP(A12,Data!$A$3:$D$1048576,4,FALSE) -> 100.845 | I12: =H12/G12-1 -> 0.031556874 | J12: =VLOOKUP(B12,Data!$F$3:$I$1048576,4,FALSE)/100 -> 1.2696 | K12: 2 | L12: 0.054 | M12: 46191 | N12: 0.044 | O12: Semestrielle | P12: Poche garantie : Remboursement de 60% du capital au bout de 3 ans avec un coupon de 1.80% Garanti sur 100% du nominal distribué en année 1, 2 et 3 / Rappel anticipé à 100% x 40% du nominal + i x 4.40% x40% du nominal si la performance de l’indice est supérieure ou égale à 0% à une des dates de constatation semestrielle à partir du S6 | Q12: =550000 -> 550000 | R12: 0.03
A13: Duo Mix Athena Aout 2021 | B13: FR0014003IU9 | C13: SG | D13: 44414 | E13: 48799 | F13: Euro Evolution | G13: 107.34 | H13: =VLOOKUP(A13,Data!$A$3:$D$1048576,4,FALSE) -> 100.845 | I13: =H13/G13-1 -> -0.060508664 | J13: =VLOOKUP(B13,Data!$F$3:$I$1048576,4,FALSE)/100 -> 0.9738 | K13: 2 | L13: 0.021 | M13: 46240 | N13: 0.03 | O13: semestrielle | P13: Poche garantie : Remboursement de 70% du capital avec un coupon de 2.10% Garanti sur 100% du nominal / Rappel anticipé à 100% x 30% du nominal + i x 3% x 30% du nominal si la performance de l’indice est supérieure ou égale à 0% à une des dates de constatation semestrielle à partir du S3 | Q13: =200000 -> 200000 | R13: 0.02
A14: Duo Mix Phoenix WP Aout 2021 | B14: XS2313830429 | C14: SG | D14: 44419 | E14: 48809 | F14: Euro Evolution | G14: 108.86 | H14: =VLOOKUP(A14,Data!$A$3:$D$1048576,4,FALSE) -> 100.845 | I14: =H14/G14-1 -> -0.073626676 | J14: =VLOOKUP(B14,Data!$F$3:$I$1048576,4,FALSE)/100 -> 0.8589 | K14: 3 | L14: 0.12 | M14: 46245 | N14: 0.05 | O14: Annuelle | P14: Poche garantie : Remboursement de 50% du capital avec un coupon de 1.50% Garanti payé en année 1, 2 et 3 sur 100% du nominal / Chaque année, un coupon d’attente de 5.00% x 50% du nominal est versé si la performance de l’indice est supérieure à -20% aux dates de constatation annuelle, Un effet mémoire permettra de toucher les coupons d’attente non versés les années précédentes si la performance de l’indice est supérieure à -20% aux dates de constatation annuelle | Q14: =800000 -> 800000 | R14: 0.0175
A15: Dailycall Aout 2021 | B15: FR0014003539 | C15: SG | D15: 44424 | E15: 48807 | F15: Euro Evolution | G15: 108.99 | H15: =VLOOKUP(A15,Data!$A$3:$D$1048576,4,FALSE) -> 100.845 | I15: =H15/G15-1 -> -0.074731627 | J15: =VLOOKUP(B15,Data!$F$3:$I$1048576,4,FALSE)/100 -> 1.2307 | K15: 5 | L15: - | M15: 48807 | N15: 0.11 | O15: Quotidienne | P15: Rappel anticipé à 100% + 11.00 % par an (prorata temporis) si la performance de l’indice est supérieure ou égale à 0% depuis l’origine à une des dates de constatation quotidiennes à partir de la fin de l’année 1, Effet oxygène à maturité jusqu’à une baisse de -20% | Q15: =1404471+713000 -> 2117471 | R15: 0.03
A16: Evolution 2021 | B16: FR0014003VH9 | C16: SG | D16: 44428 | E16: 48813 | F16: Euro Evolution | G16: 108.84 | H16: =VLOOKUP(A16,Data!$A$3:$D$1048576,4,FALSE) -> 100.845 | I16: =H16/G16-1 -> -0.07345645 | J16: =VLOOKUP(B16,Data!$F$3:$I$1048576,4,FALSE)/100 -> 1.3435 | K16: 5 | L16: - | M16: 46101 | N16: 0.012 | O16: Mensuelle | P16: Coupon de 1.20% par mois et 14.40% par an en cas de rappel anticipé, Clause de rappel anticipé => Performance de l’indice positive ou nulle aux dates de constatation mensuelles , Coupon de 172.8% à maturité si la Performance de l’indice est supérieure ou égale à -20% | Q16: =203000 -> 203000 | R16: 0.03
A17: Duo Mix FPH Septembre 2021 | B17: XS2348007282 | C17: SG | D17: 44448 | E17: 48831 | F17: Euro Evolution | G17: 108.97 | H17: =VLOOKUP(A17,Data!$A$3:$D$1048576,4,FALSE) -> 100.845 | I17: =H17/G17-1 -> -0.074561806 | J17: =VLOOKUP(B17,Data!$F$3:$I$1048576,4,FALSE)/100 -> 0.8269 | K17: 3 | L17: 0.156 | M17: 46274 | N17: 0.037 | O17: Annuelle | P17: Remboursement de 50% du capital (i.e 500€ par part) en année 3, avec un coupon de 1.50% Garanti payé en année 1, 2 et 3 sur 100% du nominal, Chaque année, un coupon d’attente de 3.70%% x 50% du nominal (i.e 500€ par part) est versé si la performance de l’indice est supérieure à -20% aux dates de constatation annuelle, Un effet mémoire permettra de toucher les coupons d’attente non versés les années précédentes si la performance de l’indice est supérieure à -20% aux dates de constatation annuelle | Q17: =8200000+1800000 -> 10000000 | R17: 0.0175
A18: Duo Mix Athena Octobre 2021 | B18: FR0014005EI8 | C18: SG | D18: 44498 | E18: 48883 | F18: Euro Evolution | G18: 105.2 | H18: =VLOOKUP(A18,Data!$A$3:$D$1048576,4,FALSE) -> 100.845 | I18: =H18/G18-1 -> -0.041397338 | J18: =VLOOKUP(B18,Data!$F$3:$I$1048576,4,FALSE)/100 -> 0.9476 | K18: 2 | L18: 0.021 | M18: 46141 | N18: 0.02 | O18: semestrielle | P18: Remboursement de 70% du capital (i.e 700€ par part) au bout de 3 mois avec un coupon de 2.10% Garanti sur 100% du nominal distribué le 20/01/2022, Rappel anticipé à 100% x 30% du nominal + i x 2.00% x30% du nominal (i.e 300€ par part) si la performance de l’indice est supérieure ou égale à 0% à une des dates de constatation semestrielle à partir du S4 | Q18: =200000 -> 200000 | R18: 0.0072
A19: Rendement Octobre 2021 | B19: FR0014004CX4 | C19: SG | D19: 44498 | E19: 48883 | F19: Euro Evolution | G19: 105.2 | H19: =VLOOKUP(A19,Data!$A$3:$D$1048576,4,FALSE) -> 100.845 | I19: =H19/G19-1 -> -0.041397338 | J19: =VLOOKUP(B19,Data!$F$3:$I$1048576,4,FALSE)/100 -> 1.0399 | K19: 4 | L19: 0.09 | M19: 46141 | N19: 0.0325 | O19: semestrielle | P19: Coupon de 3.25% par semestre écoulée en cas de rappel anticipé, Coupon Garanti de 1.50% versé chaque semestre des semestres 1 à 8 (en plus du coupon de rappel et si le produit n’a pas été rappelé par anticipation les années précédentes),Clause de rappel anticipé => Performance du fonds positive ou nulle aux dates de constatation semestrielle à partir du S2 | Q19: =143441+350000 -> 493441 | R19: 0.03
A20: Duo Mix CE Quadrant Novembre 2021 | B20: XS2379063659 | C20: SG | D20: 44529 | E20: 48919 | F20: SOLYS-Quadrant Europe | G20: 98.17 | H20: =VLOOKUP(A20,Data!$A$3:$D$1048576,4,FALSE) -> 83.8643 | I20: =H20/G20-1 -> -0.14572374 | J20: =VLOOKUP(B20,Data!$F$3:$I$1048576,4,FALSE)/100 -> 0.6766 | K20: 2 | L20: 0.021 | M20: 46171 | N20: 0.02 | O20: semestrielle | P20: Remboursement de 70% du capital (i.e 700€ par part) au bout de 6 mois avec un coupon de 2.10% Garanti sur 100% du nominal distribué au bout de 6 mois, Rappel anticipé à 100% x 30% du nominal + i x 2.00% x 30% du nominal (i.e 300€ par part) si la performance du sous-jacent est supérieure ou égale à 0% à une des dates de constatation semestrielle à partir du S4 | Q20: =500000 -> 500000 | R20: 0.0175
A21: Phoenix Semestriel HOOD Décembre 2021 | B21: XS2378803311 | C21: SG | D21: 44530 | E21: 48920 | F21: SOLYS-Quadrant Europe | G21: 97.08 | H21: =VLOOKUP(A21,Data!$A$3:$D$1048576,4,FALSE) -> 83.8643 | I21: =H21/G21-1 -> -0.13613206 | J21: =VLOOKUP(B21,Data!$F$3:$I$1048576,4,FALSE)/100 -> 0.7773 | K21: 4 | L21: =18.9%+2.7% -> 0.216 | M21: 46174 | N21: 0.027 | O21: semestrielle | P21: Chaque semestre, un coupon de 2.70% p.s (soit 5.40% p.a) est versé si la performance de l’indice est supérieure ou égale à -30% aux dates de constatation semestrielles, Un effet mémoire permettra de toucher les coupons d’attente non versés les semestres précédents si la performance est supérieure ou égale à -30% aux dates de constatation semestrielles, Rappel anticipé à 100% (en plus du coupon de 2.70%) si la performance de l’indice est supérieure ou égale à 0% à une des dates de constatation semestrielles | Q21: =540000 -> 540000 | R21: 0.025
A22: Dailycall Décembre 2021 | B22: FR0014005UY1 | C22: SG | D22: 44547 | E22: 48932 | F22: Euro Evolution | G22: 108.44 | H22: =VLOOKUP(A22,Data!$A$3:$D$1048576,4,FALSE) -> 100.845 | I22: =H22/G22-1 -> -0.070038731 | J22: =VLOOKUP(B22,Data!$F$3:$I$1048576,4,FALSE)/100 -> 1.1758 | K22: 5 | L22: - | M22: Daily | N22: 10,00% p.a | O22: Quotidienne | P22: Clause de rappel anticipé => Un coupon conditionnel de 10,00% par an est distribué (prorata temporis) si le sous-jacent est observé à un niveau suppérieur ou égale à 0% à l'issue du 12ème mois. Le produit peut être rappelé par anticipation à partir du 19 décembre 2022 si le sous-jacent est observé à un niveau supérieur ou égale à 0%. Pas de garantie en capital à maturité si la baisse au terme est supérieur à -50% (attention => risque perte de 100% du capital) À maturité, effet oxygène jusuqu'à une baisse de 20% du sous-jacent par rapport à son niveau initial. | Q22: =50000+45000 -> 95000
A23: Duo Mix Athena Quadrant VV Janvier 2022 | B23: XS2378876978 | C23: SG | D23: 44573 | E23: 48949 | F23: SOLYS-Quadrant Europe | G23: 98.48 | H23: =VLOOKUP(A23,Data!$A$3:$D$1048576,4,FALSE) -> 83.8643 | I23: =H23/G23-1 -> -0.14841288 | J23: =VLOOKUP(B23,Data!$F$3:$I$1048576,4,FALSE)/100 -> 0.6593 | K23: 2 | L23: 0.0231 | M23: 46215 | N23: 0.02 | O23: semestrielle | P23: Remboursement de 70% du capital (i.e 700€ par part) au bout de 3 ans avec un coupon de 0.77% Garanti sur 100% du nominal distribué chaque année pendant 3, Rappel anticipé à 100% x 30% du nominal + i x 2.00% x 30% du nominal (i.e 300€ par part) si la performance du sous-jacent est supérieure ou égale à 0% à une des dates de constatation semestrielle à partir du S4 | Q23: =1000000 -> 1000000 | R23: 0.0175
A24: DUO MIX AMFAUST Janvier 2022 | B24: XS2379073963 | C24: SG | D24: 44587 | E24: 48970 | F24: SOLYS-Quadrant Europe | G24: 93.51 | H24: =VLOOKUP(A24,Data!$A$3:$D$1048576,4,FALSE) -> 83.8643 | I24: =H24/G24-1 -> -0.10315153 | J24: =VLOOKUP(B24,Data!$F$3:$I$1048576,4,FALSE)/100 -> 0.7349 | K24: 3 | L24: 0.135 | M24: 46413 | N24: 0.05 | O24: Annuelle | P24: Remboursement de 50% du capital (i.e 500€ par part) au bout de 3 ans, avec un coupon de 1.50% Garanti payé en année 1, 2 et 3 sur 100% du nominal, Chaque année, un coupon d’attente de 5.00% x 50% du nominal (i.e 500€ par part) est versé si la performance de l’indice est supérieure à -20% aux dates de constatation annuelle, Un effet mémoire permettra de toucher les coupons d’attente non versés les années précédentes si la performance de l’indice est supérieure à -20% aux dates de constatation annuelle | Q24: =1500000 -> 1500000
A25: iTraxx Main S36 Mars 2022 | B25: XS2123759347 | C25: BNP | D25: 44629 | E25: 46377 | F25: iTraxx Main S36 | G25: en fonction du nombre de défauts | I25: - | J25: =VLOOKUP(B25,Data!$F$3:$I$1048576,4,FALSE)/100 -> 1.0066 | K25: 2 | L25: 0.1208 | M25: 46394 | N25: 0.043 | O25: Annuelle | P25: Coupon 4.30% garanti chaque année, First Short Pas de garantie en capital : l’investisseur commence à perdre à compter du cinquième défaut et perd tout à compter du huitième déf | Q25: =500000 -> 500000
A26: CLN Générali Sénior Avril 2022 | B26: FR0014009XE9 | C26: BNP | D26: 44679 | E26: 48399 | F26: - | G26: - | I26: - | J26: =VLOOKUP(B26,Data!$F$3:$I$1048576,4,FALSE)/100 -> 0.9632 | L26: 0.0635 | M26: 46207 | N26: entre 1,8% et 5% | O26: annuelle | P26: coupon Payé annuellement à terme échu, le 5 juillet de chaque année à partir du 5 juillet 2023, en l’absence d’Événement de Crédit sur l’Entité de Référence, sur une base 30/360 non ajustée. | Q26: =2000000 -> 2000000
A27: CLN Société Générale Sub Juillet 2022 | B27: FR001400BEX1 | C27: BNP | D27: 44742 | E27: 46573 | F27: - | G27: - | I27: - | J27: =VLOOKUP(B27,Data!$F$3:$I$1048576,4,FALSE)/100 -> 1.0118 | K27: 1 | L27: 0.0604 | M27: 46208 | N27: entre 3% et 5% par an | O27: annuelle | P27: Coupon de la valeur du CMS10Y cappé à 5% et flooré à 3% | Q27: =1000000 -> 1000000
A28: Duo Mix The Pink | B28: XS2476596924 | C28: SG | D28: 44778 | E28: 49163 | F28: SOLYS - LFDE International Selection | G28: 84.35 | H28: =VLOOKUP(A28,Data!$A$3:$D$1048576,4,FALSE) -> 81.6655 | I28: =H28/G28-1 -> -0.031825726 | J28: =VLOOKUP(B28,Data!$F$3:$I$1048576,4,FALSE)/100 -> 0.773 | K28: 2 | L28: 0.018 | M28: 46232 | N28: 0.03 | O28: Anuelle | P28: Poche garantie : Remboursement au bout de 3 mois de 90% du capital avec un coupon de 1,80% Garanti sur 100% du nominal (i.e 2,00% sur 90% du capital). Rappel anticipé à 100% x 10% du nominal + i x 3,00% x 10% du nominal si la performance de l’indice est supérieure ou égale à 0% à une des dates de constatation semestrielle à partir de l'année 4 (05 août 2026). Protection capital : perte en capital si la baisse de l’indice au terme est supérieure à -50% | Q28: =35000000 -> 35000000
A30: Digit Mémoire Septembre 2022 | B30: XS2508134652 | C30: SG | D30: 44833 | E30: 49216 | F30: SOLYS - LFDE International Selection | G30: 76.1529 | H30: =VLOOKUP(A28,Data!$A$3:$D$1048576,4,FALSE) -> 81.6655 | I30: =H30/G30-1 -> 0.072388576 | J30: =VLOOKUP(B30,Data!$F$3:$I$1048576,4,FALSE)/100 -> 1.0338 | K30: 2 | L30: 0.129 | M30: 46294 | N30: 0.0645 | O30: Annuelle | P30: Coupon de 6.45% par an est versé si la performance de l’indice est supérieure ou égale à -10% aux dates de constatation annuelles Effet mémoire permettra de toucher les coupons d’attente non versés les années précédentes si la performance est supérieure ou égale à -10% aux dates de constatation annuelles A l’échéance : le capital est garanti à 100% | Q30: =1200000 -> 1200000
A31: Duo Mix 90/10 MD Novembre 2022 | B31: XS2508349342 | C31: SG | D31: 44874 | E31: 49257 | F31: SOLYS - LFDE International Selection | G31: 79.61 | H31: =VLOOKUP(A31,Data!$A$3:$D$1048576,4,FALSE) -> 81.6655 | I31: =H31/G31-1 -> 0.025819621 | J31: =VLOOKUP(B31,Data!$F$3:$I$1048576,4,FALSE)/100 -> 0.9641 | K31: 2 | L31: 0.018 | M31: 46335 | N31: 0.078 | O31: Annuelle | P31: Poche garantie : Remboursement de 90% du capital (i.e 900€par part) avec un coupon de 1,80% Garanti sur 100% du nominal (soit 2.00% sur 90%) Coupon conditionnel : 7,80% par année écoulé en cas de rappel anticipé Rappel anticipé : Si la performance de l'indice est positive ou nulle à l'une des dates de constatation annuelle à partir de l'année 4 À maturité: Riqsue de perte partielle ou total si la performance du sous-jacent est inférieure à 50% de son niveau initial | Q31: =3300000 -> 3300000
A32: CLN CA Sub Novembre 2022 | B32: FRSG000133U4 | C32: SG | D32: 44875 | E32: 46762 | F32: - | G32: - | H32: - | I32: - | J32: =VLOOKUP(B32,Data!$F$3:$I$1048576,4,FALSE)/100 -> 1.0071 | K32: 1 | L32: 0.172 | M32: 46397 | N32: 0.043 | O32: annuelle | P32: coupon Le 10 janvier de chaque année à compter du 10 janvier 2023 (inclus) juqu'à la date d'échéance prévue (incluse) | Q32: =500000 -> 500000
A33: CLN SG Sub CSJL Novembre 2022 | B33: XS2442988932 | C33: BNP | D33: 44875 | E33: 46573 | F33: - | G33: - | H33: - | I33: - | J33: =VLOOKUP(B33,Data!$F$3:$I$1048576,4,FALSE)/100 -> 1.0136 | K33: 3 | L33: 0.0529 | M33: 46208 | N33: entre 3,20% et 5% | O33: annuelle | P33: coupon Payé annuellement à partir du 5 Juillet 2023 | Q33: =1500000 -> 1500000
A34: CLN Generali Sub Novembre 2022 | B34: FRSG000133V2 | C34: SG | D34: 44875 | E34: 46762 | F34: - | G34: - | H34: - | I34: - | J34: =VLOOKUP(B34,Data!$F$3:$I$1048576,4,FALSE)/100 -> 1.0105 | K34: 3 | L34: 0.18 | M34: 46397 | N34: 0.045 | O34: annuelle | P34: coupon Le 10 janvier de chaque année à compter du 10 janvier 2023 (inclus) juqu'à la date d'échéance prévue (incluse) | Q34: =500000 -> 500000
A35: CLN BBVA Sub Novembre 2022 | B35: FRSG000133T6 | C35: SG | D35: 44875 | E35: 46762 | F35: - | G35: - | H35: - | I35: - | J35: =VLOOKUP(B35,Data!$F$3:$I$1048576,4,FALSE)/100 -> 1.0201 | K35: 1 | L35: 0.2 | M35: 46397 | N35: 0.05 | O35: annuelle | P35: coupon Le 10 janvier de chaque année à compter du 10 janvier 2023 (inclus) juqu'à la date d'échéance prévue (incluse) | Q35: =700000 -> 700000
A36: Digit Memoire Montauroux Novembre 2022 | B36: XS2508348880 | C36: SG | D36: 44879 | E36: 47071 | F36: SOLYS - LFDE International Selection | G36: 82.0877 | H36: =VLOOKUP(A31,Data!$A$3:$D$1048576,4,FALSE) -> 81.6655 | I36: =H36/G36-1 -> -0.0051432797 | J36: =VLOOKUP(B36,Data!$F$3:$I$1048576,4,FALSE)/100 -> 1.0174 | K36: 2 | L36: 0.106 | M36: 46342 | N36: 0.053 | O36: Annuelle | P36: Coupon de 5.30% par an est versé si la performance de l’indice est supérieure ou égale à 0% aux dates de constatation annuelles Effet mémoire permettra de toucher les coupons d’attente non versés les années précédentes si la performance est supérieure ou égale à 0% aux dates de constatations annuelles A l’échéance : le capital est garanti à 100% | Q36: =500000 -> 500000
A38: CLN Itraxx Serie 38 DAN Février 2023 | B38: XS2482750812 | C38: GS | D38: 44966 | E38: 46741 | F38: - | G38: - | H38: - | I38: - | J38: =VLOOKUP(B38,Data!$F$3:$I$1048576,4,FALSE)/100 -> 1.0336 | K38: 5 | L38: 0.11 | M38: 46741 | N38: 0.055 | O38: Annuelle | P38: Coupons : 5,50% par an payé in fine en l'absence d'événement de crédit Protection du capital : 100% si aucun événement de crédit n'est survenue sur l'entité de référence à aucun moment durant la durée de vie du produit | Q38: =1000000 -> 1000000
A39: Rendement EuroStoxx 50 3Y | B39: FR001400DJY4 | C39: BNP | D39: 44985 | E39: 46083 | F39: Euro STOXX 50 | G39: 4238.38 | H39: =VLOOKUP(A39,Data!$A$3:$D$1048576,4,FALSE) -> 6138.41 | I39: =H39/G39-1 -> 0.44829156 | J39: =VLOOKUP(B39,Data!$F$3:$I$1048576,4,FALSE)/100 -> 1.0369 | K39: 1 | L39: 0.086 | M39: 46083 | N39: 0.043 | O39: Anuelle | P39: Pas de rappel anticipé Coupon garanti de 4.30% par an Protection du capital : Pas de garantie en capital si la baisse au terme est supérieure à -60% (attention => risque de perte de 100% du capital) | Q39: =69928 -> 69928
A40: iTraxx Main Serie 38 Mars 2023 | B40: XS2484625749 | C40: BNP | D40: 44999 | E40: 46758 | F40: - | G40: - | H40: - | I40: - | J40: =VLOOKUP(B40,Data!$F$3:$I$1048576,4,FALSE)/100 -> 1.0254 | K40: 2 | L40: 0.162 | M40: 46393 | N40: 0.054 | O40: annuelle | P40: capital à risque : point d'attachement à 4,00% (soit 5évènement de crédits), point de détachement à 7,20% soit 9 évènements de crédit. Autrement dit : - 1 à 5 évènement de crédit : capital garanti à 100% - 6 évènements de crédit perte de 25% du capital investi - 7 évènements de crédit perte de 50% du capital investi - 8 évènements de crédit perte de 75% du capital investi - 9 évènements de crédit perte de 100% du capital investi | Q40: =300000 -> 300000
A41: Rendement Euro Stoxx 50 Mars 2023 | B41: FR001400EHF5 | C41: GS | D41: 45016 | E41: 46484 | F41: Euro Stoxx 50 | G41: 4315.05 | H41: =VLOOKUP(A41,Data!$A$3:$D$1048576,4,FALSE) -> 6138.41 | I41: =H41/G41-1 -> 0.42255826 | J41: =VLOOKUP(B41,Data!$F$3:$I$1048576,4,FALSE)/100 -> 1.0397 | K41: 1 | L41: 0.085 | M41: 46477 | N41: 0.0425 | O41: Annuelle | P41: Coupons de 4,25 % les années 1 à 4 garantis (soit 17,00 %) Pas de rappel anticipé Pas de garantie en capital à maturité si la baisse au terme est supérieur à -65% (attention => risque perte de 100% du capital) | Q41: =2492716+1500000 -> 3992716
A42: Athena Rendement Juin 2023 | B42: FR001400I5V0 | C42: SG | D42: 45092 | E42: 48745 | F42: Zephyr Europe | G42: 84.34 | H42: =VLOOKUP(A42,Data!$A$3:$D$1048576,4,FALSE) -> 101.2955 | I42: =H42/G42-1 -> 0.20103747 | J42: =VLOOKUP(B42,Data!$F$3:$I$1048576,4,FALSE)/100 -> 1.0401 | K42: 4 | L42: 0.06 | M42: 46188 | N42: 0.06 | O42: Annuelle | P42: Coupons de 6% les années 1 à 3 garantis ; Gain conditionnel de 6% par année écoulée depuis l'année 3. Rappel anticipé : Le produit peut être rappelé par anticipation à partir du 15 Juin 2027 si le sous-jacent est observé à un niveau supérieur ou égale à 0%. Protection du capital : Pas de garantie en capital à maturité si la baisse au terme est supérieur à -50% (attention => risque perte de 100% du capital) À maturité : effet oxygène jusuqu'à une baisse de 10% du sous-jacent par rapport à son niveau initial. | Q42: =820000 -> 820000
A43: Duo Mix Carmignac CM Juin 2023 | B43: XS2627462323 | C43: SG | D43: 45107 | E43: 49492 | F43: Carmignac Equity Selection | G43: 85.47 | H43: 83.57 | I43: =H43/G43-1 -> -0.022230022 | J43: =VLOOKUP(B43,Data!$F$3:$I$1048576,4,FALSE)/100 -> 0.8788 | K43: 2 | L43: 0.052 | M43: 46419 | N43: 0.025 | O43: Semetrielles | P43: Poche garantie : Remboursement de 80% du capital (i.e 800€ par part) : •26.7% poche cash qui paye au bout de 1 an 5.20% flat sur 80% du capital le 08/07/2024 remboursé 26.7% + 4.16% •26.7% poche cash qui paye au bout de 2 ans 5.20% flat sur 53.3% du capital le 07/07/2025 remboursé 26.7% + 2.77% •26.6% poche cash qui paye au bout de 3 ans 5.20% flat sur 26.6% du capital le 07/07/2026 remboursé 26.6% + 1.39% Rappel anticipé à 100% x 20% du nominal (en plus du coupon) si la performance de l’indice est supérieure ou égale à 0% à une des dates de constatation annuelle à partir du semestre 6 Coupon de rappel = 2.5% par semestre écoulé (soit 5% par an) Effet oxygène à maturité jusqu’à une baisse de -20% Perte en capital si la baisse de l’indice au terme est supérieure à -50% (attention => risque de perte de 100% du capital) | Q43: =750000 -> 750000
A44: Maupiti Juillet 2023 | B44: FR001400HE76 | C44: BNP | D44: 45120 | E44: 46947 | F44: 125 Entités de Référence de l’indice iTraxx® Europe série 39 | G44: - | H44: - | I44: - | J44: 1.0625 | K44: 3 | L44: 0.057 | M44: 46216 | N44: 0.057 | O44: Annuelle | P44: Coupons de 5,70% par an garantis ; Le capital n’est pas impacté jusqu’à 4 Evènements de Crédit. En revanche la perte en capital sera de 20 % par Evènement de Crédit à partir du 5ème Evènement de Crédit. Au 9ème Evènement de Crédit, la perte en capital est totale. | Q44: =151602 -> 151602
A45: Rendement Euro Stoxx 50 Juillet 2023 | B45: FRSG00013MR2 | C45: SG | D45: 45138 | E45: 46589 | F45: Euro Stoxx 50 | G45: 4471.31 | H45: =VLOOKUP(A45,Data!$A$3:$D$1048576,4,FALSE) -> 6138.41 | I45: =H45/G45-1 -> 0.37284375 | J45: =VLOOKUP(B45,Data!$F$3:$I$1048576,4,FALSE)/100 -> 1.0255 | K45: 1 | L45: 0.0425 | M45: 46224 | N45: 0.0425 | O45: Annuelle | P45: Coupons de 4,25 % les années 1 à 4 garantis et payés in fine (soit 17,00 %) Pas de rappel anticipé A maturité : pas de garantie en capital à maturité si la baisse au terme est supérieur à -61% (attention => risque perte de 100% du capital) | Q45: =515000 -> 515000
A46: Horizon Callable Octobre 2023 | B46: FR001400J6D5 | C46: SG | D46: 45209 | E46: 48862 | F46: Taux | G46: - | H46: - | I46: - | J46: =VLOOKUP(B46,Data!$F$3:$I$1048576,4,FALSE)/100 -> 1.1004 | K46: 1 | L46: - | M46: 48869 | N46: 0.048 | O46: in fine | P46: Coupons : 4,80% par année écoulée payés in fine Rappel automatique anticipé : callable tous les ans à partir de l'année 3 Protection du capital : A l’échéance, le capital est garanti à 100% | Q46: =791472+200000 -> 991472
A47: Maupiti Finese Novembre 2023 | B47: XS2656179301 | C47: BNP | D47: 45250 | E47: 47856 | F47: - | G47: - | H47: - | I47: - | J47: =Data!I95/100 -> 1.0405 | K47: 2 | L47: 0.06 | M47: 47856 | N47: 0.06 | O47: Annuelle | P47: Coupons : 6,00% par an payé in fine en l'absence d'événement de crédit Protection du capital : 100% si aucun événement de crédit n'est survenue sur l'entité de référence à aucun moment durant la durée de vie du produit | Q47: =500000 -> 500000
A48: Rendement Décembre 2023 | B48: FR1459AB1280 | C48: GS | D48: 45280 | E48: 47107 | F48: Morningstar Eurozone 30 Basic Resources, Banks and Energy Decrement 50 Point Index GR EUR | G48: 902.48 | H48: =VLOOKUP(A48,Data!$A$3:$D$1048576,4,FALSE) -> 1561.577 | I48: =H48/G48-1 -> 0.73031757 | J48: =VLOOKUP(B48,Data!$F$3:$I$1048576,4,FALSE)/100 -> 1.1523 | K48: 4 | L48: - | M48: 47107 | N48: 0.061 | O48: In fine | P48: Coupons : 6,10% payés in fine soit 30,50% Rappel anticipé : pas de rappel anticipé Protection du capital : A l’échéance, le capital est protégé jusqu'à une baisse de 70% | Q48: =24146+800000 -> 824146
A49: EuroStoxx 50 Décembre 2023 | B49: FR001400L5H4 | C49: BNP | D49: 45289 | E49: 47116 | F49: EURO STOXX 50 | G49: 4521.65 | H49: =VLOOKUP(A49,Data!$A$3:$D$1048576,4,FALSE) -> 6138.41 | I49: =H49/G49-1 -> 0.35755974 | J49: =VLOOKUP(B49,Data!$F$3:$I$1048576,4,FALSE)/100 -> 1.0194 | K49: 1 | L49: 0.045 | M49: 47116 | N49: 0.045 | O49: annuelle | P49: Coupons : 4,50% garanti par an Rappel anticipé : callable tous les ans à partir de l'année 3 Protection du capital : A l’échéance, le capital est protégé jusqu'à une baisse de 64% | Q49: =500000 -> 500000
A50: Perspective Mars 2024 | B50: FR001400M7W8 | C50: SG | D50: 45371 | E50: 49754 | F50: - | G50: - | H50: - | I50: - | J50: =VLOOKUP(B50,Data!$F$3:$I$1048576,4,FALSE)/100 -> 1.0828 | K50: 1 | L50: - | M50: 49754 | N50: 0.05 | O50: annuelle | P50: Coupons : 5,00% par année écoulée payés in fine Rappel automatique anticipé : callable tous les ans à partir de l'année 1 Protection du capital : A l’échéance, le capital est garanti à 100% | Q50: =1879000+350000+305000 -> 2534000
A51: Maupiti Avril 2024 | B51: FR001400N9Z6 | C51: BNP | D51: 45391 | E51: 47107 | F51: ITRAXX EUROPE SERIES 40 VERSION 1 | G51: - | H51: =VLOOKUP(A51,Data!$A$3:$D$1048576,4,FALSE) -> 2498.647 | I51: - | J51: =VLOOKUP(B51,Data!$F$3:$I$1048576,4,FALSE)/100 -> 1.0067 | K51: 4 | L51: - | M51: 47115 | N51: 0.057 | O51: annuelle | P51: Coupons : 5,70% par an ; Le capital n’est pas impacté jusqu’à 3 Evènements de Crédit. En revanche la perte en capital sera de 20 % par Evènement de Crédit à partir du 4ème Evènement de Crédit. Au 8ème Evènement de Crédit, la perte en capital est totale. | Q51: =223532+1400000 -> 1623532
A52: Tremplin Mai 2024 | B52: FR001400NWJ7 | C52: BNP | D52: 45443 | E52: 49825 | F52: CMS 30Y - EUR CMS 5Y | G52: - | H52: - | I52: - | J52: =VLOOKUP(B52,Data!$F$3:$I$1048576,4,FALSE)/100 -> 1.026 | K52: 1 | L52: 0.05 | M52: 46171 | N52: 0.05 | O52: annuelle | P52: Coupons : Coupons garantis de 5,00% en année 1 et 2 puis coupons de 5,00% par an si la différence entre le CMS 30 et le CMS 5 ans et positive Rappel anticipé : possible tous les ans, au gré de l'émetteur à partir du 30/05/2025 Protection du capital : capital garanti | Q52: =773000+1000000 -> 1773000
A53: Callable Taux Fixe DS Juin 2024 | B53: FRSG00030819 | C53: SG | D53: 45464 | E53: 49849 | F53: - | G53: - | H53: - | I53: - | J53: =VLOOKUP(Tableau4[[#This Row],[Code ISIN]],Data!F:I,4,FALSE) -> - | K53: 1 | L53: - | M53: 49849 | N53: 0.045 | O53: annuelle | P53: Coupons : 4,50% par année écoulée payés au moment du rappel par l'émetteur ou à maturité Rappel automatique anticipé : callable tous les ans à partir de l'année 1 Protection du capital : A l’échéance, le capital est garanti à 100% | Q53: =781061+1394000 -> 2175061
A54: Trimestriel International Selection Juin 2024 | B54: FR001400Q7Z7 | C54: SG | D54: 45471 | E54: 49856 | F54: SOLYS - LFDE International Selection | G54: 88.0349 | H54: =VLOOKUP(Tableau4[[#This Row],[Nom Commercial]],Data!A:D,4,FALSE) -> 81.6655 | I54: =(H54-G54)/G54 -> -0.072350852 | J54: =VLOOKUP(B54,Data!$F$3:$I$1048576,4,FALSE)/100 -> 0.8235 | K54: 5 | L54: - | M54: 46111 | N54: 0.0325 | O54: Trimestrielle | P54: Coupon de 13.00% par an (soit 3.25% p.t) en cas de rappel anticipé si la performance du fonds est supérieure ou égale à 0% à une des dates de constatation trimestrielles à partir du T6. Effet oxygène à maturité jusqu’à une baisse de -20% A maturité : Pas de garantie en capital si la baisse au terme est supérieure à -50% | Q54: =150800+1100000 -> 1250800
A55: Trimestriel International Selection Novembre 2024 | B55: FR001400RH55 | C55: SG | D55: 45482 | E55: 49996 | F55: SOLYS - LFDE International Selection | G55: 83.68 | H55: =VLOOKUP(Tableau4[[#This Row],[Nom Commercial]],Data!A:D,4,FALSE) -> 81.6655 | I55: =(H55-G55)/G55 -> -0.024073853 | J55: =VLOOKUP(B55,Data!$F$3:$I$1048576,4,FALSE)/100 -> 0.9004 | K55: 5 | L55: 0.0275 | M55: 46157 | N55: 0.0275 | O55: Trimestrielle | P55: Coupon de 11.00% par an (soit 2.75% p.t) en cas de rappel anticipé si la performance du fonds est supérieure ou égale à 0% à une des dates de constatation trimestrielles à partir du T6. Effet oxygène à maturité jusqu’à une baisse de -20% A maturité : Pas de garantie en capital si la baisse au terme est supérieure à -50% | Q55: =428496+1602000 -> 2030496
A56: Tremplin 2 2024 | B56: FR001400QVG8 | C56: BNP | D56: 45611 | E56: 49994 | F56: CMS 30Y - EUR CMS 5Y | G56: - | H56: - | I56: - | J56: =VLOOKUP(B56,Data!$F$3:$I$1048576,4,FALSE)/100 -> 0.9892 | K56: 1 | L56: 0.05 | M56: 46341 | N56: 0.05 | O56: annuelle | P56: Coupons : Coupons garantis de 5,00% en année 1 et 2 puis coupons de 5,00% par an si la différence entre le CMS 30 et le CMS 5 ans et positive Rappel anticipé : possible tous les ans, au gré de l'émetteur à partir du 15/11/2025 Protection du capital : capital garanti | Q56: =602883+348000 -> 950883
A57: Phoenix Mémoire Dégressif Allegro Décembre 2024 | B57: FR001400TSV7 | C57: SG | D57: 45642 | E57: 50032 | F57: Allegro Transatlantic | G57: 91.8 | H57: =VLOOKUP(Tableau4[[#This Row],[Nom Commercial]],Data!A:D,4,FALSE) -> 82.5175 | I57: =(H57-G57)/G57 -> -0.10111656 | J57: =VLOOKUP(B57,Data!$F$3:$I$1048576,4,FALSE)/100 -> 0.8507 | K57: 6 | L57: - | M57: 46372 | N57: 0.07 | O57: annuelle | P57: Coupons : 7,00% par an Rappel automatique anticipé : Possible chaque année à partir de l’année 1 si la performance du sous-jacent est supérieur à la barrière dégressive Protection du capital : A l’échéance, le capital est protégé jusqu'à une baisse de 50% Barrière dégressive : Année 1: 100%; Année 2: 95%; Année 3: 90%; Année 4: 85%; Année 5: 80%; Année 6: 75%; Année 7: 70%; Année 8: 65%; Année 9 à 12: 60% | Q57: =500000 -> 500000
A58: Phoenix CMS BM Décembre 2024 | B58: FR001400U207 | C58: BNP | D58: 45645 | E58: 50026 | F58: EUR CMS 10Y | G58: - | H58: =VLOOKUP(Tableau4[[#This Row],[Nom Commercial]],Data!A:D,4,FALSE) -> 2.67005 | I58: - | J58: =VLOOKUP(B58,Data!$F$3:$I$1048576,4,FALSE)/100 -> 0.8798 | K58: 1 | L58: - | M58: 46373 | N58: 0.05 | O58: annuelle | P58: Coupons : 5,00% par an si EUR CMS 10Y est plus petit que 2,80% Rappel automatique anticipé : possible à partir du 17/12/2025 dès lors que l'EUR CMS 10Y est inférieur ou égal à 2,50% Protection du capital : KG | Q58: =800000 -> 800000
A59: Trimestriel Allegro Janvier 2025 | B59: FR001400TKH3 | C59: SG | D59: 45688 | E59: 50080 | F59: Allegro Transatlantic | G59: 95.47 | H59: =VLOOKUP(Tableau4[[#This Row],[Nom Commercial]],Data!A:D,4,FALSE) -> 82.5175 | I59: =(H59-G59)/G59 -> -0.13567089 | J59: =VLOOKUP(B59,Data!$F$3:$I$1048576,4,FALSE)/100 -> 0.7778 | K59: 5 | L59: - | M59: 46146 | N59: 0.0375 | O59: Trimestrielle | P59: Coupons : 3,75% par trimestre écoulé (15% par année écoulée) Rappel automatique anticipé : Possible chaque trimestre à partir de la fin du trimestre 4, si le niveau du sous-jacent est supérieur ou égal à son niveau initial Protection du capital : A l’échéance, le capital est protégé jusqu'à une baisse de 50% Effet oxygène : Distribution des gains jusqu’à une baisse du sous-jacent de -20 % à l’échéance | Q59: 547932 | R59: 0.03
A60: Mensuel Dégressif Monde février 2025 | B60: FR001400TW54 | C60: Natixis | D60: 45716 | E60: 49368 | F60: iEdge ESG Transatlantic EW 20 Decrement 50 Points GTR Index® | G60: 957.35 | H60: =VLOOKUP(A60,Data!$A$3:$D$1048576,4,FALSE) -> 984.063 | I60: =(H60-G60)/G60 -> 0.027903066 | J60: =VLOOKUP(B60,Data!$F$3:$I$1048576,4,FALSE)/100 -> 1.0806 | K60: 5 | L60: - | M60: 46083 | N60: 0.675% | O60: Mensuelle | P60: Chaque mois à partir de la fin de la première année, le produit pourra être remboursé par anticipation si le niveau du sous-jacent est supérieur ou égal au niveau de rappel anticipé dégressif (100% au M12 puis -0.20% par mois jusqu’à -20%=> rappel flooré à ce niveau) et paiera un coupon de 0.675 %par mois écoulé (8.10% par an) - A maturité, si le mécanisme de remboursement automatique anticipé n’a pas été précédemment activé, on observe le niveau de clôture de l’Indice par rapport à son Niveau Initial. • Si le niveau de clôture de l’Indice est supérieur ou égal à 80,00% de son Niveau Initial, l’investisseur recevra l’intégralité du capital initial et paiera un coupon de 81,00% • Si le niveau de clôture de l’Indice est strictement inférieur à 80,00% de son Niveau Initial mais supérieur ou égal à 50,00 % de son Niveau Initial, l’investisseur recevra l’intégralité du capital initial • Si le niveau de clôture de l’Indice est strictement inférieur à 50,00 % de son Niveau Initial, l’investisseur recevra le capital initial diminué de la performance négative de l’Indice | Q60: 149168 | R60: 0.025
A61: CLN Callable Février 2025 | B61: FR001400USY9 | C61: SG | D61: 45716 | E61: 49319 | F61: BNP Subordonnée | G61: - | I61: - | J61: =VLOOKUP(B61,Data!$F$3:$I$1048576,4,FALSE)/100 -> 0.919 | K61: 4 | L61: 0.049 | M61: 46446 | N61: 4.90% | O61: Annuelle | P61: Coupons : 4,90% par an payé in fine en l'absence d'événement de crédit Rappel automatique anticipé : Rappel au gré de l'émetteur possible tous les ans à l'issue de l'année 1 à 9 Protection du capital : 100% si aucun événement de crédit n'est survenue sur l'entité de référence à aucun moment durant la durée de vie du produit | Q61: 1750000 | R61: 0.02
A62: Digit CMS HBP Mai 2025 | B62: FR001400Y7E2 | C62: SG | D62: 45792 | E62: 50175 | F62: EUR CMS 10Y | G62: - | I62: - | J62: - | K62: 2 | L62: - | M62: 46517 | N62: 0.054 | O62: Annuelle | P62: Coupon de 5.40% par an est versé si la performance de le EUR CMS 10Y est inférieur à 4% a constatation annuelle A l’échéance : le capital est garanti à 100% | Q62: 1862000 | R62: 0.015
A63: Phoenix Mémoire Dégressif Allegro Mai 2025 | B63: XS3011504159 | C63: SG | D63: 45799 | E63: 50182 | F63: Allegro Transatlantic | G63: 74.54 | H63: =VLOOKUP(A63,Data!$A$3:$D$1048576,4,FALSE) -> 82.5175 | I63: =(H63-G63)/G63 -> 0.10702307 | J63: =VLOOKUP(B63,Data!$F$3:$I$1048576,4,FALSE)/100 -> 0.9539 | K63: 4 | L63: - | M63: 46532 | N63: 0.08 | O63: Annuelle | P63: Coupons : 8,00% par an Rappel automatique anticipé : Possible chaque année à partir de l’année 1 si la performance du sous-jacent est supérieur à la barrière dégressive Protection du capital : A l’échéance, le capital est protégé jusqu'à une baisse de 50% Barrière dégressive : dégressivité de -5% par an à partir 15/05/2026 | Q63: 750000 | R63: 0.025
A64: Trimestriel International Selection Juin 2025 | B64: FR001400Y282 | C64: SG | D64: 45824 | E64: 50214 | F64: SOLYS - LFDE International Selection | G64: 75.9 | H64: =VLOOKUP(A64,Data!$A$3:$D$1048576,4,FALSE) -> 81.6655 | I64: =(H64-G64)/G64 -> 0.075961792 | J64: 0.9913 | K64: 5 | L64: - | M64: 46281 | N64: 0.0375 | O64: Trimestrielle | P64: Coupon de 15,00% par an (soit 3.75% p.t) en cas de rappel anticipé si la performance du fonds est supérieure ou égale à 0% à une des dates de constatation trimestrielles à partir du T6. Effet oxygène à maturité jusqu’à une baisse de -20% A maturité : Pas de garantie en capital si la baisse au terme est supérieure à -50% | Q64: 870157 | R64: 0.03
A65: Phoenix Mémoire Dégressif LFDE Juillet 2025 | B65: FRSG00016IV5 | C65: SG | D65: 45863 | E65: 50255 | F65: SOLYS - LFDE International Selection | G65: 76.6719 | H65: =VLOOKUP(A65,Data!$A$3:$D$1048576,4,FALSE) -> 81.6655 | I65: =(H65-G65)/G65 -> 0.065129467 | J65: =VLOOKUP(B65,Data!$F$3:$I$1048576,4,FALSE)/100 -> 0.9691 | K65: 4 | L65: - | M65: 46230 | N65: 0.082 | O65: Annuelle | P65: Coupon de 8,20% par an si la performance du sous-jacent est supérieure ou égale à -40% (effet mémoire). Rappel automatique anticipé : Peut survenir à l'issue de l'année 1 si la performance du sous-jacent est supérieure ou égale à la barrière dégressive (-4% par an) | Q65: 600000 | R65: 0.025
A66: Horizon CMS Juillet 2025 | B66: FR001400YZC2 | C66: BNP | D66: 45769 | E66: 50232 | F66: EUR CMS 10Y | G66: - | H66: 2.725 | I66: - | J66: =VLOOKUP(B66,Data!$F$3:$I$1048576,4,FALSE)/100 -> 0.9575 | K66: 1 | L66: - | M66: 46214 | N66: 0.051 | O66: Annuelle | P66: Coupon en année 1: 5,10% par an Années 2 à 12: 5,10% si EUR CMS 10Y est plus petit que 4,00% par an Remboursement anticipé possible chaque année au gré de l'émetteur | Q66: 1550000 | R66: 0.015
A67: Daily Dégressif Europe Juillet 2025 | B67: FR1459AB8475 | C67: GS | D67: 45859 | E67: 49513 | F67: Morningstar Eurozone 50 Decrement 50 Point GR EUR | G67: 867.384 | H67: =VLOOKUP(A67,Data!$A$3:$D$1048576,4,FALSE) -> 974.2303 | I67: =(H67-G67)/G67 -> 0.12318224 | J67: =VLOOKUP(B67,Data!$F$3:$I$1048576,4,FALSE)/100 -> 1.0463 | K67: 5 | L67: - | M67: 46224 | N67: 0.09 | O67: Quotidienne | P67: Coupon : 9,00% par an versé in fine Rappel anticipé : possible chaque année à partir de la fin de la première année, selon la barrière dégressive de 100% jusqu'au 19/05/2026 puis dégressivité de -2,50% par annéee jusqu'à un niveau minimum de -20% | Q67: 500000 | R67: 0.025
A68: Phoenix Mémoire Dégressif Allegro Mars 2025 | B68: XS2971091207 | C68: SG | D68: 45723 | E68: 50115 | F68: Allegro Transatlantic | G68: 86.088 | H68: =VLOOKUP(A68,Data!$A$3:$D$1048576,4,FALSE) -> 82.5175 | I68: =(H68-G68)/G68 -> -0.041475002 | J68: =VLOOKUP(B68,Data!$F$3:$I$1048576,4,FALSE)/100 -> 0.9455 | K68: 5 | L68: - | M68: 46090 | N68: 0.08 | O68: Annuelle | P68: Coupon de 8,00% par an si la performance du sous-jacent est supérieure ou égale à -40% (effet mémoire). Rappel automatique anticipé : Peut survenir à l'issue de l'année 1 si la performance du sous-jacent est supérieure ou égale à la barrière dégressive (-5% par an) | Q68: 385000 | R68: 0.025
A69: CLN BNP Paribas Sub Avril 2025 | B69: FR001400YLP4 | C69: Natixis | D69: 45764 | E69: 51124 | F69: - | G69: - | H69: - | I69: - | J69: 0.8902 | K69: 3 | L69: - | M69: 46376 | N69: 0.047 | O69: Annuelle | P69: 4,70% par an payable annuellement à terme échu en l'absence d'évènement de crédit | Q69: 900000 | R69: 0.015
A70: Maupiti Mai 2025 | B70: XS2999208791 | C70: BNP | D70: 45789 | E70: 47668 | F70: - | G70: - | H70: - | I70: - | J70: =VLOOKUP(B70,Data!$F$3:$I$1048576,4,FALSE)/100 -> 1.0279 | K70: 3 | L70: - | M70: 46207 | N70: 0.059 | O70: Annuelle | P70: 5,90% par an payable annuellement à terme échu en l'absence d'évènement de crédit | Q70: 1300000 | R70: 0.025
A71: Phoenix mémoire dégressif souveraineté Novembre 2025 | B71: SGIN | C71: SG | D71: 45989 | E71: 50374 | F71: LFDE Sov | G71: 89.09 | J71: 107.24% | K71: 4 | L71: - | M71: 46356 | N71: 0.08 | O71: Annuelle | P71: 8,00% par an distribué si le sous-jacent ne subit pas une perte de plus de 30% par rapport à son niveau initial Rappel anticipé possible à l'issue de l'année 1 si le sous-jacente st supérieur à son niveau initial
A72: Daily Degressif Novembre 2025 | B72: FR1459AB9234 | C72: GS | D72: 45973 | E72: 50356 | F72: Morningstar Eurozone 50 Decrement 50 Point GR EUR | G72: 928.06 | H72: =VLOOKUP(A72,Data!$A$3:$D$1048576,4,FALSE) -> 974.2303 | I72: =(H72-G72)/G72 -> 0.049749262 | J72: =VLOOKUP(B72,Data!$F$3:$I$1048576,4,FALSE)/100 -> 0.9933 | K72: 5 | M72: 46338 | N72: 0.09 | O72: Daily | P72: Gain: 9,00 par an 0,02466% par jour écoulé si supérieur à barrière dégressive de remboursement anticipé Rappel anticipé à partir de l'année 1 puis chaque jour avec dégressivité de -2,50% par an pour atteindre 75% à maturité
A73: Horizon Novembre 2025 | B73: FR00140121N8 | C73: BNP | D73: 45981 | E73: 50364 | F73: EUR CMS 10Y | G73: - | H73: =VLOOKUP(A73,Data!$A$3:$D$1048576,4,FALSE) -> 2.708 | J73: =VLOOKUP(B73,Data!$F$3:$I$1048576,4,FALSE)/100 -> 0.9347 | K73: 1 | M73: 46344 | N73: 0.051 | O73: Annuelle | P73: Phoenix Bearish annuel Coupon garanti en année 1 Coupon: Si EUR CMS 10Y < 4,00% par an pour année 2 à 12 payé in fine Rappel anticipé à l'issue de l'année 1
A74: Horizon CMS Juillet 2025 | B74: FR001400YZC2 | C74: BNP | D74: 45849 | E74: 50232 | F74: EUR CMS 10Y | G74: - | H74: 2.725 | J74: =VLOOKUP(B74,Data!$F$3:$I$1048576,4,FALSE)/100 -> 0.9575 | K74: 1 | M74: 46214 | N74: 0.051 | O74: Annuelle | P74: Phoenix Bearish annuel Coupon garanti en année 1 Coupon: Si EUR CMS 10Y < 4,00% par an pour année 2 à 12 payé in fine Rappel anticipé à l'issue de l'année 2
A75: Duo Mix International Selection Novembre 2025 | B75: XS3217806523 | C75: SG | D75: 45981 | E75: 50374 | F75: SOLYS - LFDE International Selection | G75: 73.57 | H75: =VLOOKUP(A75,Data!$A$3:$D$1048576,4,FALSE) -> 81.6655 | I75: =(H75-G75)/G75 -> 0.11003806 | J75: 0.9898 | K75: 2 | M75: 46163 | N75: 5,00% garanti | O75: Semestrielle | P75: Un remboursement de 70% du capital initial, majoré d’un gain fixe de 5%(1) flat sur 70% du capital initialement investi au bout de 6 mois. • À partir du semestre 4 si, à l'une des dates de constatation semestrielle de remboursement anticipé, le niveau du fonds sous-jacent est supérieur ou égal à son niveau observé à la date de constatation initiale, l'investisseur perçoit le capital initialement investi dans la Poche à Taux Conditionnel majoré d'un gain de 4%(1) par semestre écoulé (calculé sur les 30 % investis dans cette poche). • À l’échéance des 12 ans si, à la date de constatation finale, le niveau du fonds sous-jacent est supérieur ou égal à 75% de son niveau observé à la date de constatation initiale, l'investisseur perçoit le capital initialement investi dans la Poche à Taux Conditionnel majoré d'un gain de 96%(1) sur cette même poche. • Un remboursement du capital initialement investi dans la Poche à Taux Conditionnel à l'échéance des 12 ans si, à la date de constatation
A87: Duo Mix Protel Avril 2021 | B87: 46133 | C87: -0.020964085
A88: Duo Mix Athena Avril 2021 | B88: 46149 | C88: -0.026020236
A89: Duo Mix OVE Juin 2021 | B89: 46181 | C89: -0.03808473
A90: Athena Rendement HY Juin 2021 | B90: 46181 | C90: -0.03808473
A91: Duo Mix CERA Athena Juin 2021 | B91: 46184 | C91: -0.048288363
A92: Rendement Juin 2021 | B92: 46096 | C92: -0.058661506
A93: Athena Duo Mix YOLEVA | B93: 46191 | C93: -0.054713584
A94: Duo Mix Athena DEVEYE Septembre 2022 | B94: 46089 | C94: 0.075042118
A95: Rendement SV Janvier 2023 | B95: 46052 | C95: 0.42499158
A96: Rendement Euro Stoxx 50 Mars 2023 | B96: 46121 | C96: 0.37279753
A97: Athena Rendement Juin 2023 | B97: 46188 | C97: 0.081285274
A98: Trimestriel International Selection Novembre 2024 | B98: 46157 | C98: -0.054612811
... A103: Duo Mix International Selection Novembre 2025 | B103: 46163 | C103: 0.075333696

Sheet Feuil1

Sheet EMTN DS IS rappelés
A1: Nom du produit | B1: Code ISIN | C1: Emetteur | D1: Date d'observation initiale | E1: Date d'observation finale | F1: Indice de référence Lien hypertexte | G1: Strike au lancement | H1: SRI | I1: Coupon conditionné | J1: Caractéristiques | K1: Type de constatation | L1: Up Front | M1: Rappel anticipé | N1: Gain constaté
A2: Phoenix Eurostoxx Mai 2018 | B2: FR0013322385 | C2: NATIXIS | D2: 43251 | E2: 46904 | F2: Euro Stoxx 50 | G2: 3406.65 | H2: 5 | I2: 0.06 | J2: Barrière de coupon de années 1 à 10 à partir du 15/10/2018 = 75% -barrière rappel = 100% Année 10 : barrière rappel = 75% sans effet mémoire Protection capital jusqu'à baisse de -40% | K2: Annuelle | L2: 0.025 | M2: 43616 | N2: 0.06
A3: Daystoxx Août 2019 | B3: FR0013420999 | C3: SG | D3: 43693 | E3: 47346 | F3: SBF Top 80 EW Decrement | G3: 945.63 | H3: 5 | I3: 0.1 | J3: Constatation quotidienne à partir du 17/08/2020 | K3: Quotidienne | L3: 0.025 | M3: 44151 | N3: 0.12548
A4: Daystoxx Mars 2019 | B4: FR0013378932 | C4: SG | D4: 43553 | E4: 47206 | F4: SBF Top 80 EW Decrement | G4: 950.85 | H4: 5 | I4: 0.085 | J4: Constatation quotidienne à partir du 22 mai 2021 | K4: Quotidienne | L4: - | M4: 44159 | N4: 0.1411
A5: Daystoxx Juin 2019 | B5: FR0013401452 | C5: SG | D5: 43630 | E5: 47290 | F5: SBF Top 80 EW Decrement | G5: 965.26 | H5: 5 | I5: 0.1 | J5: Constatation quotidienne à partir du 15/06/2020 | K5: Quotidienne | L5: 0.025 | M5: 44162 | N5: 0.1466
A6: Daystoxx Octobre 2019 | B6: FR0013433216 | C6: GS | D6: 43769 | E6: 47422 | F6: Euronext CDP Environment France EW Decrement 5% | G6: 1026.34 | H6: 4 | I6: 0.095 | J6: Constatation quotidienne à partir du 31/10/2020 | K6: Quotidienne | L6: 0.025 | M6: 44252 | N6: 0.1255
A7: Phoenix Bank Protel mars 2020 | B7: FRSG000112G7 | C7: SG | D7: 43910 | E7: 47562 | F7: SX7E | G7: 54.01 | H7: 5 | I7: 0.063 | J7: Chaque année, un coupon de 6.30% est versé si la performance de l’indice est supérieur ou égal à -40% inclus aux dates de constatation annuelles, Un effet mémoire permettra de toucher les coupons d’attente non versés les années précédentes si la performance de l’indice est supérieur ou égal à -40% inclus à une date de constatation annuelle. | K7: Annuelle | L7: 0.02 | M7: 44277 | N7: 0.1
A8: Oxycall Mars 2019 | B8: FR0013378940 | C8: SG | D8: 43553 | E8: 47938 | F8: SBF Top 80 EW Decrement | G8: 955.44 | H8: 5 | I8: 0.083 | J8: Barrière de rappel de année 1 à 11 à partir du 30/03/2020 : 100% Année 12 : barrière rappel = 70% Protection capital jusqu'à baisse de - 40% | K8: Annuelle | L8: - | M8: 44284 | N8: 0.166
A9: PGP Rendement Mars 2019 | B9: FR0013379195 | C9: BNP | D9: 43553 | E9: 47938 | F9: Solactive France 40 Equal Weight NTR 5% AR | G9: 968.64 | H9: 4 | I9: 0.04 | J9: 3% versés chaque année x 6 ans Ssi pas remboursé + 4% lors du remboursement avec effet mémoire Protection K à 40% | K9: Annuelle | M9: 44284 | N9: 0.11
A10: Daystoxx Mars 2020 | B10: FR0013464419 | C10: GS | D10: 43921 | E10: 48311 | F10: Euronext CDP Environment France EW Decrement 5% | G10: 722.21 | H10: 4 | J10: Coupon de 9.40% par année (au pro rata temporis) écoulée si le sous-jacent fixe au-dessus de100% (avec effet mémoire) | K10: Quotidienne | L10: 0.03 | M10: 44286 | N10: 0.0942
A11: Rendement Plus France Mars 2018 | B11: FR0013305091 | C11: SG | D11: 43203 | E11: 46853 | F11: SBF Top 80 EW Decrement | G11: 1035.5 | H11: 4 | I11: 0.065 | J11: Coupon de 2.50% par année écoulée en cas de rappel anticipé, Coupon Garanti de 4% versé chaque année des années 1 à 5 | K11: Annuelle | L11: 0.025 | M11: 44292 | N11: 0.115
A12: Daystoxx Décembre 2019 | B12: FR0013455227 | C12: SG | D12: 43830 | E12: 48213 | F12: EURONEXT® EURO 50 ESG EW DECREMENT 50 POINTS | G12: 1066.78 | H12: 5 | I12: 0.096 | J12: Constatation quotidienne à partir du 31/12/2020 | K12: Quotidienne | L12: 0.025 | M12: 44292 | N12: 0.1231
A13: Phoenix Bank CE Avril 2020 | B13: FRSG00011504 | C13: SG | D13: 43935 | E13: 47588 | F13: SX7E | G13: 54.55 | H13: 5 | I13: 0.06 | J13: Chaque année, un coupon d’attente de 6.00% est versé si la performance de l’indice est supérieure à -30 aux dates de constatation annuelle, Un effet mémoire permettra de toucher les coupons d’attente non versés les années précédentes si la performance de l’indice est supérieure à -30 aux dates de constatation annuelle | K13: Annuelle | L13: 0.025 | M13: 44300 | N13: 0.06
A14: Phoenix Eurostoxx Avril 2019 | B14: FR0013383536 | C14: NATIXIS | D14: 43570 | E14: 47224 | F14: Euro Stoxx 50 | G14: 3450.46 | H14: 5 | I14: 0.04 | J14: Barrière de coupon de années 1 à 10 à partir du 15/10/2018 = 80% -barrière rappel = 100% Année 10 : barrière rappel = 80% sans effet mémoire Protection capital jusqu'à baisse de - 40% | K14: Annuelle | L14: - | M14: 44301 | N14: 0.06
A15: Oxycall Juin 2019 | B15: FR0013399193 | C15: SG | D15: 43630 | E15: 48015 | F15: SBF Top 80 EW Decrement | G15: 965.26 | H15: 5 | I15: 0.08 | J15: Barrière de rappel de année 1 à 11 à partir du 15/06/2020 : 100% Année 12 : barrière rappel = 70% Protection capital jusqu'à baisse de - 40% | K15: Annuelle | L15: 0.035 | M15: 44361 | N15: 0.16
A16: PGP Rendement Juin 2019 | B16: FR0013399326 | C16: BNP | D16: 43633 | E16: 48016 | F16: Solactive France 40 Equal Weight NTR 5% AR | G16: 984.66 | H16: 4 | I16: 0.04 | J16: 3% versés chaque année x 6 ans Ssi pas remboursé + 4% lors du remboursement avec effet mémoire Protection K à 40% | K16: Annuelle | L16: 0.035 | M16: 44364 | N16: 0.11
A17: Phoenix EV | B17: FRSG00010B78 | C17: SG | D17: 43643 | E17: 47296 | F17: SBF Top 80 EW Decrement | G17: 981.01 | H17: 5 | I17: 0.04 | J17: Barrière de coupon de années 1 à 9 à partir du 29/06/2020 = 100% avec effet mémoire Barrière rappel = 70% Année 10 sans effet mémoire Protection capital jusqu'à baisse de - 50% | K17: Annuelle | L17: 0.02 | M17: 44375 | N17: 0.04
A18: Daystoxx Juin 2020 | B18: FR0013488707 | C18: SG | D18: 44012 | E18: 48395 | F18: EURONEXT® EURO 50 ESG EW DECREMENT 50 POINTS | G18: 907.59 | H18: 5 | I18: 0.09 | J18: Constatation quotidienne à partir du 30/06/2021 | K18: Quotidienne | L18: 0.03 | M18: 44377 | N18: 0.09
A19: Evolution 2020 | B19: FR0013507597 | C19: SG | D19: 44018 | E19: 48408 | F19: Euro Evolution | G19: 86.02 | H19: 4 | I19: 0.096 | K19: Trimestre | L19: 0.03 | M19: 44383 | N19: 0.2
A20: Evolution Gresel Juillet 2020 | B20: XS2174759618 | C20: SG | D20: 44032 | E20: 48422 | F20: Euro Evolution | G20: 87.18 | H20: 5 | J20: Coupon de 4.30% par trimestre en cas de rappel anticipé | K20: Trimestre | L20: 0.03 | M20: 44397 | N20: 0.172
A21: Phoenix Eurostoxx Juillet 2019 | B21: FR0013413861 | C21: NATIXIS | D21: 43672 | E21: 46960 | F21: Euro Stoxx 50 | G21: 3524.47 | H21: 4 | I21: 0.04 | J21: Barrière de coupon de années 1 à 10 à partir du 15/10/2018 = 80% Barrière rappel = 100% Année 10 : barrière rappel = 80% sans effet mémoire Protection capital jusqu'à baisse de - 50% | K21: Annuelle | L21: 0.025 | M21: 44403 | N21: 0.06
A22: Phoenix OVE | B22: FRSG00010CT5 | C22: SG | D22: 43679 | E22: 47332 | F22: SBF Top 80 EW Decrement | G22: 971.2 | H22: 4 | I22: 0.04 | J22: Barrière de coupon de années 1 à 9 à partir du 29/06/2020 =60% avec effet mémoire Barrière rappel = 70% Année 10 sans effet mémoire Protection capital jusqu'à baisse de -40% | K22: Annuelle | L22: 0.02 | M22: 44410 | N22: 0.04
A23: Oxycall Août 2018 | B23: FR0013334257 | C23: SG | D23: 43326 | E23: 47702 | F23: SBF Top 80 EW Decrement | G23: 1042.98 | H23: 5 | I23: 0.081 | J23: Barrière de rappel de année 1 à 11 à partir du 07/08/2019: 100% - Année 12 : barrière rappel =60% - Protection capital jusqu'à baisse de - 40% | K23: Annuelle | L23: - | M23: 44417 | N23: 0.243
A24: PGP Rendement Août 2019 OVE | B24: FR0013422375 | C24: BNP | D24: 43693 | E24: 48092 | F24: Solactive France 40 Equal Weight NTR 5% AR | G24: 968.24 | H24: 4 | I24: 0.04 | J24: 3% versés chaque année x 6 ans Ssi pas remboursé + 4% lors du remboursement avec effet mémoire Protection K à 40% | K24: Annuelle | L24: 0.035 | M24: 44424 | N24: 0.11
A25: Daystoxx TERRA Décembre 2020 | B25: XS2236141243 | C25: SG | D25: 44193 | E25: 48576 | F25: Euro Evolution | G25: 88.54 | H25: 5 | J25: Rappel anticipé à 100% + 9.00 % par an (prorata temporis) si la performance de l’indice est supérieure ou égale à 0% depuis l’origine à une des dates de constatation quotidiennes à partir de la fin du M9 | K25: Quotidienne | L25: 0.03 | M25: 44467 | N25: 0.06756
A26: PHoenix IAMI | B26: FRSG00010GS8 | C26: SG | D26: 43745 | E26: 47399 | F26: SBFT 50 ESG | G26: 963.78 | H26: 5 | I26: 0.045 | J26: Barrière de coupon de années 1 à 10 à partir du 07/10/2019 = 60% Barrière rappel = 100% Année 10 sans effet mémoire Protection capital jusqu'à baisse de - 40% | K26: Annuelle | L26: 0.02 | M26: 44476 | N26: 0.045
A27: SBF Phoenix 20 Octobre 2017 | B27: FR0013286515 | C27: SG | D27: 43028 | E27: 46673 | F27: SBF Top 80 EW Decrement | G27: 1058.34 | H27: 5 | I27: 0.06 | J27: Barrière de coupon de années 1 à 10 à partir du 15/10/2018 = 80% -barrière rappel = 100% Année 10 : barrière rappel = 80% sans effet mémoire Protection capital jusqu'à baisse de - 50% | K27: Annuelle | L27: - | M27: 44482 | N27: 0.06
A28: Oxycall Octobre 2019 | B28: FR0013435047 | C28: GS | D28: 43769 | E28: 48152 | F28: Euronext CDP Environment France EW Decrement 5% | G28: 1026.34 | H28: 4 | I28: 0.089 | J28: Barrière de rappel de année 1 à 11 à partir du 02/11/2020 : 100% Année 12 : barrière rappel = 70% Protection capital jusqu'à baisse de - 40% | K28: Annuelle | L28: 0.035 | M28: 44501 | N28: 0.178
A29: PGP Rendement octobre 2019 IAMI | B29: FR0013431616 | C29: SG | D29: 43769 | E29: 48159 | F29: Solactive France 40 Equal Weight NTR 5% AR | G29: 953.68 | H29: 4 | I29: 0.045 | J29: 3% versés chaque année x 6 ans Ssi pas remboursé + 4,5% lors du remboursement avec effet mémoire Protection K à 40% | K29: Annuelle | L29: 0.035 | M29: 44501 | N29: 0.12
A30: Phoenix snowball Hood Novembre 2019 | B30: XS2042886742 | C30: SG | D30: 43774 | E30: 47427 | F30: SBF Top 80 EW Decrement | G30: 1019.68 | H30: 5 | I30: 0.04 | J30: Barrière de coupon de années 1 à 10 à partir du 29/06/2020 =70% avec effet mémoire Barrière rappel = 100% Année 1 à10 sans effet mémoire Protection capital jusqu'à baisse de -50% | K30: Annuelle | L30: 0.02 | M30: 44505 | N30: 0.04
A31: Daystoxx 2 Novembre 2016 | B31: FR0013196342 | C31: SG | D31: 42689 | E31: 46335 | F31: Euro iSTOXX EWC 50 | G31: 942.3 | H31: 6 | I31: 0.0525 | J31: Constatation quotidienne à partir du 10 février 2020 | K31: Quotidienne | L31: - | M31: 44508 | N31: 0.05135
A32: Monthly Call Décembre 2020 | B32: FR0014000816 | C32: SG | D32: 44193 | E32: 48576 | F32: Euro iSTOXX EWC 50 | G32: 1035.81 | H32: 5 | J32: Coupon de 8.10% par an soit 0.675% p.m en cas de rappel anticipé, Clause de rappel anticipé => Performance de l’indice positive ou nulle aux dates de constatation mensuelle à partir du M12, Airbag -40% à maturité pour récupérer les coupons | K32: Mensuelle | L32: 0.03 | M32: 44558 | N32: 0.081
A33: Daily Oxygene Décembre 2020 | B33: FR00140006C4 | C33: GS | D33: 44193 | E33: 48583 | F33: S&P Eurozone 30 ESG-Momentum Equal Weight 50-Point Decrement Index | G33: 955.11 | H33: 6 | J33: Coupon de 13.00% par année (au pro rata temporis) écoulée si le sous-jacent fixe au-dessus de100% (avec effet mémoire) Clause de rappel anticipé => Performance de l’indice positive ou nulle aux dates de constatations quotidiennes (non call un an) | M33: 44558 | N33: 0.13
A34: Phoenix Bank Décembre 2019 | B34: XS2059557988 | C34: SG | D34: 43495 | E34: 47485 | F34: SX7E | G34: 93.18 | H34: 5 | I34: 0.0615 | K34: Annuelle | L34: 0.02 | M34: 44592 | N34: 0.0615
A35: Daystoxx 2 Février 2017 | B35: FR0013217387 | C35: SG | D35: 42783 | E35: 46428 | F35: Euro iSTOXX EWC 50 | G35: 1009.23 | H35: 6 | I35: 5,25% de l'année 1 à 4 puis 5,23% annuel | J35: Constatation quotidienne à partir du 10 février 2021 | K35: Annuelle | L35: - | M35: 44602 | N35: 0.0515
A36: Dailycall Mai 2021 | B36: FR00140024C7 | C36: SG | D36: 44330 | E36: 48715 | F36: Euro Evolution | G36: 93.26 | H36: 5 | J36: Rappel anticipé à 100% + 12.00 % par an (prorata temporis) si la performance de l’indice est supérieure ou égale à 0% depuis l’origine à une des dates de constatation quotidiennes à partir de la fin de l’année 1, Effet oxygene à maturité jusqu’à une baisse de -20% | K36: Quotidienne | L36: 0.03 | M36: 44711 | N36: 0.0028
A37: CERA BURAGLIO 2022 | B37: XS1793690873 | C37: BNP | D37: 43297 | E37: 44760 | F37: Euro Stoxx 50 | G37: 3512.31 | H37: 3 | I37: 0.018 | J37: si aux dates de constations annuelles, indice ≥ 80% alors coupon de 1,80% sinon pas de coupon. Garantie du capital à l'échéance | K37: Annuelle | L37: 0.005 | M37: 44760 | N37: -
A38: FIDIS | B38: XS1554312378 | C38: BNP | D38: 42944 | E38: 44770 | F38: Non concerné | H38: 3 | I38: 0.05 | J38: Un objectif de coupon de 5,00 %(1) par an, en l’absence d’événement de crédit(*) sur l’une des huit Entités de Référence (soit un taux de rendement annuel net maximum de 3,95 %) ; le premier événement de crédit survenant sur chacune des Entités de Référence aura pour effet de faire baisser le coupon d’un huitième par rapport au coupon initial ; | K38: Annuelle | L38: - | M38: 44770 | N38: 0.0375
A39: Duo Mix TI Décembre 2020 | B39: XS2236257114 | C39: SG | D39: 44176 | E39: 48561 | F39: SX7E | G39: 86.9 | H39: 2 | J39: Remboursement de 70% du capital (i.e 700€par part) avec un coupon de 1.40% Garanti sur 100% du nominal (i.e 2% sur 70% du capital) - Chaque année, un coupon d’attente de 3.20% x 30% du nominal (i.e 300€ par part) est versé si la performance de l’indice est supérieure à -20 aux dates de constatation annuelle - Un effet mémoire permettra de toucher les coupons d’attente non versés les années précédentes si la performance de l’indice est supérieure à -20 aux dates de constatation annuelle - Rappel anticipé à 100% x 30% du nominal (i.e 300€ par part) (en plus du coupon mémoire) si la performance de l’indice est supérieure ou égale à 0% à une des dates de constatation annuelleà partir de l’année 2 | K39: Annuelle | L39: 0.0275 | M39: 44907 | N39: =3.2%*2 -> 0.064
A40: Daystoxx 2 Mai 2017 | B40: FR0013239266 | C40: SG | D40: 42886 | E40: 46538 | F40: Euro iSTOXX EWC 50 | G40: 1099.45 | H40: 6 | I40: 5,25% de l'année 1 à 4 puis 5,25% annuel | J40: Constatation quotidienne à partir du 22 mai 2021 | K40: Annuelle | L40: 0.02 | M40: 44937 | N40: 0.08604
A41: Daily Oxygene Février 2022 | B41: FR0014006M67 | C41: BNP | D41: 44620 | E41: 49003 | F41: Euro Evolution | G41: 92.46 | H41: 3 | J41: Clause de rappel anticipé => Performance de l’indice supérieure ou égale à 0% à chaque date de constatation quotidienne à partir dès la première année. Coupon de 8.6 % par an si la performance de l’indice est supérieure ou égale à 100% aux dates de constatations quotidiennes, la première année. Airbag -20% à maturité | K41: Annuelle | M41: 44985 | N41: 0.086
A42: Daily Eurostoxx Bank Mars 2022 | B42: XS2355909214 | C42: BNP | D42: 44629 | E42: 46455 | F42: SX7E | G42: 87.26 | H42: 6 | J42: Clause de rappel anticipé => Performance de l’indice supérieure ou égale à 0% à chaque date de constatation quotidienne dès la fin de la 1ère année. Coupon de 5.70 % par an si la performance de l’indice est supérieure ou égale à 0% aux dates de constatations quotidiennes dès la fin de la 1ère année. Pas de garantie en capital si la baisse au terme est supérieure à -50% (attention => risque de perte de 100% du capital) | K42: Quotidienne | L42: 0.0275 | M42: 44994 | N42: 0.057
A43: Athena Rendement Terra Février 2021 | B43: XS2235887788 | C43: SG | D43: 44228 | E43: 47889 | F43: Euro Evolution | G43: 88.94 | H43: 4 | J43: Coupon de 1% par trimestre soit 4% par an en cas de rappel anticipé à partir du T9 (i-8) x 1%, Coupon garanti de 1% par trimestre du T1 au T8, Coupon d’attente de 0.5% par trimestre du T9 au T40 si la performance de l’indice est inférieure à -10% aux dates de constatations trimestrielles du T9 au T40, Clause de rappel anticipé => Performance de l’indice supérieure ou égale à -10% aux dates de constatation annuelles à partir du T9 | M43: 45048 | N43: 0.09
A44: Duo Mix FPH Mai 2021 | B44: XS2278244509 | C44: SG | D44: 44337 | E44: 48722 | F44: Euro Evolution | G44: 95.36 | H44: 2 | I44: 0.03 | J44: Remboursement de 60% du capital (i.e 600€par part) avec un coupon de 2.40% Garanti payé en année 1 et 2 sur 100% du nominal, Chaque année, un coupon d’attente de 3.00% x 40% du nominal (i.e 400€ par part) est versé si la performance de l’indice est supérieure à -20% aux dates de constatation annuelle, Rappel anticipé à 100% x 40% du nominal (i.e 400€ par part) (en plus du coupon mémoire) si la performance de l’indice est supérieure ou égale à 0% à une des dates de constatation annuelle à partir de l’année 2 | K44: Annuelle | L44: 0.0175 | M44: 45061 | N44: 0.072
A45: Oxycall Mai 2022 | B45: FR00140080C9 | C45: SG | D45: 44697 | E45: 49080 | F45: LFDE International Selection | G45: 84.48 | H45: 4 | I45: 9,00% p.a | J45: Clause de rappel anticipé => Un coupon conditionnel de 0,75% par mois (soit 9,00% par an) est distribué si le sous-jacent est observé à un niveau suppérieur ou égale à 0% à l'issue du 12ème mois. Le produit peut être rappelé par anticipation à partir du 16 Mai 2023 si le sous-jacent est observé à un niveau supérieur ou égale à 0%. Pas de garantie en capital à maturité si la baisse au terme est supérieur à -50% (attention => risque perte de 100% du capital) À maturité, effet oxygène jusuqu'à une baisse de 25% du sous-jacent par rapport à son niveau initial. | K45: Mensuelle | M45: 45093 | N45: 0.0975
A46: Duo Mix LP Décembre 2020 | B46: XS2236183831 | C46: SG | D46: 44183 | E46: 48568 | F46: Euro Evolution | G46: 87.74 | H46: 2 | J46: Poche garantie: Remboursement de 70% du capital (i.e 700€par part) avec un coupon de 2.10% Garanti sur 100% du nominal (soit 3.00% sur 70%) Coupon conditionnel: 3.00% par semestre écoulé en cas de rappel anticipé Rappel anticipé: Si la performance de l'indice est positive ou nulle à l'une des dates de constatation semestrielle à partir du S3 À maturité: Riqsue de perte partielle ou total si la performance du sous-jacent est inférieure à 50% de son niveau initial | K46: Semestrielle | L46: 0.025 | M46: 45096 | N46: 0.045
A47: Duo Mix F2C Décembre 2020 | B47: XS2236141672 | C47: SG | D47: 44188 | E47: 48571 | F47: SBF Top 80 EW Decrement | G47: 964.99 | J47: Remboursement de 50% du capital (i.e 500€par part) avec un coupon de 1.50% Garanti sur 100% du nominal, Rappel anticipé à 100% x 30% du nominal + i x 1.50% x30% du nominal (i.e 500€ par part) si la performance de l’indice est supérieure ou égale à 0% à une des dates de constatation semestrielle à partir du S3 | K47: Semestrielle | L47: 0.02 | M47: 45100 | N47: 0.075
A48: Dailycall Mars 2022 | B48: FR0014007CU3 | C48: BNP | D48: 44645 | E48: 49030 | F48: S&P Euro 50 Equal Weight 50 Point Decrement Index (Series 2) (EUR) TR | G48: 886.64 | H48: 7 | J48: Clause de rappel anticipé => Performance de l’indice supérieure ou égale à 0% à chaque date de constatation quotidienne à partir dès la fin du 15ème mois. Coupon de 8.00 % par an si la performance de l’indice est supérieure ou égale à 100% aux dates de constatations quotidiennes, à partir de la fin du 15ème mois. Airbag -20% à maturité Pas de garantie en capital si la baisse au terme est supérieure à -50% (attention => risque de perte de 100% du capital) Projet Reforest’Action : pour 1000 euros investis un arbre planté | K48: Quotidienne | M48: 45107 | N48: 0.10038
A49: Daily Oxygene Juin 2021 | B49: FR0014002AG7 | C49: GS | D49: 44362 | E49: 48752 | F49: S&P-Eurozone-30-ESG-momentum-equal-weight-50 | G49: 1073.32 | H49: 6 | I49: 0.094 | J49: Coupon de 9.40% par année (au pro rata temporis) écoulée si le sous-jacent fixe au-dessus de 100% (avec effet mémoire), Clause de rappel anticipé => Performance de l’indice positive ou nulle aux dates de constatations quotidiennes | K49: Quotidienne | L49: 0.03 | M49: 45138 | N49: 0.1988
A50: Generali Subordonnée Octobre 2018 | B50: XS1853059613 | C50: SG | D50: 43369 | E50: 45301 | F50: Non concerné | H50: 1 | I50: 0.019 | J50: Coupon: 1,90% par an payable tous les 10 janvier à partir du 10/01/2019 jusqu'à la date d'échéance et jusqu'à défaut À maturité: Remboursement de 100% du nominal de chaque titre si il n'y a pas eu de défaut | K50: Annuelle | L50: 0.01 | M50: 45301
A51: Maupiti Mai 2019 | B51: FR0013408523 | C51: SG | D51: 43616 | E51: 45301 | F51: iTraxx Main Serie 30 | G51: Fonction du nombre d'évènements de crédit | H51: 6 | I51: 0.04 | J51: Coupon garanti: 4% par versé le 10 janvier de chaque année à compter du 10 janvier 2020 jusqu'au 10 janvier 2024 inclus À maturité: Perte de 20% du capital par événement de crédt au delà de 3 entité de référence impactés par un événement de crédit. Perte de 100% du capital si 8 entité de référence ou plus ont été impactés ar unn événement de crédit. Si 3 entité ou moins ont été impacté par un événement de crédit, récupération de 100% du capital. | K51: Annuelle | L51: 0.015 | M51: 45301 | N51: 0.2
A52: Trimestriel International Selection Juillet 2022 | B52: FR001400A795 | C52: SG | D52: 44771 | E52: 49156 | F52: SOLYS - LFDE International Selection | G52: 84.8045 | H52: 4 | I52: 15,00% p.a | J52: Coupon conditionnel de 3,75% par trimestre (soit 15,00% par an) est distribué si le sous-jacent est observé à un niveau suppérieur ou égale à 0% à l'issue du 6ème trimestre. Rappel anticipé : Le produit peut être rappelé par anticipation à partir du 05 février 2024 si le sous-jacent est observé à un niveau supérieur ou égale à 0%. Protection capital : Pas de garantie en capital à maturité si la baisse au terme est supérieur à -50% (attention => risque perte de 100% du capital) À maturité : effet oxygène jusuqu'à une baisse de 20% du sous-jacent par rapport à son niveau initial. | K52: Trimestrielle | M52: 45320 | N52: 0.225
A53: Mensuel Sélection Avril 2022 | B53: FR0014007PR1 | C53: SG | D53: 44665 | E53: 49048 | F53: SOLYS - LFDE International Selection | G53: 88.31 | H53: 4 | I53: 10,20% p.a | J53: Clause de rappel anticipé => Un coupon conditionnel de 10,20% par an (soit 0,85% par mois) est distribué si le sous-jacent est observé à un niveau suppérieur ou égale à 0% à l'issue du 12ème mois. Le produit peut être rappelé par anticipation à partir du 14 avril 2023 si le sous-jacent est observé à un niveau supérieur ou égale à 0%. Pas de garantie en capital à maturité si la baisse au terme est supérieur à -50% À maturité, effet oxygène jusuqu'à une baisse de 30% du sous-jacent par rapport à son niveau initial. | K53: Mensuelle | M53: 45336 | N53: 0.187
A54: Daily Oxygène Novembre 2021 | B54: FR0014004MS3 | C54: BNP | D54: 44510 | E54: 48897 | F54: S&P Euro 50 Equal Weight 50 Point Decrement Index (Series 2) (EUR) TR | G54: 1023.28 | H54: 7 | J54: Clause de rappel anticipé => Performance de l’indice supérieure ou égale à 0% à chaque date de constatation quotidienne à partir dès la première année, Coupon de 8.6 % par an si la performance de l’indice est supérieure ou égale à 100% aux dates de constatations quotidiennes, la première année. Airbag -20% à maturité | K54: Quotidienne | L54: 0.03 | M54: 45338 | N54: 0.1951
A55: Eurozone garanti mai 2018 | B55: XS1775842583 | C55: GS | D55: 43251 | E55: 46904 | F55: Solactive Eurozone 50 Equal Weight 5% AR Index- NTR | G55: 87.5 | H55: 2 | I55: 0.035 | J55: Coupon: 3,50% par an en cas de rappel anticipé Rappel anticipé: Performance de l'indice positive ou nulle Protection du capital: 100% capital garanti | K55: Annuelle | L55: 0.025 | M55: 45443 | N55: 0.21
A56: Duo Mix CERA juin 2022 | B56: XS2476314963 | C56: SG | D56: 44713 | E56: 49096 | F56: SOLYS - LFDE International Selection | G56: 85.78 | H56: 2 | I56: 5,60% p.a | J56: Remboursement de 70% du capital avec un coupon de 2.10% Garanti sur 100% du nominal (i.e 3,00% sur 70% du capital) Rappel anticipé à 100% x 30% du nominal + i x 1,40% x 30% du nominal si la performance de l’indice est supérieure ou égale à 0% à une des dates de constatation semestrielle à partir du T8 Perte en capital si la baisse de l’indice au terme est supérieure à -50% | K56: Trimestrielle | M56: 45446 | N56: 13,30% sur 100% du capital
A57: Dailycall SV Mai 2022 | B57: XS2476304576 | C57: SG | D57: 44697 | E57: 49080 | F57: SOLYS - LFDE International Selection | G57: 84.48 | H57: 4 | I57: 20,04% p.a | J57: Clause de rappel anticipé => Un coupon conditionnel de 1,67% par mois est distribué si le sous-jacent est observé à un niveau suppérieur ou égale à 0% à l'issue du 24ème mois. Le produit peut être rappelé par anticipation à partir du 24 juin 2024 si le sous-jacent est observé à un niveau supérieur ou égale à 0%. Pas de garantie en capital à maturité si la baisse au terme est supérieur à -50% | K57: Quotidienne | M57: 45460 | N57: 0.4175
A58: Daily Oxygène Mai 2023 | B58: FR001400FTQ4 | C58: SG | D58: 45061 | E58: 49444 | F58: SOLYS - LFDE International Selection | G58: 84.2369 | H58: 4 | J58: Rappel anticipé à 100% + 0.792% par mois (soit 9.504% p.a.), si la performance de l’indice est supérieure ou égale à 0% depuis l’origine à une des dates de constatation quotidiennes à partir de la fin du 12ème mois (remboursement mensuel : 1er remboursement au Mois 13 = 100% + (0.792%*13), etc.) Effet oxygène à maturité jusqu’à une baisse de -20% Perte en capital si la baisse de l’indice au terme est supérieure à -50% (attention => risque de perte de 100% du capital) | K58: Quotidienne | M58: 45460 | N58: 0.1029
A59: Duo Mix CERA Juillet 2022 | B59: XS2476558676 | C59: SG | D59: 44762 | E59: 49145 | F59: SOLYS - LFDE International Selection | G59: 82.9231 | H59: 2 | J59: Poche garantie : Remboursement de 70% du capital au bout de 6 mois avec un coupon de 2.10% Garanti sur 100% du nominal distribué le 27/01/2023 (i.e 3.00% sur 70% du capital) Rappel anticipé à 100% x 30% du nominal + i x 1.40% x 30% du nominal si la performance de l’indice est supérieure ou égale à 0% à une des dates de constatation trimestrielle à partir du T8 Protection capital : Perte en capital si la baisse de l’indice au terme est supérieure à -50% | K59: Trimestrielle | M59: 45502 | N59: 0.142
A60: Duo Mix International Sélection Juillet 2022 | B60: FR0014009UN6 | C60: SG | D60: 44771 | E60: 48981 | F60: SOLYS - LFDE International Selection | G60: 84.8045 | H60: 2 | J60: Poche garantie : Remboursement de 70% du capital au bout de 3 mois avec un coupon de 2.10% Garanti sur 100% du nominal distribué le 07/11/2022 (i.e 3.00% sur 70% du capital) Rappel anticipé à 100% x 30% du nominal + i x 2.50% x 30% du nominal si la performance de l’indice est supérieure ou égale à 0% à une des dates de constatation semestrielle à partir du S4 Protection capital : Perte en capital si la baisse de l’indice au terme est supérieure à -50% | K60: Semestrielle | M60: 45509 | N60: 0.321
A61: Duo Mix International Sélection Octobre 2022 | B61: FR001400BRE3 | C61: SG | D61: 44862 | E61: 49247 | F61: SOLYS - LFDE International Selection | G61: 79.69 | H61: 2 | J61: Poche garantie : Remboursement de 70% du capital au bout de 3 mois avec un coupon de 2.10% Garanti sur 100% du nominal distribué le 06/02/2023 (i.e 3.00% sur 70% du capital) Rappel anticipé à 100% x 30% du nominal + i x 3.00% x 30% du nominal si la performance de l’indice est supérieure ou égale à 0% à une des dates de constatation semestrielle à partir du S4 Effet oxygène à maturité jusqu’à une baisse de -20% Protection capital : Perte en capital si la baisse de l’indice au terme est supérieure à -50% | K61: Semestrielle | M61: 45593 | N61: 0.321
A62: Daily Artifice Juillet 2023 | B62: FR001400H2V8 | C62: SG | D62: 45121 | E62: 49505 | F62: SOLYS - LFDE International Selection | G62: 84.35 | H62: 5 | I62: 0,02739% par jour soit 10% p.a | J62: Clause de rappel anticipé : un coupon de 10% par an (au pro rata des jours ouvrés écoulés depuis le lancement) est versé si le niveau du sous jaçent est supérieur ou égal à 0% à partir du 15/07/2024 Effet oxygène à maturité jusqu'à une baisse de 20% du sous-jacent par rapport à son niveau initial. À maturité : Pas de garantie en capital à maturité si la baisse au terme est supérieur à -50% (attention => risque perte de 100% du capital) | K62: Quotidienne | M62: 45489 | N62: 0.099726027
A63: Daily Degressif Août 2023 | B63: FR001400HAB2 | C63: SG | D63: 45148 | E63: 49531 | F63: Solactive Transatlantic Biodiversity Screened 150 CW Decrement 50 Index | G63: 946.64 | H63: 5 | I63: 8,00% p.a | J63: Coupon de 8.00% par an écoulé en cas de rappel anticipé Rappel anticipé : si la Performance de l’indice est positive ou nulle à partir de la fin de l’année 1 puis performance supérieur à la barrière dégressive de 3.00% par an. A maturité : Perte en capital si la baisse de l’indice au terme est supérieure à -50% | K63: Quotidienne | M63: 45516 | N63: 0.0822
A64: API Phoenix Septembre 2023 | B64: FR001400IPR4 | C64: SG | D64: 45198 | E64: 49496 | F64: SG 29 Haussmann - Global Horizon | G64: 85.86 | H64: 4 | J64: Coupons condionnels : Chaque année, un coupon de 2.00% p.t. (soit 8.00% p.a.) est versé si la performance du sous-jacent est supérieure ou égale à -20% aux dates de constatation trimestrielles Rappel anticipé à 100% (en plus du coupon de 2.00%) si la performance de l’indice est supérieure ou égale à 0% à une des dates de constatation trimestrielle (à partir du trimestre 4) Protection du capital : Perte en capital si la baisse de l’indice au terme est supérieure à -50% (attention => risque de perte de 100% du capital) | K64: Trimestrielle | M64: 45565 | N64: 0.08
A65: Athéna Rendement Hood Novembre 2019 | B65: XS2042884374 | C65: SG | D65: 43616 | E65: 45301 | F65: SBFT 50 ESGEW D50P | G65: 973.55 | H65: 3 | I65: 0.04 | J65: Coupon Garanti : 4% de l'année 1 à 4 Coupon conditionnel: 4% en cas de rappel anticipé à partir de l'année 5 Coupon d'attente: 2% de l'année 5 à 10 si la performance de l'indice est inférieure à -10% aux dates de constatations annuelles de l'année 5 à 10 Rappel anticipé: Si la performance de l'indice est supérieure ou égale à -10% de son niveau initial aux dates de constatation annuelles à partir de l'année 5 À maturité: Riqsue de perte partielle ou total si la performance du sous-jacent est inférieure à 50% de son niveau initial | K65: Annuelle | L65: 0.015 | M65: 45601 | N65: 0.2
A66: Trimestriel International Selection Aout 2023 | B66: FR001400H3V6 | C66: SG | D66: 45142 | E66: 49527 | F66: SOLYS - LFDE International Selection | G66: 83.319 | H66: 5 | I66: 3,75% p.t. (soit 15,00% p.a) | J66: Coupon de 15.00% par an (soit 3.75% p.t) en cas de rappel anticipé si la performance du fonds est supérieure ou égale à 0% à une des dates de constatation trimestrielles à partir du T5. Effet oxygène à maturité jusqu’à une baisse de -20% A maturité : Pas de garantie en capital si la baisse au terme est supérieure à -50% | K66: Trimestrielle | M66: 45601 | N66: 0.1875
A67: Trimestriel Europe Horizon Novembre 2023 | B67: XS2699557166 | C67: SG | D67: 45251 | E67: 49641 | F67: SOLYS - Europe Horizon | G67: 83.3518 | H67: 5 | I67: 4,50%* par trimestre écoulé | J67: Coupons : 4,50% par trimestre écoulé Rappel automatique anticipé : possible tous les jours à partir du 28/11/2024 Protection du capital : A l’échéance, le capital est protégé jusqu'à une baisse de 50% Effet oxygène à maturité jusqu’à une baisse de -20% | K67: Trimestrielle | M67: 45617 | N67: 0.18
A68: Daily Supersector Novembre 2023 | B68: FR1459AB0035 | C68: GS | D68: 45245 | E68: 48898 | F68: Morningstar Eurozone 30 Basic Resources, Banks and Energy Decrement 50 Point Index GR EUR | G68: 877.4218 | H68: 6 | I68: 0,02466%* par jour écoulé, soit 9,00%* par an | J68: Coupons : 0,02466% par jour soit 9,00% par an Rappel automatique anticipé : possible tous les jours à partir du 15/11/2024 Protection du capital : A l’échéance, le capital est protégé jusqu'à une baisse de 50% | K68: quotidienne | M68: 45617 | N68: 0.09
A69: Athena Rendement TI Decembre 2019 | B69: XS2059598073 | C69: SG | D69: 43810 | E69: 47463 | F69: SBF Top 50 ESG EW Decrement 50 Points | G69: 970.56 | H69: 5 | I69: 0.04 | J69: Coupon fixe 4% payé le 18 Décembre 2020, 20 Décembre 2021, 19 Décembre 2022 et 18 Décembre 2023  Remboursement par anticipation à partir de l’année 5 puis tous les ans à :  100% + 4%* i si l’indice est au-dessus de 90% de son niveau initial (et i allant de 1 à 5)  En cas de non-remboursement par anticipation à l’année 5, 6, 7, 8, 9 ou 10 (ou indice inférieur à 90% du niveau initial à échéance) l’investisseur reçoit un coupon d’attente  Coupon d’attente : 2%* flat tant que le produit n’est pas remboursé par anticipation | K69: Annuelle | L69: - | M69: 45637 | N69: 0.04
A70: Phoenix Bank Décembre 2023 | B70: FR001400KQK3 | C70: MS | D70: 45288 | E70: 48948 | F70: iEdge® Banks 20 Eurozone 50 Points Decrement Index | G70: 1039.657 | H70: 5 | I70: 2,00%* par trimestre écoulé | J70: Coupons : 2,00% par trimestre écoulé Rappel anticipé : automatique anticipé à partir du trimestre 4 Protection du capital : A l’échéance, le capital est protégé jusqu'à une baisse de 50% | K70: Trimestrielle | M70: 45656 | N70: 0.08
A71: Taux fixe callable décembre 2023 | B71: FR001400L8R7 | C71: SG | D71: 45289 | E71: 49672 | F71: Taux | H71: 1 | I71: 5,50%* par année payés in fine | J71: Coupons : 5,50% par année écoulée payés in fine Rappel automatique anticipé : callable tous les ans à partir de l'année 1 Protection du capital : A l’échéance, le capital est garanti à 100% | K71: in fine | M71: 45655 | N71: 0.055
A72: Phoenix Coupon 4 février 2020 | B72: XS2088171751 | C72: SG | D72: 43865 | E72: 47518 | F72: SBFT 50 ESG | G72: 1085.99 | H72: 3 | I72: 0.04 | J72: Coupon Garanti : 4% de l'année 1 à 4 Coupon conditionnel: 4% en cas de rappel anticipé à partir de l'année 5 Coupon d'attente: 2% de l'année 5 à 10 si la performance de l'indice est inférieure à -10% aux dates de constatations annuelles de l'année 5 à 10 Rappel anticipé: Si la performance de l'indice est supérieure ou égale à -10% de son niveau initial aux dates de constatation annuelles à partir de l'année 5 À maturité: Riqsue de perte partielle ou total si la performance du sous-jacent est inférieure à 45% de son niveau initial | K72: 3 | M72: 45695 | N72: 0.2
A73: Daily Oxygène Janvier 2024 | B73: FR001400KQA4 | C73: SG | D73: 45306 | E73: 49696 | F73: SG 29 Haussmann - Global Horizon | G73: 94.21 | H73: 4 | I73: 0,0247% par jour soit 9,00% par an | J73: Coupons : 0,0247% par jour soit 9,00% par an Rappel automatique anticipé : possible tous les jours à partir du 15/01/2025 Protection du capital : A l’échéance, le capital est protégé jusqu'à une baisse de 50% Effet oxygène à maturité jusqu’à une baisse de -20% | K73: Daily | M73: 45672 | N73: 0.09
A74: Duo Mix International Selection Fevrier 2023 | B74: FR001400DSK4 | C74: SG | D74: 44974 | E74: 49360 | F74: SOLYS - LFDE International Selection | G74: 84.83 | H74: 2 | I74: 0.035 | J74: Poche garantie : Remboursement de 70% du capital (i.e 700€ par part) au bout de 6 mois avec un coupon de 2.87% Garanti sur 100% du nominal distribué le 24/08/02/2023 (i.e 4.10% sur 70% du capital) Rappel anticipé à 100% x 30% du nominal + i x 3.50% x 30% du nominal (i.e 300€ par part) si la performance de l’indice est supérieure ou égale à 0% à une des dates de constatation semestrielle à partir du S4 Effet oxygène à maturité jusqu’à une baisse de -20% Protection du capital : perte en capital si la baisse de l’indice au terme est supérieure à -50% (attention => risque de perte de 100% du capital) | K74: Semestrielle | M74: 45706
A75: Phoenix Coupon Mars 2020 | B75: XS2112405555 | C75: SG | D75: 43893 | E75: 47553 | F75: SBFT 50 ESG | G75: 893.06 | H75: 3 | I75: 0.16 | J75: Coupon Garanti : 4% de l'année 1 à 4 Coupon conditionnel: 4% en cas de rappel anticipé à partir de l'année 5 Coupon d'attente: 2% de l'année 5 à 10 si la performance de l'indice est inférieure à -10% aux dates de constatations annuelles de l'année 5 à 10 Rappel anticipé: Si la performance de l'indice est supérieure ou égale à -10% de son niveau initial aux dates de constatation annuelles à partir de l'année 5 À maturité: Riqsue de perte partielle ou total si la performance du sous-jacent est inférieure à 45% de son niveau initial | K75: Annuelle | M75: 45719 | N75: 0.2
A76: Phoenix Coupon CE Mars 2020 | B76: XS2108228870 | C76: SG | D76: 43910 | E76: 47563 | F76: SBFT 50 ESG | G76: 648.75 | H76: 4 | I76: 0.04 | J76: Coupon Garanti : 4% de l'année 1 à 4 Coupon conditionnel: 4% en cas de rappel anticipé à partir de l'année 5 Coupon d'attente: 2% de l'année 5 à 10 si la performance de l'indice est inférieure à -10% aux dates de constatations annuelles de l'année 5 à 10 Rappel anticipé: Si la performance de l'indice est supérieure ou égale à -10% de son niveau initial aux dates de constatation annuelles à partir de l'année 5 À maturité: Riqsue de perte partielle ou total si la performance du sous-jacent est inférieure à 45% de son niveau initial | K76: Annuelle | M76: 45736 | N76: 0.2
A77: Athena Rendement Protel | B77: XS2108168100 | C77: SG | D77: 43910 | E77: 47562 | F77: SBFT 50 ESG | G77: 648.75 | H77: 3 | I77: 0.2 | J77: Coupon Garanti : 5% de l'année 1 à 4 Coupon conditionnel: 5% en cas de rappel anticipé à partir de l'année 5 Coupon d'attente: 3% de l'année 5 à 10 si la performance de l'indice est inférieure à -10% aux dates de constatations annuelles de l'année 5 à 10 Rappel anticipé: Si la performance de l'indice est supérieure ou égale à -10% de son niveau initial aux dates de constatation annuelles à partir de l'année 5 À maturité: Riqsue de perte partielle ou total si la performance du sous-jacent est inférieure à 50% de son niveau initial | K77: Annuelle | M77: 45736 | N77: 0.25
A78: Daily Santé Mars 2024 | B78: FR001400N7O4 | C78: Natixis | D78: 45371 | E78: 49023 | F78: iEdge ESG Healthcare Transatlantic 10 EW Decrement 50 Points GTR® | G78: 904.35 | H78: 5 | I78: 0.08 | J78: Coupons : 0,0219% par jour soit 8,00% par an Rappel automatique anticipé : possible tous les jours à partir du 20/03/2025 Protection du capital : A l’échéance, le capital est protégé jusqu'à une baisse de 50% | K78: Quotidienne | M78: 45736 | N78: 0.08
A79: Dailycall Mars 2024 | B79: FRIP000002G2 | C79: MS | D79: 45378 | E79: 49761 | F79: S&P Core Euroz 50 Net0 2050 ParisAlig ESG Slct FMC Weig 50 Pnt Dcrmnt (EUR) TR | G79: 900.99 | H79: 4 | I79: 0.08 | J79: Coupons : 0,0233% par jour soit 8,50% par an Rappel automatique anticipé : possible tous les jours à partir du 27/03/2025 Protection du capital : A l’échéance, le capital est protégé jusqu'à une baisse de 50% Effet oxygène à maturité jusqu’à une baisse de -20% | K79: Quotidienne | L79: - | M79: 45743 | N79: 0.08
A80: Callable Taux Fixe Juin 2023 | B80: FR001400I7D4 | C80: SG | F80: - | G80: - | H80: 1 | I80: - | J80: Coupons de 4,80 % par an garantis et payés in fine ou lors du rappel anticipé par l'émetteur Produit callabe par l'émetteur tous les ans à partir de l'année 2 Capital 100 % garanti à maturité | K80: Annuelle | L80: - | M80: 45835 | N80: 0.048
A81: Mensuel Full Oxygène Mai 2024 | B81: FR001400NM29 | C81: Natixis | D81: 45443 | E81: 49828 | F81: iEdge Europe Climate EW 40 Decrement 50 points GTR® | G81: 896.57 | J81: Coupons :0.8334% par mois écoulé soit 10.00% par année écoulée Rappel automatique anticipé : possible tous les mois à partir du 02/06/2025 Protection du capital : A l’échéance, le capital est protégé jusqu'à une baisse de 50% Effet Oxygène : à maturité jusqu'à une baisse de 50% | K81: Mensuelle | L81: - | M81: 45810 | N81: 10.00%
A82: Duo Mix Transatlantic Juillet 2023 | B82: FR001400HBR6 | C82: SG | D82: 45138 | E82: 49521 | F82: LFDE Transatlantic | G82: 85.27 | H82: 2 | I82: 0.0287 | J82: Poche garantie : Remboursement de 70% du capital (i.e 700€par part) avec un coupon de 2.87% Garanti sur 100% du nominal (soit 4.10% sur 70%) Coupon conditionnel : 3.50% par semestre écoulé en cas de rappel anticipé Rappel anticipé : Si la performance de l'indice est positive ou nulle à l'une des dates de constatation semestrielle à partir du S4 À maturité: Riqsue de perte partielle ou total si la performance du sous-jacent est inférieure à 50% de son niveau initial | K82: Semestrielle | L82: 0.035 | M82: 45869 | N82: 0.14
A83: Duo Mix Transatlantic Avril 2023 | B83: FR001400FCX6 | C83: SG | D83: 45037 | E83: 49422 | F83: LFDE Translatantique | G83: 84.76 | H83: 2 | I83: 0.035 | J83: Poche garantie : Remboursement de 70% du capital (i.e 700€ par part) au bout de 6 mois avec un coupon de 2.87% Garanti sur 100% du nominal distribué le 30/10/2023 (i.e 4.10% sur 70% du capital) Rappel anticipé à 100% x 30% du nominal + i x 3.50% x 30% du nominal (i.e 300€ par part) si la performance de l’indice est supérieure ou égale à 0% à une des dates de constatation semestrielle à partir du S4 Effet oxygène à maturité jusqu’à une baisse de -20% A maturité, perte en capital si la baisse de l’indice au terme est supérieure à -50% (attention => risque de perte de 100% du capital) | K83: Semestrielle | L83: - | M83: 45951 | N83: 0.175
A84: Duo Mix Athena DEVEYE Septembre 2022 | B84: XS2508017261 | C84: SG | D84: 44811 | E84: 48982 | F84: SBF Top 50 ESG EW Decrement 50 Points | G84: 831 | H84: =VLOOKUP(A84,Data!$A$3:$D$1048576,4,FALSE) -> 900.44 | I84: =H84/G84-1 -> 0.083561974 | J84: Poche garantie : Remboursement de 80% du capital au bout de 12 mois avec un coupon de 2.40% Garanti sur 100% du nominal distribué le 05/09/2023 (i.e 3.00% sur 80% du capital) Rappel anticipé à 100% x 20% du nominal + i x 1.50% x 20% du nominal si la performance de l’indice est supérieure ou égale à 0% à une des dates de constatation semestrielle à partir du S6 Protection capital : Perte en capital si la baisse de l’indice au terme est supérieure à -50% | K84: Semestrielle | L84: 0.024
A85: Rendement SV Janvier 2023 | B85: FR001400E0P7 | C85: BNP | D85: 44942 | E85: 46038 | F85: Euro Stoxx 50 | G85: 4157 | H85: =VLOOKUP(A85,Data!$A$3:$D$1048576,4,FALSE) -> 6138.41 | I85: =H85/G85-1 -> 0.47664421 | J85: =VLOOKUP(B85,Data!$F$3:$I$1048576,4,FALSE)/100 -> #VALUE! | K85: 1 | L85: 0.0992 | M85: 46052 | N85: 0.0496 | O85: annuelle | P85: Coupons : chaque année, un coupon garanti de 4.96% par an Rappel : Pas de rappel anticipé Protection du capital : A l’échéance, le capital est protégé jusqu'à une baisse de 60% | Q85: =1733000 -> 1733000
A86: Daily Oxygène Juillet 2024 | B86: FRIP00000E12 | C86: MS | D86: 45504 | E86: 49887 | F86: iEdge Transatlantic Jumbo 40 Decrement 50 Points GTR Index | G86: 965.957 | H86: 1128.5 | I86: =(H86-G86)/G86 -> 0.16827147 | J86: =VLOOKUP(B86,Data!$F$3:$I$1048576,4,FALSE)/100 -> #VALUE! | K86: 4 | L86: - | M86: 46055 | N86: 8.00% par année écoulée | O86: quotidienne | P86: Coupons : 0,0219% par jour soit 8,00% par an Rappel automatique anticipé : possible tous les jours à partir du 02/02/2026 Protection du capital : A l’échéance, le capital est protégé jusqu'à une baisse de 50% Effet oxygène : à maturité jusqu’à une baisse de -20% | Q86: =456049 -> 456049
A87: Smart Coupon MR Février 2022 | B87: XS2436227271 | C87: SG | D87: 44610 | E87: 48995 | F87: SOLYS - LFDE International Selection | G87: 92.46 | H87: =VLOOKUP(A87,Data!$A$3:$D$1048576,4,FALSE) -> 81.6655 | I87: =H87/G87-1 -> -0.11674778 | J87: =VLOOKUP(B87,Data!$F$3:$I$1048576,4,FALSE)/100 -> #VALUE! | K87: 7 | L87: 0.138 | M87: 46436 | N87: 0.046 | O87: Quotidienne | P87: Coupon de 4.6% par an en cas de rappel anticipé à partir de la fin de l’année 4 ((i-3) x 4.60%), Coupon garanti de 4.60% p.a de l’année 1 à 3, Clause de rappel anticipé => Performance de l’indice supérieure ou égale à -20% aux dates de constatation annuelles à partir de la fin de l’année 4 | Q87: =200000 -> 200000

Sheet Composition de portefeuille
A1: Il suffit d'ajouter l'ISIN du produit que vous souhaitez intégrer puis le reste des informations se rempliront automatiquement.
A2: Code ISIN | B2: Nom Commercial | C2: Emetteur | D2: Date d'observation initiale | E2: Date d'observation finale | F2: Indice de référence Lien hypertexte | G2: Strike au lancement | H2: Valorisation au 29/98/2025 | I2: Variation de l'indice | J2: Valorisation2 | K2: SRI | L2: Somme des coupons versés | M2: Prochaine date d'observation | N2: Prochain Coupon conditionnel | O2: Type de constatation | P2: Caractéristiques | Q2: Montant collecté
A3: FR001400I5V0 | B3: =IFERROR(INDEX('EMTN DS IS en cours de vie'!A:A,MATCH(A3,'EMTN DS IS en cours de vie'!B:B,0)),"") -> Athena Rendement Juin 2023 | C3: =IFERROR(INDEX('EMTN DS IS en cours de vie'!C:C,MATCH(A3,'EMTN DS IS en cours de vie'!B:B,0)),"") -> SG | D3: =IFERROR(INDEX('EMTN DS IS en cours de vie'!D:D,MATCH(A3,'EMTN DS IS en cours de vie'!B:B,0)),"") -> 45092 | E3: =IFERROR(INDEX('EMTN DS IS en cours de vie'!E:E,MATCH(A3,'EMTN DS IS en cours de vie'!B:B,0)),"") -> 48745 | F3: =IFERROR(INDEX('EMTN DS IS en cours de vie'!F:F,MATCH(A3,'EMTN DS IS en cours de vie'!B:B,0)),"") -> Zephyr Europe | G3: =IFERROR(INDEX('EMTN DS IS en cours de vie'!G:G,MATCH(A3,'EMTN DS IS en cours de vie'!B:B,0)),"") -> 84.34 | H3: =IFERROR(INDEX('EMTN DS IS en cours de vie'!H:H,MATCH(A3,'EMTN DS IS en cours de vie'!B:B,0)),"") -> 101.2955 | I3: =IFERROR(INDEX('EMTN DS IS en cours de vie'!I:I,MATCH(A3,'EMTN DS IS en cours de vie'!B:B,0)),"") -> 0.20103747 | J3: =IFERROR(INDEX('EMTN DS IS en cours de vie'!J:J,MATCH(A3,'EMTN DS IS en cours de vie'!B:B,0)),"") -> 1.0401 | K3: =IFERROR(INDEX('EMTN DS IS en cours de vie'!K:K,MATCH(A3,'EMTN DS IS en cours de vie'!B:B,0)),"") -> 4 | L3: =IFERROR(INDEX('EMTN DS IS en cours de vie'!L:L,MATCH(A3,'EMTN DS IS en cours de vie'!B:B,0)),"") -> 0.06 | M3: =IFERROR(INDEX('EMTN DS IS en cours de vie'!M:M,MATCH(A3,'EMTN DS IS en cours de vie'!B:B,0)),"") -> 46188 | N3: =IFERROR(INDEX('EMTN DS IS en cours de vie'!N:N,MATCH(A3,'EMTN DS IS en cours de vie'!B:B,0)),"") -> 0.06 | O3: =IFERROR(INDEX('EMTN DS IS en cours de vie'!O:O,MATCH(A3,'EMTN DS IS en cours de vie'!B:B,0)),"") -> Annuelle | P3: =IFERROR(INDEX('EMTN DS IS en cours de vie'!P:P,MATCH(A3,'EMTN DS IS en cours de vie'!B:B,0)),"") -> Coupons de 6% les années 1 à 3 garantis ; Gain conditionnel de 6% par année écoulée depuis l'année 3. Rappel anticipé : Le produit peut être rappelé par anticipation à partir du 15 Juin 2027 si le sous-jacent est observé à un niveau supérieur ou égale à 0%. Protection du capital : Pas de garantie en capital à maturité si la baisse au terme est supérieur à -50% (attention => risque perte de 100% du capital) À maturité : effet oxygène jusuqu'à une baisse de 10% du sous-jacent par rapport à son niveau initial. | Q3: =IFERROR(INDEX('EMTN DS IS en cours de vie'!Q:Q,MATCH(A3,'EMTN DS IS en cours de vie'!B:B,0)),"") -> 820000
B4: =IFERROR(INDEX('EMTN DS IS en cours de vie'!A:A,MATCH(A4,'EMTN DS IS en cours de vie'!B:B,0)),"") | C4: =IFERROR(INDEX('EMTN DS IS en cours de vie'!C:C,MATCH(A4,'EMTN DS IS en cours de vie'!B:B,0)),"") | D4: =IFERROR(INDEX('EMTN DS IS en cours de vie'!D:D,MATCH(A4,'EMTN DS IS en cours de vie'!B:B,0)),"") | E4: =IFERROR(INDEX('EMTN DS IS en cours de vie'!E:E,MATCH(A4,'EMTN DS IS en cours de vie'!B:B,0)),"") | F4: =IFERROR(INDEX('EMTN DS IS en cours de vie'!F:F,MATCH(A4,'EMTN DS IS en cours de vie'!B:B,0)),"") | G4: =IFERROR(INDEX('EMTN DS IS en cours de vie'!G:G,MATCH(A4,'EMTN DS IS en cours de vie'!B:B,0)),"") | H4: =IFERROR(INDEX('EMTN DS IS en cours de vie'!H:H,MATCH(A4,'EMTN DS IS en cours de vie'!B:B,0)),"") | I4: =IFERROR(INDEX('EMTN DS IS en cours de vie'!I:I,MATCH(A4,'EMTN DS IS en cours de vie'!B:B,0)),"") | J4: =IFERROR(INDEX('EMTN DS IS en cours de vie'!J:J,MATCH(A4,'EMTN DS IS en cours de vie'!B:B,0)),"") | K4: =IFERROR(INDEX('EMTN DS IS en cours de vie'!K:K,MATCH(A4,'EMTN DS IS en cours de vie'!B:B,0)),"") | L4: =IFERROR(INDEX('EMTN DS IS en cours de vie'!L:L,MATCH(A4,'EMTN DS IS en cours de vie'!B:B,0)),"") | M4: =IFERROR(INDEX('EMTN DS IS en cours de vie'!M:M,MATCH(A4,'EMTN DS IS en cours de vie'!B:B,0)),"") | N4: =IFERROR(INDEX('EMTN DS IS en cours de vie'!N:N,MATCH(A4,'EMTN DS IS en cours de vie'!B:B,0)),"") | O4: =IFERROR(INDEX('EMTN DS IS en cours de vie'!O:O,MATCH(A4,'EMTN DS IS en cours de vie'!B:B,0)),"") | P4: =IFERROR(INDEX('EMTN DS IS en cours de vie'!P:P,MATCH(A4,'EMTN DS IS en cours de vie'!B:B,0)),"") | Q4: =IFERROR(INDEX('EMTN DS IS en cours de vie'!Q:Q,MATCH(A4,'EMTN DS IS en cours de vie'!B:B,0)),"")
B5: =IFERROR(INDEX('EMTN DS IS en cours de vie'!A:A,MATCH(A5,'EMTN DS IS en cours de vie'!B:B,0)),"") | C5: =IFERROR(INDEX('EMTN DS IS en cours de vie'!C:C,MATCH(A5,'EMTN DS IS en cours de vie'!B:B,0)),"") | E5: =IFERROR(INDEX('EMTN DS IS en cours de vie'!E:E,MATCH(A5,'EMTN DS IS en cours de vie'!B:B,0)),"") | F5: =IFERROR(INDEX('EMTN DS IS en cours de vie'!F:F,MATCH(A5,'EMTN DS IS en cours de vie'!B:B,0)),"") | G5: =IFERROR(INDEX('EMTN DS IS en cours de vie'!G:G,MATCH(A5,'EMTN DS IS en cours de vie'!B:B,0)),"") | H5: =IFERROR(INDEX('EMTN DS IS en cours de vie'!H:H,MATCH(A5,'EMTN DS IS en cours de vie'!B:B,0)),"") | I5: =IFERROR(INDEX('EMTN DS IS en cours de vie'!I:I,MATCH(A5,'EMTN DS IS en cours de vie'!B:B,0)),"") | J5: =IFERROR(INDEX('EMTN DS IS en cours de vie'!J:J,MATCH(A5,'EMTN DS IS en cours de vie'!B:B,0)),"") | K5: =IFERROR(INDEX('EMTN DS IS en cours de vie'!K:K,MATCH(A5,'EMTN DS IS en cours de vie'!B:B,0)),"") | L5: =IFERROR(INDEX('EMTN DS IS en cours de vie'!L:L,MATCH(A5,'EMTN DS IS en cours de vie'!B:B,0)),"") | M5: =IFERROR(INDEX('EMTN DS IS en cours de vie'!M:M,MATCH(A5,'EMTN DS IS en cours de vie'!B:B,0)),"") | N5: =IFERROR(INDEX('EMTN DS IS en cours de vie'!N:N,MATCH(A5,'EMTN DS IS en cours de vie'!B:B,0)),"") | O5: =IFERROR(INDEX('EMTN DS IS en cours de vie'!O:O,MATCH(A5,'EMTN DS IS en cours de vie'!B:B,0)),"") | P5: =IFERROR(INDEX('EMTN DS IS en cours de vie'!P:P,MATCH(A5,'EMTN DS IS en cours de vie'!B:B,0)),"") | Q5: =IFERROR(INDEX('EMTN DS IS en cours de vie'!Q:Q,MATCH(A5,'EMTN DS IS en cours de vie'!B:B,0)),"")
B6: =IFERROR(INDEX('EMTN DS IS en cours de vie'!A:A,MATCH(A6,'EMTN DS IS en cours de vie'!B:B,0)),"") | C6: =IFERROR(INDEX('EMTN DS IS en cours de vie'!C:C,MATCH(A6,'EMTN DS IS en cours de vie'!B:B,0)),"") | D6: =IFERROR(INDEX('EMTN DS IS en cours de vie'!D:D,MATCH(A6,'EMTN DS IS en cours de vie'!B:B,0)),"") | E6: =IFERROR(INDEX('EMTN DS IS en cours de vie'!E:E,MATCH(A6,'EMTN DS IS en cours de vie'!B:B,0)),"") | F6: =IFERROR(INDEX('EMTN DS IS en cours de vie'!F:F,MATCH(A6,'EMTN DS IS en cours de vie'!B:B,0)),"") | G6: =IFERROR(INDEX('EMTN DS IS en cours de vie'!G:G,MATCH(A6,'EMTN DS IS en cours de vie'!B:B,0)),"") | H6: =IFERROR(INDEX('EMTN DS IS en cours de vie'!H:H,MATCH(A6,'EMTN DS IS en cours de vie'!B:B,0)),"") | I6: =IFERROR(INDEX('EMTN DS IS en cours de vie'!I:I,MATCH(A6,'EMTN DS IS en cours de vie'!B:B,0)),"") | J6: =IFERROR(INDEX('EMTN DS IS en cours de vie'!J:J,MATCH(A6,'EMTN DS IS en cours de vie'!B:B,0)),"") | K6: =IFERROR(INDEX('EMTN DS IS en cours de vie'!K:K,MATCH(A6,'EMTN DS IS en cours de vie'!B:B,0)),"") | L6: =IFERROR(INDEX('EMTN DS IS en cours de vie'!L:L,MATCH(A6,'EMTN DS IS en cours de vie'!B:B,0)),"") | M6: =IFERROR(INDEX('EMTN DS IS en cours de vie'!M:M,MATCH(A6,'EMTN DS IS en cours de vie'!B:B,0)),"") | N6: =IFERROR(INDEX('EMTN DS IS en cours de vie'!N:N,MATCH(A6,'EMTN DS IS en cours de vie'!B:B,0)),"") | O6: =IFERROR(INDEX('EMTN DS IS en cours de vie'!O:O,MATCH(A6,'EMTN DS IS en cours de vie'!B:B,0)),"") | P6: =IFERROR(INDEX('EMTN DS IS en cours de vie'!P:P,MATCH(A6,'EMTN DS IS en cours de vie'!B:B,0)),"") | Q6: =IFERROR(INDEX('EMTN DS IS en cours de vie'!Q:Q,MATCH(A6,'EMTN DS IS en cours de vie'!B:B,0)),"")
B7: =IFERROR(INDEX('EMTN DS IS en cours de vie'!A:A,MATCH(A7,'EMTN DS IS en cours de vie'!B:B,0)),"") | C7: =IFERROR(INDEX('EMTN DS IS en cours de vie'!C:C,MATCH(A7,'EMTN DS IS en cours de vie'!B:B,0)),"") | D7: =IFERROR(INDEX('EMTN DS IS en cours de vie'!D:D,MATCH(A7,'EMTN DS IS en cours de vie'!B:B,0)),"") | E7: =IFERROR(INDEX('EMTN DS IS en cours de vie'!E:E,MATCH(A7,'EMTN DS IS en cours de vie'!B:B,0)),"") | F7: =IFERROR(INDEX('EMTN DS IS en cours de vie'!F:F,MATCH(A7,'EMTN DS IS en cours de vie'!B:B,0)),"") | G7: =IFERROR(INDEX('EMTN DS IS en cours de vie'!G:G,MATCH(A7,'EMTN DS IS en cours de vie'!B:B,0)),"") | H7: =IFERROR(INDEX('EMTN DS IS en cours de vie'!H:H,MATCH(A7,'EMTN DS IS en cours de vie'!B:B,0)),"") | I7: =IFERROR(INDEX('EMTN DS IS en cours de vie'!I:I,MATCH(A7,'EMTN DS IS en cours de vie'!B:B,0)),"") | J7: =IFERROR(INDEX('EMTN DS IS en cours de vie'!J:J,MATCH(A7,'EMTN DS IS en cours de vie'!B:B,0)),"") | K7: =IFERROR(INDEX('EMTN DS IS en cours de vie'!K:K,MATCH(A7,'EMTN DS IS en cours de vie'!B:B,0)),"") | L7: =IFERROR(INDEX('EMTN DS IS en cours de vie'!L:L,MATCH(A7,'EMTN DS IS en cours de vie'!B:B,0)),"") | M7: =IFERROR(INDEX('EMTN DS IS en cours de vie'!M:M,MATCH(A7,'EMTN DS IS en cours de vie'!B:B,0)),"") | N7: =IFERROR(INDEX('EMTN DS IS en cours de vie'!N:N,MATCH(A7,'EMTN DS IS en cours de vie'!B:B,0)),"") | O7: =IFERROR(INDEX('EMTN DS IS en cours de vie'!O:O,MATCH(A7,'EMTN DS IS en cours de vie'!B:B,0)),"") | P7: =IFERROR(INDEX('EMTN DS IS en cours de vie'!P:P,MATCH(A7,'EMTN DS IS en cours de vie'!B:B,0)),"") | Q7: =IFERROR(INDEX('EMTN DS IS en cours de vie'!Q:Q,MATCH(A7,'EMTN DS IS en cours de vie'!B:B,0)),"")
B8: =IFERROR(INDEX('EMTN DS IS en cours de vie'!A:A,MATCH(A8,'EMTN DS IS en cours de vie'!B:B,0)),"") | C8: =IFERROR(INDEX('EMTN DS IS en cours de vie'!C:C,MATCH(A8,'EMTN DS IS en cours de vie'!B:B,0)),"") | D8: =IFERROR(INDEX('EMTN DS IS en cours de vie'!D:D,MATCH(A8,'EMTN DS IS en cours de vie'!B:B,0)),"") | E8: =IFERROR(INDEX('EMTN DS IS en cours de vie'!E:E,MATCH(A8,'EMTN DS IS en cours de vie'!B:B,0)),"") | F8: =IFERROR(INDEX('EMTN DS IS en cours de vie'!F:F,MATCH(A8,'EMTN DS IS en cours de vie'!B:B,0)),"") | G8: =IFERROR(INDEX('EMTN DS IS en cours de vie'!G:G,MATCH(A8,'EMTN DS IS en cours de vie'!B:B,0)),"") | H8: =IFERROR(INDEX('EMTN DS IS en cours de vie'!H:H,MATCH(A8,'EMTN DS IS en cours de vie'!B:B,0)),"") | I8: =IFERROR(INDEX('EMTN DS IS en cours de vie'!I:I,MATCH(A8,'EMTN DS IS en cours de vie'!B:B,0)),"") | J8: =IFERROR(INDEX('EMTN DS IS en cours de vie'!J:J,MATCH(A8,'EMTN DS IS en cours de vie'!B:B,0)),"") | K8: =IFERROR(INDEX('EMTN DS IS en cours de vie'!K:K,MATCH(A8,'EMTN DS IS en cours de vie'!B:B,0)),"") | L8: =IFERROR(INDEX('EMTN DS IS en cours de vie'!L:L,MATCH(A8,'EMTN DS IS en cours de vie'!B:B,0)),"") | M8: =IFERROR(INDEX('EMTN DS IS en cours de vie'!M:M,MATCH(A8,'EMTN DS IS en cours de vie'!B:B,0)),"") | N8: =IFERROR(INDEX('EMTN DS IS en cours de vie'!N:N,MATCH(A8,'EMTN DS IS en cours de vie'!B:B,0)),"") | O8: =IFERROR(INDEX('EMTN DS IS en cours de vie'!O:O,MATCH(A8,'EMTN DS IS en cours de vie'!B:B,0)),"") | P8: =IFERROR(INDEX('EMTN DS IS en cours de vie'!P:P,MATCH(A8,'EMTN DS IS en cours de vie'!B:B,0)),"") | Q8: =IFERROR(INDEX('EMTN DS IS en cours de vie'!Q:Q,MATCH(A8,'EMTN DS IS en cours de vie'!B:B,0)),"")
B9: =IFERROR(INDEX('EMTN DS IS en cours de vie'!A:A,MATCH(A9,'EMTN DS IS en cours de vie'!B:B,0)),"") | C9: =IFERROR(INDEX('EMTN DS IS en cours de vie'!C:C,MATCH(A9,'EMTN DS IS en cours de vie'!B:B,0)),"") | D9: =IFERROR(INDEX('EMTN DS IS en cours de vie'!D:D,MATCH(A9,'EMTN DS IS en cours de vie'!B:B,0)),"") | E9: =IFERROR(INDEX('EMTN DS IS en cours de vie'!E:E,MATCH(A9,'EMTN DS IS en cours de vie'!B:B,0)),"") | F9: =IFERROR(INDEX('EMTN DS IS en cours de vie'!F:F,MATCH(A9,'EMTN DS IS en cours de vie'!B:B,0)),"") | G9: =IFERROR(INDEX('EMTN DS IS en cours de vie'!G:G,MATCH(A9,'EMTN DS IS en cours de vie'!B:B,0)),"") | H9: =IFERROR(INDEX('EMTN DS IS en cours de vie'!H:H,MATCH(A9,'EMTN DS IS en cours de vie'!B:B,0)),"") | I9: =IFERROR(INDEX('EMTN DS IS en cours de vie'!I:I,MATCH(A9,'EMTN DS IS en cours de vie'!B:B,0)),"") | J9: =IFERROR(INDEX('EMTN DS IS en cours de vie'!J:J,MATCH(A9,'EMTN DS IS en cours de vie'!B:B,0)),"") | K9: =IFERROR(INDEX('EMTN DS IS en cours de vie'!K:K,MATCH(A9,'EMTN DS IS en cours de vie'!B:B,0)),"") | L9: =IFERROR(INDEX('EMTN DS IS en cours de vie'!L:L,MATCH(A9,'EMTN DS IS en cours de vie'!B:B,0)),"") | M9: =IFERROR(INDEX('EMTN DS IS en cours de vie'!M:M,MATCH(A9,'EMTN DS IS en cours de vie'!B:B,0)),"") | N9: =IFERROR(INDEX('EMTN DS IS en cours de vie'!N:N,MATCH(A9,'EMTN DS IS en cours de vie'!B:B,0)),"") | O9: =IFERROR(INDEX('EMTN DS IS en cours de vie'!O:O,MATCH(A9,'EMTN DS IS en cours de vie'!B:B,0)),"") | P9: =IFERROR(INDEX('EMTN DS IS en cours de vie'!P:P,MATCH(A9,'EMTN DS IS en cours de vie'!B:B,0)),"") | Q9: =IFERROR(INDEX('EMTN DS IS en cours de vie'!Q:Q,MATCH(A9,'EMTN DS IS en cours de vie'!B:B,0)),"")
B10: =IFERROR(INDEX('EMTN DS IS en cours de vie'!A:A,MATCH(A10,'EMTN DS IS en cours de vie'!B:B,0)),"") | C10: =IFERROR(INDEX('EMTN DS IS en cours de vie'!C:C,MATCH(A10,'EMTN DS IS en cours de vie'!B:B,0)),"") | D10: =IFERROR(INDEX('EMTN DS IS en cours de vie'!D:D,MATCH(A10,'EMTN DS IS en cours de vie'!B:B,0)),"") | E10: =IFERROR(INDEX('EMTN DS IS en cours de vie'!E:E,MATCH(A10,'EMTN DS IS en cours de vie'!B:B,0)),"") | F10: =IFERROR(INDEX('EMTN DS IS en cours de vie'!F:F,MATCH(A10,'EMTN DS IS en cours de vie'!B:B,0)),"") | G10: =IFERROR(INDEX('EMTN DS IS en cours de vie'!G:G,MATCH(A10,'EMTN DS IS en cours de vie'!B:B,0)),"") | H10: =IFERROR(INDEX('EMTN DS IS en cours de vie'!H:H,MATCH(A10,'EMTN DS IS en cours de vie'!B:B,0)),"") | I10: =IFERROR(INDEX('EMTN DS IS en cours de vie'!I:I,MATCH(A10,'EMTN DS IS en cours de vie'!B:B,0)),"") | J10: =IFERROR(INDEX('EMTN DS IS en cours de vie'!J:J,MATCH(A10,'EMTN DS IS en cours de vie'!B:B,0)),"") | K10: =IFERROR(INDEX('EMTN DS IS en cours de vie'!K:K,MATCH(A10,'EMTN DS IS en cours de vie'!B:B,0)),"") | L10: =IFERROR(INDEX('EMTN DS IS en cours de vie'!L:L,MATCH(A10,'EMTN DS IS en cours de vie'!B:B,0)),"") | M10: =IFERROR(INDEX('EMTN DS IS en cours de vie'!M:M,MATCH(A10,'EMTN DS IS en cours de vie'!B:B,0)),"") | N10: =IFERROR(INDEX('EMTN DS IS en cours de vie'!N:N,MATCH(A10,'EMTN DS IS en cours de vie'!B:B,0)),"") | O10: =IFERROR(INDEX('EMTN DS IS en cours de vie'!O:O,MATCH(A10,'EMTN DS IS en cours de vie'!B:B,0)),"") | P10: =IFERROR(INDEX('EMTN DS IS en cours de vie'!P:P,MATCH(A10,'EMTN DS IS en cours de vie'!B:B,0)),"") | Q10: =IFERROR(INDEX('EMTN DS IS en cours de vie'!Q:Q,MATCH(A10,'EMTN DS IS en cours de vie'!B:B,0)),"")
B11: =IFERROR(INDEX('EMTN DS IS en cours de vie'!A:A,MATCH(A11,'EMTN DS IS en cours de vie'!B:B,0)),"") | C11: =IFERROR(INDEX('EMTN DS IS en cours de vie'!C:C,MATCH(A11,'EMTN DS IS en cours de vie'!B:B,0)),"") | D11: =IFERROR(INDEX('EMTN DS IS en cours de vie'!D:D,MATCH(A11,'EMTN DS IS en cours de vie'!B:B,0)),"") | E11: =IFERROR(INDEX('EMTN DS IS en cours de vie'!E:E,MATCH(A11,'EMTN DS IS en cours de vie'!B:B,0)),"") | F11: =IFERROR(INDEX('EMTN DS IS en cours de vie'!F:F,MATCH(A11,'EMTN DS IS en cours de vie'!B:B,0)),"") | G11: =IFERROR(INDEX('EMTN DS IS en cours de vie'!G:G,MATCH(A11,'EMTN DS IS en cours de vie'!B:B,0)),"") | H11: =IFERROR(INDEX('EMTN DS IS en cours de vie'!H:H,MATCH(A11,'EMTN DS IS en cours de vie'!B:B,0)),"") | I11: =IFERROR(INDEX('EMTN DS IS en cours de vie'!I:I,MATCH(A11,'EMTN DS IS en cours de vie'!B:B,0)),"") | J11: =IFERROR(INDEX('EMTN DS IS en cours de vie'!J:J,MATCH(A11,'EMTN DS IS en cours de vie'!B:B,0)),"") | K11: =IFERROR(INDEX('EMTN DS IS en cours de vie'!K:K,MATCH(A11,'EMTN DS IS en cours de vie'!B:B,0)),"") | L11: =IFERROR(INDEX('EMTN DS IS en cours de vie'!L:L,MATCH(A11,'EMTN DS IS en cours de vie'!B:B,0)),"") | M11: =IFERROR(INDEX('EMTN DS IS en cours de vie'!M:M,MATCH(A11,'EMTN DS IS en cours de vie'!B:B,0)),"") | N11: =IFERROR(INDEX('EMTN DS IS en cours de vie'!N:N,MATCH(A11,'EMTN DS IS en cours de vie'!B:B,0)),"") | O11: =IFERROR(INDEX('EMTN DS IS en cours de vie'!O:O,MATCH(A11,'EMTN DS IS en cours de vie'!B:B,0)),"") | P11: =IFERROR(INDEX('EMTN DS IS en cours de vie'!P:P,MATCH(A11,'EMTN DS IS en cours de vie'!B:B,0)),"") | Q11: =IFERROR(INDEX('EMTN DS IS en cours de vie'!Q:Q,MATCH(A11,'EMTN DS IS en cours de vie'!B:B,0)),"")
B12: =IFERROR(INDEX('EMTN DS IS en cours de vie'!A:A,MATCH(A12,'EMTN DS IS en cours de vie'!B:B,0)),"") | C12: =IFERROR(INDEX('EMTN DS IS en cours de vie'!C:C,MATCH(A12,'EMTN DS IS en cours de vie'!B:B,0)),"") | D12: =IFERROR(INDEX('EMTN DS IS en cours de vie'!D:D,MATCH(A12,'EMTN DS IS en cours de vie'!B:B,0)),"") | E12: =IFERROR(INDEX('EMTN DS IS en cours de vie'!E:E,MATCH(A12,'EMTN DS IS en cours de vie'!B:B,0)),"") | F12: =IFERROR(INDEX('EMTN DS IS en cours de vie'!F:F,MATCH(A12,'EMTN DS IS en cours de vie'!B:B,0)),"") | G12: =IFERROR(INDEX('EMTN DS IS en cours de vie'!G:G,MATCH(A12,'EMTN DS IS en cours de vie'!B:B,0)),"") | H12: =IFERROR(INDEX('EMTN DS IS en cours de vie'!H:H,MATCH(A12,'EMTN DS IS en cours de vie'!B:B,0)),"") | I12: =IFERROR(INDEX('EMTN DS IS en cours de vie'!I:I,MATCH(A12,'EMTN DS IS en cours de vie'!B:B,0)),"") | J12: =IFERROR(INDEX('EMTN DS IS en cours de vie'!J:J,MATCH(A12,'EMTN DS IS en cours de vie'!B:B,0)),"") | K12: =IFERROR(INDEX('EMTN DS IS en cours de vie'!K:K,MATCH(A12,'EMTN DS IS en cours de vie'!B:B,0)),"") | L12: =IFERROR(INDEX('EMTN DS IS en cours de vie'!L:L,MATCH(A12,'EMTN DS IS en cours de vie'!B:B,0)),"") | M12: =IFERROR(INDEX('EMTN DS IS en cours de vie'!M:M,MATCH(A12,'EMTN DS IS en cours de vie'!B:B,0)),"") | N12: =IFERROR(INDEX('EMTN DS IS en cours de vie'!N:N,MATCH(A12,'EMTN DS IS en cours de vie'!B:B,0)),"") | O12: =IFERROR(INDEX('EMTN DS IS en cours de vie'!O:O,MATCH(A12,'EMTN DS IS en cours de vie'!B:B,0)),"") | P12: =IFERROR(INDEX('EMTN DS IS en cours de vie'!P:P,MATCH(A12,'EMTN DS IS en cours de vie'!B:B,0)),"") | Q12: =IFERROR(INDEX('EMTN DS IS en cours de vie'!Q:Q,MATCH(A12,'EMTN DS IS en cours de vie'!B:B,0)),"")
B13: =IFERROR(INDEX('EMTN DS IS en cours de vie'!A:A,MATCH(A13,'EMTN DS IS en cours de vie'!B:B,0)),"") | C13: =IFERROR(INDEX('EMTN DS IS en cours de vie'!C:C,MATCH(A13,'EMTN DS IS en cours de vie'!B:B,0)),"") | D13: =IFERROR(INDEX('EMTN DS IS en cours de vie'!D:D,MATCH(A13,'EMTN DS IS en cours de vie'!B:B,0)),"") | E13: =IFERROR(INDEX('EMTN DS IS en cours de vie'!E:E,MATCH(A13,'EMTN DS IS en cours de vie'!B:B,0)),"") | F13: =IFERROR(INDEX('EMTN DS IS en cours de vie'!F:F,MATCH(A13,'EMTN DS IS en cours de vie'!B:B,0)),"") | G13: =IFERROR(INDEX('EMTN DS IS en cours de vie'!G:G,MATCH(A13,'EMTN DS IS en cours de vie'!B:B,0)),"") | H13: =IFERROR(INDEX('EMTN DS IS en cours de vie'!H:H,MATCH(A13,'EMTN DS IS en cours de vie'!B:B,0)),"") | I13: =IFERROR(INDEX('EMTN DS IS en cours de vie'!I:I,MATCH(A13,'EMTN DS IS en cours de vie'!B:B,0)),"") | J13: =IFERROR(INDEX('EMTN DS IS en cours de vie'!J:J,MATCH(A13,'EMTN DS IS en cours de vie'!B:B,0)),"") | K13: =IFERROR(INDEX('EMTN DS IS en cours de vie'!K:K,MATCH(A13,'EMTN DS IS en cours de vie'!B:B,0)),"") | L13: =IFERROR(INDEX('EMTN DS IS en cours de vie'!L:L,MATCH(A13,'EMTN DS IS en cours de vie'!B:B,0)),"") | M13: =IFERROR(INDEX('EMTN DS IS en cours de vie'!M:M,MATCH(A13,'EMTN DS IS en cours de vie'!B:B,0)),"") | N13: =IFERROR(INDEX('EMTN DS IS en cours de vie'!N:N,MATCH(A13,'EMTN DS IS en cours de vie'!B:B,0)),"") | O13: =IFERROR(INDEX('EMTN DS IS en cours de vie'!O:O,MATCH(A13,'EMTN DS IS en cours de vie'!B:B,0)),"") | P13: =IFERROR(INDEX('EMTN DS IS en cours de vie'!P:P,MATCH(A13,'EMTN DS IS en cours de vie'!B:B,0)),"") | Q13: =IFERROR(INDEX('EMTN DS IS en cours de vie'!Q:Q,MATCH(A13,'EMTN DS IS en cours de vie'!B:B,0)),"")
B14: =IFERROR(INDEX('EMTN DS IS en cours de vie'!A:A,MATCH(A14,'EMTN DS IS en cours de vie'!B:B,0)),"") | C14: =IFERROR(INDEX('EMTN DS IS en cours de vie'!C:C,MATCH(A14,'EMTN DS IS en cours de vie'!B:B,0)),"") | D14: =IFERROR(INDEX('EMTN DS IS en cours de vie'!D:D,MATCH(A14,'EMTN DS IS en cours de vie'!B:B,0)),"") | E14: =IFERROR(INDEX('EMTN DS IS en cours de vie'!E:E,MATCH(A14,'EMTN DS IS en cours de vie'!B:B,0)),"") | F14: =IFERROR(INDEX('EMTN DS IS en cours de vie'!F:F,MATCH(A14,'EMTN DS IS en cours de vie'!B:B,0)),"") | G14: =IFERROR(INDEX('EMTN DS IS en cours de vie'!G:G,MATCH(A14,'EMTN DS IS en cours de vie'!B:B,0)),"") | H14: =IFERROR(INDEX('EMTN DS IS en cours de vie'!H:H,MATCH(A14,'EMTN DS IS en cours de vie'!B:B,0)),"") | I14: =IFERROR(INDEX('EMTN DS IS en cours de vie'!I:I,MATCH(A14,'EMTN DS IS en cours de vie'!B:B,0)),"") | J14: =IFERROR(INDEX('EMTN DS IS en cours de vie'!J:J,MATCH(A14,'EMTN DS IS en cours de vie'!B:B,0)),"") | K14: =IFERROR(INDEX('EMTN DS IS en cours de vie'!K:K,MATCH(A14,'EMTN DS IS en cours de vie'!B:B,0)),"") | L14: =IFERROR(INDEX('EMTN DS IS en cours de vie'!L:L,MATCH(A14,'EMTN DS IS en cours de vie'!B:B,0)),"") | M14: =IFERROR(INDEX('EMTN DS IS en cours de vie'!M:M,MATCH(A14,'EMTN DS IS en cours de vie'!B:B,0)),"") | N14: =IFERROR(INDEX('EMTN DS IS en cours de vie'!N:N,MATCH(A14,'EMTN DS IS en cours de vie'!B:B,0)),"") | O14: =IFERROR(INDEX('EMTN DS IS en cours de vie'!O:O,MATCH(A14,'EMTN DS IS en cours de vie'!B:B,0)),"") | P14: =IFERROR(INDEX('EMTN DS IS en cours de vie'!P:P,MATCH(A14,'EMTN DS IS en cours de vie'!B:B,0)),"") | Q14: =IFERROR(INDEX('EMTN DS IS en cours de vie'!Q:Q,MATCH(A14,'EMTN DS IS en cours de vie'!B:B,0)),"")
B15: =IFERROR(INDEX('EMTN DS IS en cours de vie'!A:A,MATCH(A15,'EMTN DS IS en cours de vie'!B:B,0)),"") | C15: =IFERROR(INDEX('EMTN DS IS en cours de vie'!C:C,MATCH(A15,'EMTN DS IS en cours de vie'!B:B,0)),"") | D15: =IFERROR(INDEX('EMTN DS IS en cours de vie'!D:D,MATCH(A15,'EMTN DS IS en cours de vie'!B:B,0)),"") | E15: =IFERROR(INDEX('EMTN DS IS en cours de vie'!E:E,MATCH(A15,'EMTN DS IS en cours de vie'!B:B,0)),"") | F15: =IFERROR(INDEX('EMTN DS IS en cours de vie'!F:F,MATCH(A15,'EMTN DS IS en cours de vie'!B:B,0)),"") | G15: =IFERROR(INDEX('EMTN DS IS en cours de vie'!G:G,MATCH(A15,'EMTN DS IS en cours de vie'!B:B,0)),"") | H15: =IFERROR(INDEX('EMTN DS IS en cours de vie'!H:H,MATCH(A15,'EMTN DS IS en cours de vie'!B:B,0)),"") | I15: =IFERROR(INDEX('EMTN DS IS en cours de vie'!I:I,MATCH(A15,'EMTN DS IS en cours de vie'!B:B,0)),"") | J15: =IFERROR(INDEX('EMTN DS IS en cours de vie'!J:J,MATCH(A15,'EMTN DS IS en cours de vie'!B:B,0)),"") | K15: =IFERROR(INDEX('EMTN DS IS en cours de vie'!K:K,MATCH(A15,'EMTN DS IS en cours de vie'!B:B,0)),"") | L15: =IFERROR(INDEX('EMTN DS IS en cours de vie'!L:L,MATCH(A15,'EMTN DS IS en cours de vie'!B:B,0)),"") | M15: =IFERROR(INDEX('EMTN DS IS en cours de vie'!M:M,MATCH(A15,'EMTN DS IS en cours de vie'!B:B,0)),"") | N15: =IFERROR(INDEX('EMTN DS IS en cours de vie'!N:N,MATCH(A15,'EMTN DS IS en cours de vie'!B:B,0)),"") | O15: =IFERROR(INDEX('EMTN DS IS en cours de vie'!O:O,MATCH(A15,'EMTN DS IS en cours de vie'!B:B,0)),"") | P15: =IFERROR(INDEX('EMTN DS IS en cours de vie'!P:P,MATCH(A15,'EMTN DS IS en cours de vie'!B:B,0)),"") | Q15: =IFERROR(INDEX('EMTN DS IS en cours de vie'!Q:Q,MATCH(A15,'EMTN DS IS en cours de vie'!B:B,0)),"")
B16: =IFERROR(INDEX('EMTN DS IS en cours de vie'!A:A,MATCH(A16,'EMTN DS IS en cours de vie'!B:B,0)),"") | C16: =IFERROR(INDEX('EMTN DS IS en cours de vie'!C:C,MATCH(A16,'EMTN DS IS en cours de vie'!B:B,0)),"") | D16: =IFERROR(INDEX('EMTN DS IS en cours de vie'!D:D,MATCH(A16,'EMTN DS IS en cours de vie'!B:B,0)),"") | E16: =IFERROR(INDEX('EMTN DS IS en cours de vie'!E:E,MATCH(A16,'EMTN DS IS en cours de vie'!B:B,0)),"") | F16: =IFERROR(INDEX('EMTN DS IS en cours de vie'!F:F,MATCH(A16,'EMTN DS IS en cours de vie'!B:B,0)),"") | G16: =IFERROR(INDEX('EMTN DS IS en cours de vie'!G:G,MATCH(A16,'EMTN DS IS en cours de vie'!B:B,0)),"") | H16: =IFERROR(INDEX('EMTN DS IS en cours de vie'!H:H,MATCH(A16,'EMTN DS IS en cours de vie'!B:B,0)),"") | I16: =IFERROR(INDEX('EMTN DS IS en cours de vie'!I:I,MATCH(A16,'EMTN DS IS en cours de vie'!B:B,0)),"") | J16: =IFERROR(INDEX('EMTN DS IS en cours de vie'!J:J,MATCH(A16,'EMTN DS IS en cours de vie'!B:B,0)),"") | K16: =IFERROR(INDEX('EMTN DS IS en cours de vie'!K:K,MATCH(A16,'EMTN DS IS en cours de vie'!B:B,0)),"") | L16: =IFERROR(INDEX('EMTN DS IS en cours de vie'!L:L,MATCH(A16,'EMTN DS IS en cours de vie'!B:B,0)),"") | M16: =IFERROR(INDEX('EMTN DS IS en cours de vie'!M:M,MATCH(A16,'EMTN DS IS en cours de vie'!B:B,0)),"") | N16: =IFERROR(INDEX('EMTN DS IS en cours de vie'!N:N,MATCH(A16,'EMTN DS IS en cours de vie'!B:B,0)),"") | O16: =IFERROR(INDEX('EMTN DS IS en cours de vie'!O:O,MATCH(A16,'EMTN DS IS en cours de vie'!B:B,0)),"") | P16: =IFERROR(INDEX('EMTN DS IS en cours de vie'!P:P,MATCH(A16,'EMTN DS IS en cours de vie'!B:B,0)),"") | Q16: =IFERROR(INDEX('EMTN DS IS en cours de vie'!Q:Q,MATCH(A16,'EMTN DS IS en cours de vie'!B:B,0)),"")
B17: =IFERROR(INDEX('EMTN DS IS en cours de vie'!A:A,MATCH(A17,'EMTN DS IS en cours de vie'!B:B,0)),"") | C17: =IFERROR(INDEX('EMTN DS IS en cours de vie'!C:C,MATCH(A17,'EMTN DS IS en cours de vie'!B:B,0)),"") | D17: =IFERROR(INDEX('EMTN DS IS en cours de vie'!D:D,MATCH(A17,'EMTN DS IS en cours de vie'!B:B,0)),"") | E17: =IFERROR(INDEX('EMTN DS IS en cours de vie'!E:E,MATCH(A17,'EMTN DS IS en cours de vie'!B:B,0)),"") | F17: =IFERROR(INDEX('EMTN DS IS en cours de vie'!F:F,MATCH(A17,'EMTN DS IS en cours de vie'!B:B,0)),"") | G17: =IFERROR(INDEX('EMTN DS IS en cours de vie'!G:G,MATCH(A17,'EMTN DS IS en cours de vie'!B:B,0)),"") | H17: =IFERROR(INDEX('EMTN DS IS en cours de vie'!H:H,MATCH(A17,'EMTN DS IS en cours de vie'!B:B,0)),"") | I17: =IFERROR(INDEX('EMTN DS IS en cours de vie'!I:I,MATCH(A17,'EMTN DS IS en cours de vie'!B:B,0)),"") | J17: =IFERROR(INDEX('EMTN DS IS en cours de vie'!J:J,MATCH(A17,'EMTN DS IS en cours de vie'!B:B,0)),"") | K17: =IFERROR(INDEX('EMTN DS IS en cours de vie'!K:K,MATCH(A17,'EMTN DS IS en cours de vie'!B:B,0)),"") | L17: =IFERROR(INDEX('EMTN DS IS en cours de vie'!L:L,MATCH(A17,'EMTN DS IS en cours de vie'!B:B,0)),"") | M17: =IFERROR(INDEX('EMTN DS IS en cours de vie'!M:M,MATCH(A17,'EMTN DS IS en cours de vie'!B:B,0)),"") | N17: =IFERROR(INDEX('EMTN DS IS en cours de vie'!N:N,MATCH(A17,'EMTN DS IS en cours de vie'!B:B,0)),"") | O17: =IFERROR(INDEX('EMTN DS IS en cours de vie'!O:O,MATCH(A17,'EMTN DS IS en cours de vie'!B:B,0)),"") | P17: =IFERROR(INDEX('EMTN DS IS en cours de vie'!P:P,MATCH(A17,'EMTN DS IS en cours de vie'!B:B,0)),"") | Q17: =IFERROR(INDEX('EMTN DS IS en cours de vie'!Q:Q,MATCH(A17,'EMTN DS IS en cours de vie'!B:B,0)),"")
... B89: =IFERROR(INDEX('EMTN DS IS en cours de vie'!A:A,MATCH(A89,'EMTN DS IS en cours de vie'!B:B,0)),"") | C89: =IFERROR(INDEX('EMTN DS IS en cours de vie'!C:C,MATCH(A89,'EMTN DS IS en cours de vie'!B:B,0)),"") | D89: =IFERROR(INDEX('EMTN DS IS en cours de vie'!D:D,MATCH(A89,'EMTN DS IS en cours de vie'!B:B,0)),"") | E89: =IFERROR(INDEX('EMTN DS IS en cours de vie'!E:E,MATCH(A89,'EMTN DS IS en cours de vie'!B:B,0)),"") | F89: =IFERROR(INDEX('EMTN DS IS en cours de vie'!F:F,MATCH(A89,'EMTN DS IS en cours de vie'!B:B,0)),"") | G89: =IFERROR(INDEX('EMTN DS IS en cours de vie'!G:G,MATCH(A89,'EMTN DS IS en cours de vie'!B:B,0)),"") | H89: =IFERROR(INDEX('EMTN DS IS en cours de vie'!H:H,MATCH(A89,'EMTN DS IS en cours de vie'!B:B,0)),"") | I89: =IFERROR(INDEX('EMTN DS IS en cours de vie'!I:I,MATCH(A89,'EMTN DS IS en cours de vie'!B:B,0)),"") | J89: =IFERROR(INDEX('EMTN DS IS en cours de vie'!J:J,MATCH(A89,'EMTN DS IS en cours de vie'!B:B,0)),"") | K89: =IFERROR(INDEX('EMTN DS IS en cours de vie'!K:K,MATCH(A89,'EMTN DS IS en cours de vie'!B:B,0)),"") | L89: =IFERROR(INDEX('EMTN DS IS en cours de vie'!L:L,MATCH(A89,'EMTN DS IS en cours de vie'!B:B,0)),"") | M89: =IFERROR(INDEX('EMTN DS IS en cours de vie'!M:M,MATCH(A89,'EMTN DS IS en cours de vie'!B:B,0)),"") | N89: =IFERROR(INDEX('EMTN DS IS en cours de vie'!N:N,MATCH(A89,'EMTN DS IS en cours de vie'!B:B,0)),"") | O89: =IFERROR(INDEX('EMTN DS IS en cours de vie'!O:O,MATCH(A89,'EMTN DS IS en cours de vie'!B:B,0)),"") | P89: =IFERROR(INDEX('EMTN DS IS en cours de vie'!P:P,MATCH(A89,'EMTN DS IS en cours de vie'!B:B,0)),"") | Q89: =IFERROR(INDEX('EMTN DS IS en cours de vie'!Q:Q,MATCH(A89,'EMTN DS IS en cours de vie'!B:B,0)),"")

Sheet Data
C1: 46080 | D1: 46080 | H1: 46080 | I1: 46080 | L1: =C1 -> 46080 | M1: 46080
C2: PX LAST | D2: PX LAST | H2: PX LAST | I2: PX LAST | L2: PX LAST | M2: PX LAST
A3: Repack Groupama subordonnée | B3: - | C3: - | D3: - | F3: XS1839742118 | K3: SOFRANCE Index | L3: =_xll.BDH(K3,$C$2,$C$1) -> 1224.96 | M3: 1224.96
A4: Athéna Rendement Hood Novembre 2019 | B4: SBFESG Index | C4: =_xll.BDH(B4,$C$2,$C$1) -> 900.44 | D4: 900.44 | F4: XS2042884374 | G4: ZQ471314 Corp | H4: =_xll.BDH(G4,$H$2,$H$1,$H$1,"PCS=SGDP") -> #N/A N/A | I4: #N/A N/A | K4: CAC Index | L4: =_xll.BDH(K4,$C$2,$C$1) -> 8580.75 | M4: 8580.75
A5: Athéna Rendement TI Décembre 2019 | B5: SBFESG Index | C5: =_xll.BDH(B5,$C$2,$C$1) -> 900.44 | D5: 900.44 | F5: XS2059598073 | G5: ZP121878 Corp | H5: =_xll.BDH(G5,$H$2,$H$1,$H$1,"PCS=SGDP") -> #N/A N/A | I5: #N/A N/A | K5: CLEWE Index | L5: =_xll.BDH(K5,$C$2,$C$1) -> 1931.28 | M5: 1931.28
A6: Phoenix Arena Décembre 2019 | B6: SOLEIED LX Equity | C6: =_xll.BDH(B6,$C$2,$C$1) -> 100.845 | D6: 100.845 | F6: XS2059553722 | G6: ZP173613 Corp | H6: =_xll.BDH(G6,$H$2,$H$1,$H$1,"PCS=SGDP") -> 87.55 | I6: 87.55 | K6: SX5E Index | L6: =_xll.BDH(K6,$C$2,$C$1) -> 6138.41 | M6: 6138.41
A7: Phoenix Coupon 4 février 2020 | B7: SBFESG Index | C7: =_xll.BDH(B7,$C$2,$C$1) -> 900.44 | D7: 900.44 | F7: XS2088171751 | G7: ZP866877 Corp | H7: =_xll.BDH(G7,$H$2,$H$1,$H$1,"PCS=SGDP") -> #N/A N/A | I7: #N/A N/A | K7: SBFT8D Index | L7: =_xll.BDH(K7,$C$2,$C$1) -> 1056.99 | M7: 1056.99
A8: Phoenix Coupon Mars 2020 | B8: SBFESG Index | C8: =_xll.BDH(B8,$C$2,$C$1) -> 900.44 | D8: 900.44 | F8: XS2112405555 | G8: BG230940 Corp | H8: =_xll.BDH(G8,$H$2,$H$1,$H$1,"PCS=SGDP") -> #N/A N/A | I8: #N/A N/A | K8: EZ40 Index | L8: =_xll.BDH(K8,$C$2,$C$1) -> 1095.82 | M8: 1095.82
A9: Phoenix Coupon CE Mars 2020 | B9: SBFESG Index | C9: =_xll.BDH(B9,$C$2,$C$1) -> 900.44 | D9: 900.44 | F9: XS2108228870 | G9: BG558420 Corp | H9: =_xll.BDH(G9,$H$2,$H$1,$H$1,"PCS=SGDP") -> #N/A N/A | I9: #N/A N/A | K9: EZ70D Index | L9: =_xll.BDH(K9,$C$2,$C$1) -> #N/A N/A | M9: #N/A N/A
A10: Athena Rendement Protel | B10: SBFESG Index | C10: =_xll.BDH(B10,$C$2,$C$1) -> 900.44 | D10: 900.44 | F10: XS2108168100 | G10: BM286404 Corp | H10: =_xll.BDH(G10,$H$2,$H$1,$H$1,"PCS=SGDP") -> #N/A N/A | I10: #N/A N/A | K10: COR3O Index | L10: =_xll.BDH(K10,$C$2,$C$1) -> 1403.33 | M10: 1403.33
A11: Securizer Novembre 2020 | B11: ISXEC50 Index | C11: =_xll.BDH(B11,$C$2,$C$1) -> 1591.68 | D11: 1591.68 | F11: XS2175791396 | G11: Pas sur bloom | K11: ISXEC50 Index | L11: =_xll.BDH(K11,$C$2,$C$1) -> 1591.68 | M11: 1591.68
A12: Securizer Décembre 2020 | B12: ISXEC50 Index | C12: =_xll.BDH(B12,$C$2,$C$1) -> 1591.68 | D12: 1591.68 | F12: XS2236257544 | G12: Pas sur bloom | K12: EURESG50 Index | L12: =_xll.BDH(K12,$C$2,$C$1) -> 1611.99 | M12: 1611.99
A13: Duo Mix Protel Avril 2021 | B13: SOLEIED LX Equity | C13: =_xll.BDH(B13,$C$2,$C$1) -> 100.845 | D13: 100.845 | F13: XS2278343319 | G13: BP055969 Corp | H13: =_xll.BDH(G13,$H$2,$H$1,$H$1,"PCS=SGDP") -> 102.74 | I13: 102.74 | K13: SBFESG Index | L13: =_xll.BDH(K13,$C$2,$C$1) -> 900.44 | M13: 900.44
A14: Duo Mix Athena Avril 2021 | B14: SOLEIED LX Equity | C14: =_xll.BDH(B14,$C$2,$C$1) -> 100.845 | D14: 100.845 | F14: FR0014002JX3 | G14: BP863202 Corp | H14: =_xll.BDH(G14,$H$2,$H$1,$H$1,"PCS=SGDP") -> 35.79 | I14: 35.79 | K14: SOLEIED LX Equity | L14: =_xll.BDH(K14,$C$2,$C$1) -> 100.845 | M14: #N/A N/A
A15: Duo Mix OVE Juin 2021 | B15: SOLEIED LX Equity | C15: =_xll.BDH(B15,$C$2,$C$1) -> 100.845 | D15: 100.845 | F15: XS2121002005 | G15: BQ420926 Corp | H15: =_xll.BDH(G15,$H$2,$H$1,$H$1,"PCS=SGDP") -> 126.33 | I15: 126.33 | K15: EZENV Index | L15: =_xll.BDH(K15,$C$2,$C$1) -> 1265.75 | M15: 1265.75
A16: Duo Mix CERA Athena Juin 2021 | B16: SOLEIED LX Equity | C16: =_xll.BDH(B16,$C$2,$C$1) -> 100.845 | D16: 100.845 | F16: XS2314078986 | G16: BQ444222 Corp | H16: =_xll.BDH(G16,$H$2,$H$1,$H$1,"PCS=SGDP") -> 128.28 | I16: 128.28 | K16: SX7E Index | L16: =_xll.BDH(K16,$C$2,$C$1) -> 268.83 | M16: 268.83
A17: Rendement Juin 2021 | B17: SOLEIED LX Equity | C17: =_xll.BDH(B17,$C$2,$C$1) -> 100.845 | D17: 100.845 | F17: FR0014002AE2 | G17: BQ098215 Corp | H17: =_xll.BDH(G17,$H$2,$H$1,$H$1,"PCS=SGDP") -> 116.47 | I17: 116.47 | K17: SPEE2DET Index | L17: =_xll.BDH(K17,$C$2,$C$1) -> 1249.49 | M17: 1249.49
A18: Athena Duo Mix YOLEVA | B18: SOLEIED LX Equity | C18: =_xll.BDH(B18,$C$2,$C$1) -> 100.845 | D18: 100.845 | F18: XS2314056826 | G18: BQ420927 Corp | H18: =_xll.BDH(G18,$H$2,$H$1,$H$1,"PCS=SGDP") -> 126.96 | I18: 126.96 | K18: SPEU5SDT Index | L18: =_xll.BDH(K18,$C$2,$C$1) -> 1341.28 | M18: 1341.28
A19: Athena Rendement HY Juin 2021 | B19: SOLEIED LX Equity | C19: =_xll.BDH(B19,$C$2,$C$1) -> 100.845 | D19: 100.845 | F19: FR0014003T97 | G19: BQ438207 Corp | H19: =_xll.BDH(G19,$H$2,$H$1,$H$1,"PCS=SGDP") -> 97.83 | I19: 97.83 | K19: SOLEILF LX Equity | L19: =_xll.BDH(K19,$C$2,$C$1) -> 81.6655 | M19: #N/A N/A
A20: Duo Mix Athena Aout 2021 | B20: SOLEIED LX Equity | C20: =_xll.BDH(B20,$C$2,$C$1) -> 100.845 | D20: 100.845 | F20: FR0014003IU9 | G20: BQ444227 Corp | H20: =_xll.BDH(G20,$H$2,$H$1,$H$1,"PCS=SGDP") -> 97.38 | I20: 97.38 | K20: SOLEIQE LX Equity | L20: =_xll.BDH(K20,$C$2,$C$1) -> 83.8643 | M20: #N/A N/A
A21: Duo Mix Phoenix WP Aout 2021 | B21: SOLEIED LX Equity | C21: =_xll.BDH(B21,$C$2,$C$1) -> 100.845 | D21: 100.845 | F21: XS2313830429 | G21: BQ849736 Corp | H21: =_xll.BDH(G21,$H$2,$H$1,$H$1,"PCS=SGDP") -> 85.89 | I21: 85.89 | K21: SOLEIZE LX Equity | L21: =_xll.BDH(K21,$C$2,$C$1) -> 101.2955 | M21: #N/A N/A
A22: Dailycall Aout 2021 | B22: SOLEIED LX Equity | C22: =_xll.BDH(B22,$C$2,$C$1) -> 100.845 | D22: 100.845 | F22: FR0014003539 | G22: BP186800 Corp | H22: =_xll.BDH(G22,$H$2,$H$1,$H$1,"PCS=SGDP") -> 123.07 | I22: 123.07 | K22: SOLEILT LX Equity | L22: =_xll.BDH(K22,$C$2,$C$1) -> 94.1286 | M22: #N/A N/A
A23: Evolution 2021 | B23: SOLEIED LX Equity | C23: =_xll.BDH(B23,$C$2,$C$1) -> 100.845 | D23: 100.845 | F23: FR0014003VH9 | G23: BQ438206 Corp | H23: =_xll.BDH(G23,$H$2,$H$1,$H$1,"PCS=SGDP") -> 134.35 | I23: 134.35 | K23: SOLEIGH LX Equity | L23: =_xll.BDH(K23,$C$2,$C$1) -> 121.1137 | M23: #N/A N/A
A24: Duo Mix FPH Septembre 2021 | B24: SOLEIED LX Equity | C24: =_xll.BDH(B24,$C$2,$C$1) -> 100.845 | D24: 100.845 | F24: XS2348007282 | G24: BS412547 Corp | H24: =_xll.BDH(G24,$H$2,$H$1,$H$1,"PCS=SGDP") -> 82.69 | I24: 82.69 | K24: SPEPPDET Index | L24: =_xll.BDH(K24,$C$2,$C$1) -> 994.43 | M24: 994.43
A25: Duo Mix Athena Octobre 2021 | B25: SOLEIED LX Equity | C25: =_xll.BDH(B25,$C$2,$C$1) -> 100.845 | D25: 100.845 | F25: FR0014005EI8 | G25: BT024941 Corp | H25: =_xll.BDH(G25,$H$2,$H$1,$H$1,"PCS=SGDP") -> 94.76 | I25: 94.76 | K25: SOBDIV50 Index | L25: =_xll.BDH(K25,$C$2,$C$1) -> 1040.64 | M25: 1040.64
A26: Rendement Octobre 2021 | B26: SOLEIED LX Equity | C26: =_xll.BDH(B26,$C$2,$C$1) -> 100.845 | D26: 100.845 | F26: FR0014004CX4 | G26: BQ444225 Corp | H26: =_xll.BDH(G26,$H$2,$H$1,$H$1,"PCS=SGDP") -> 103.99 | I26: 103.99 | K26: HEALTHDG Index | L26: =_xll.BDH(K26,$C$2,$C$1) -> 813.025 | M26: 813.025
A27: Duo Mix CE Quadrant Novembre 2021 | B27: SOLEIQE LX Equity | C27: =_xll.BDH(B27,$C$2,$C$1) -> 83.8643 | D27: 83.8643 | F27: XS2379063659 | G27: BS827929 Corp | H27: =_xll.BDH(G27,$H$2,$H$1,$H$1,"PCS=SGDP") -> 67.66 | I27: 67.66 | K27: CLIMATDG Index | L27: =_xll.BDH(K27,$C$2,$C$1) -> 1112.124 | M27: 1112.124
A28: Phoenix Semestriel HOOD Décembre 2021 | B28: SOLEIQE LX Equity | C28: =_xll.BDH(B28,$C$2,$C$1) -> 83.8643 | D28: 83.8643 | F28: XS2378803311 | G28: BT024944 Corp | H28: =_xll.BDH(G28,$H$2,$H$1,$H$1,"PCS=SGDP") -> 77.73 | I28: 77.73
A29: Duo Mix Athena Quadrant VV Janvier 2022 | B29: SOLEIQE LX Equity | C29: =_xll.BDH(B29,$C$2,$C$1) -> 83.8643 | D29: 83.8643 | F29: XS2378876978 | G29: BT207380 Corp | H29: =_xll.BDH(G29,$H$2,$H$1,$H$1,"PCS=SGDP") -> 65.93 | I29: 65.93
A30: DUO MIX AMFAUST Janvier 2022 | B30: SOLEIQE LX Equity | C30: =_xll.BDH(B30,$C$2,$C$1) -> 83.8643 | D30: 83.8643 | F30: XS2379073963 | G30: BT701368 Corp | H30: =_xll.BDH(G30,$H$2,$H$1,$H$1,"PCS=SGDP") -> 73.49 | I30: 73.49
A31: Smart Coupon MR Février 2022 | B31: SOLEILF LX Equity | C31: =_xll.BDH(B31,$C$2,$C$1) -> 81.6655 | D31: 81.6655 | F31: XS2436227271 | G31: BU542883 Corp | H31: =_xll.BDH(G31,$H$2,$H$1,$H$1,"PCS=SGDP") -> #N/A N/A | I31: #N/A N/A
A32: iTraxx Main S36 Mars 2022 | B32: - | F32: XS2123759347 | G32: BU963145 Corp | H32: =_xll.BDH(G32,$H$2,$H$1,$H$1,"PCS=SGDP") -> #N/A N/A | I32: 100.66
A33: Duo Mix The Pink | B33: SOLEILF LX Equity | C33: =_xll.BDH(B33,$C$2,$C$1) -> 81.6655 | D33: 81.6655 | F33: XS2476596924 | G33: BY247839 Corp | H33: =_xll.BDH(G33,$H$2,$H$1,$H$1,"PCS=SGDP") -> 77.3 | I33: 77.3
A34: Dailycall Décembre 2021 | B34: SOLEIED LX Equity | C34: =_xll.BDH(B34,$C$2,$C$1) -> 100.845 | D34: 100.845 | F34: FR0014005UY1 | G34: BT024936 Corp | H34: =_xll.BDH(G34,$H$2,$H$1,$H$1,"PCS=SGDP") -> 117.58 | I34: 117.58
A35: Digit Harmonie Juin 2023 | B35: SX5E Index | C35: =_xll.BDH(B35,$C$2,$C$1) -> 6138.41 | D35: 6138.41 | F35: FR001400GRC6 | G35: ZL7420322 Corp | H35: =_xll.BDH(G35,$H$2,$H$1,$H$1,"PCS=SGDP") -> #N/A N/A | I35: 112.01
A36: Athena Rendement Juin 2023 | B36: SOLEIZE LX Equity | C36: =_xll.BDH(B36,$C$2,$C$1) -> 101.2955 | D36: 101.2955 | F36: FR001400I5V0 | G36: ZK7839333 Corp | H36: =_xll.BDH(G36,$H$2,$H$1,$H$1,"PCS=SGDP") -> 104.01 | I36: 104.01
A37: Callable Taux Fixe Juin 2023 | B37: - | F37: FR001400I7D4 | G37: ZK7839341 Corp | H37: =_xll.BDH(G37,$H$2,$H$1,$H$1,"PCS=SGDP") -> #N/A N/A | I37: #N/A N/A
A38: Maupiti Juillet 2023 | B38: - | F38: FR001400HE76 | G38: ZK2249058 Corp | H38: =_xll.BDH(G38,$H$2,$H$1,$H$1,"PCS=SGDP") -> #N/A N/A | I38: #N/A N/A | J38: BNPP | K38: emea.gm.client
A39: Duo Mix Transatlantic Juillet 2023 | B39: SOLEILT LX Equity | C39: =_xll.BDH(B39,$C$2,$C$1) -> 94.1286 | D39: 94.1286 | F39: FR001400HBR6 | G39: ZK138986@SGDP Corp | H39: =_xll.BDH(G39,$H$2,$H$1,$H$1,"PCS=SGDP") -> #N/A N/A | I39: #N/A N/A
A40: Rendement Euro Stoxx 50 Juillet 2023 | B40: SX5E Index | C40: =_xll.BDH(B40,$C$2,$C$1) -> 6138.41 | D40: 6138.41 | F40: FRSG00013MR2 | G40: ZL8518520 Corp | H40: =_xll.BDH(G40,$H$2,$H$1,$H$1,"PCS=SGDP") -> #N/A N/A | I40: 102.55
A41: Trimestriel International Selection Aout 2023 | B41: SOLEILF LX Equity | C41: =_xll.BDH(B41,$C$2,$C$1) -> 81.6655 | D41: 81.6655 | F41: FR001400H3V6 | G41: ZK1165412 Corp | H41: =_xll.BDH(G41,$H$2,$H$1,$H$1,"PCS=SGDP") -> #N/A N/A | I41: #N/A N/A
A42: Daily Degressif Août 2023 | B42: SOBDIV50 Index | C42: =_xll.BDH(B42,$C$2,$C$1) -> 1040.64 | D42: 1040.64 | F42: FR001400HAB2 | G42: ZK1240793 Corp | H42: =_xll.BDH(G42,$H$2,$H$1,$H$1,"PCS=SGDP") -> #N/A N/A | I42: #N/A N/A
A43: Rendement Euro Stoxx 50 Mars 2023 | B43: SX5E Index | C43: =_xll.BDH(B43,$C$2,$C$1) -> 6138.41 | D43: 6138.41 | F43: FR001400EHF5 | G43: ZM1031974 Corp | H43: =_xll.BDH(G43,$H$2,$H$1,$H$1,"PCS=SGDP") -> #N/A N/A | I43: 103.97
A44: Duo Mix 90/10 MD Novembre 2022 | B44: SOLEILF LX Equity | C44: =_xll.BDH(B44,$C$2,$C$1) -> 81.6655 | D44: 81.6655 | F44: XS2508349342 | G44: ZN1163528 Corp | H44: =_xll.BDH(G44,$H$2,$H$1,$H$1,"PCS=SGDP") -> 96.41 | I44: 96.41
A45: Duo Mix Carmignac CM Juin 2023 | B45: SOLEICE LX Equity | C45: =_xll.BDH(B45,$C$2,$C$1) -> 83.7977 | D45: 83.7977 | F45: XS2627462323 | G45: ZJ315065 Corp | H45: =_xll.BDH(G45,$H$2,$H$1,$H$1,"PCS=SGDP") -> 87.88 | I45: 87.88
A46: Daily Artifice Juillet 2023 | B46: SOLEILF LX Equity | C46: =_xll.BDH(B46,$C$2,$C$1) -> 81.6655 | D46: 81.6655 | F46: FR001400H2V8 | G46: ZL974437 Corp | H46: =_xll.BDH(G46,$H$2,$H$1,$H$1,"PCS=SGDP") -> #N/A N/A | I46: #N/A N/A
A47: Duo Mix CERA Juillet 2022 | B47: SOLEILF LX Equity | C47: =_xll.BDH(B47,$C$2,$C$1) -> 81.6655 | D47: 81.6655 | F47: XS2476558676 | G47: BX9033164 Corp | H47: =_xll.BDH(G47,$H$2,$H$1,$H$1,"PCS=SGDP") -> #N/A N/A | I47: #N/A N/A
A48: Duo Mix International Sélection Juillet 2022 | B48: SOLEILF LX Equity | C48: =_xll.BDH(B48,$C$2,$C$1) -> 81.6655 | D48: 81.6655 | F48: FR0014009UN6 | G48: BV9400748 Corp | H48: =_xll.BDH(G48,$H$2,$H$1,$H$1,"PCS=SGDP") -> #N/A N/A | I48: #N/A N/A
A49: Duo Mix Athena DEVEYE Septembre 2022 | B49: SBFESG Index | C49: =_xll.BDH(B49,$C$2,$C$1) -> 900.44 | D49: 900.44 | F49: XS2508017261 | G49: BY7404928 Corp | H49: =_xll.BDH(G49,$H$2,$H$1,$H$1,"PCS=SGDP") -> #N/A N/A | I49: #N/A N/A
A50: Duo Mix International Sélection Octobre 2022 | B50: SOLEILF LX Equity | C50: =_xll.BDH(B50,$C$2,$C$1) -> 81.6655 | D50: 81.6655 | F50: FR001400BRE3 | G50: BX7969047 Corp | H50: =_xll.BDH(G50,$H$2,$H$1,$H$1,"PCS=SGDP") -> #N/A N/A | I50: #N/A N/A
A51: Duo Mix International Selection Fevrier 2023 | B51: SOLEILF LX Equity | C51: =_xll.BDH(B51,$C$2,$C$1) -> 81.6655 | D51: 81.6655 | F51: FR001400DSK4 | G51: ZN1163486 Corp | H51: =_xll.BDH(G51,$H$2,$H$1,$H$1,"PCS=SGDP") -> #N/A N/A | I51: #N/A N/A
A52: Rendement EuroStoxx 50 3Y | B52: SX5E Index | C52: =_xll.BDH(B52,$C$2,$C$1) -> 6138.41 | D52: 6138.41 | F52: FR001400DJY4 | G52: ZL3981350 Corp | H52: =_xll.BDH(G52,$H$2,$H$1,$H$1,"PCS=SGDP") -> #N/A N/A | I52: 103.69
A53: Duo Mix Transatlantic Avril 2023 | B53: SOLEILT LX Equity | C53: =_xll.BDH(B53,$C$2,$C$1) -> 94.1286 | D53: 94.1286 | F53: FR001400FCX6 | G53: ZM6574424 Corp | H53: =_xll.BDH(G53,$H$2,$H$1,$H$1,"PCS=SGDP") -> #N/A N/A | I53: #N/A N/A
A54: API Phoenix Septembre 2023 | B54: SOLEIGH LX Equity | C54: =_xll.BDH(B54,$C$2,$C$1) -> 121.1137 | D54: 121.1137 | F54: FR001400IPR4 | G54: ZJ0462177 Corp | H54: =_xll.BDH(G54,$H$2,$H$1,$H$1,"PCS=SGDP") -> #N/A N/A | I54: #N/A N/A
A55: CLN Générali Sénior Avril 2022 | B55: - | F55: FR0014009XE9 | G55: BW233824 Corp | H55: =_xll.BDH(G55,$H$2,$H$1,$H$1,"PCS=SGDP") -> #N/A N/A | I55: 96.32
A56: CLN Société Générale Sub Juillet 2022 | B56: - | F56: FR001400BEX1 | G56: BX5528894 Corp | H56: =_xll.BDH(G56,$H$2,$H$1,$H$1,"PCS=SGDP") -> #N/A N/A | I56: 101.18
A57: CLN CA Sub Novembre 2022 | B57: - | F57: FRSG000133U4 | G57: ZN8459812 Corp | H57: =_xll.BDH(G57,$H$2,$H$1,$H$1,"PCS=SGDP") -> #N/A N/A | I57: 100.71
A58: CLN Generali Sub Novembre 2022 | B58: - | F58: FRSG000133V2 | G58: ZN8452882 Corp | H58: =_xll.BDH(G58,$H$2,$H$1,$H$1,"PCS=SGDP") -> #N/A N/A | I58: 101.05
A59: CLN BBVA Sub Novembre 2022 | B59: - | F59: FRSG000133T6 | G59: ZN8261424 Corp | H59: =_xll.BDH(G59,$H$2,$H$1,$H$1,"PCS=SGDP") -> #N/A N/A | I59: 102.01
A60: CLN SG Sub CSJL Novembre 2022 | B60: - | F60: XS2442988932 | G60: ZK2751285 Corp | H60: =_xll.BDH(G60,$H$2,$H$1,$H$1,"PCS=SGDP") -> #N/A N/A | I60: 101.36
A61: Itraxx Main DAN Serie 38 Février 2023 | B61: - | F61: XS2482750812 | G61: ZM9216957 Corp | H61: =_xll.BDH(G61,$H$2,$H$1,$H$1,"PCS=SGDP") -> #N/A N/A | I61: 103.36
A62: 5Y CLN Tranche Main S38 | B62: - | F62: XS2484625749 | G62: ZK8934166 Corp | H62: =_xll.BDH(G62,$H$2,$H$1,$H$1,"PCS=SGDP") -> #N/A N/A | I62: 102.54
A63: Horizon Callable Octobre 2023 | B63: - | F63: FR001400J6D5 | G63: ZJ7623003 Corp | H63: =_xll.BDH(G63,$H$2,$H$1,$H$1,"PCS=SGDP") -> #N/A N/A | I63: 110.04
A64: Rendement SV Janvier 2023 | B64: SX5E Index | C64: =_xll.BDH(B64,$C$2,$C$1) -> 6138.41 | D64: 6138.41 | F64: FR001400E0P7 | G64: ZM503520 Corp | H64: =_xll.BDH(G64,$H$2,$H$1,$H$1,"PCS=SGDP") -> #N/A N/A | I64: #N/A N/A
A65: Digit Mémoire Septembre 2022 | B65: SOLEILF LX Equity | C65: =_xll.BDH(B65,$C$2,$C$1) -> 81.6655 | D65: 81.6655 | F65: XS2508134652 | G65: BZ373636 Corp | H65: =_xll.BDH(G65,$H$2,$H$1,$H$1,"PCS=SGDP") -> 103.38 | I65: 103.38
A66: Digit Memoire Montauroux Novembre 2022 | B66: SOLEILF LX Equity | C66: =_xll.BDH(B66,$C$2,$C$1) -> 81.6655 | D66: 81.6655 | F66: XS2508348880 | G66: ZN116349 Corp | H66: =_xll.BDH(G66,$H$2,$H$1,$H$1,"PCS=SGDP") -> 101.74 | I66: 101.74
A67: Daily Oxygène Janvier 2024 | B67: SOLEIGH LX Equity | C67: =_xll.BDH(B67,$C$2,$C$1) -> 121.1137 | D67: 121.1137 | F67: FR001400KQA4 | G67: ZH003525 Corp | H67: =_xll.BDH(G67,$H$2,$H$1,$H$1,"PCS=SGDP") -> #N/A N/A | I67: #N/A N/A
A68: Daily Supersector Novembre 2023 | B68: MS3050GE Index | C68: =_xll.BDH(B68,$C$2,$C$1) -> 1561.577 | D68: 1561.577 | F68: FR1459AB0035 | G68: ZJ6335443 Corp | H68: =_xll.BDH(G68,$H$2,$H$1,$H$1,"PCS=SGDP") -> #N/A N/A | I68: #N/A N/A
A69: Trimestriel Europe Horizon Novembre 2023 | B69: SOLEIEH Equity | C69: =_xll.BDH(B69,$C$2,$C$1) -> 104.1979 | D69: 104.1979 | F69: XS2699557166 | G69: ZG0871308 Corp | H69: =_xll.BDH(G69,$H$2,$H$1,$H$1,"PCS=SGDP") -> #N/A N/A | I69: #N/A N/A
A70: Horizon Callable Octobre 2023 | B70: - | F70: FR001400J6D5 | G70: ZJ7623003 Corp | H70: =_xll.BDH(G70,$H$2,$H$1,$H$1,"PCS=SGDP") -> #N/A N/A | I70: 110.04
A71: Taux fixe callable décembre 2023 | B71: - | F71: FR001400L8R7 | G71: ZH3119612 Corp | H71: =_xll.BDH(G71,$H$2,$H$1,$H$1,"PCS=SGDP") -> #N/A N/A | I71: #N/A N/A
A72: EuroStoxx 50 Décembre 2023 | B72: SX5E Index | C72: =_xll.BDH(B72,$C$2,$C$1) -> 6138.41 | D72: 6138.41 | F72: FR001400L5H4 | G72: ZF0268960 Corp | H72: =_xll.BDH(G72,$H$2,$H$1,$H$1,"PCS=SGDP") -> #N/A N/A | I72: 101.94
A73: Rendement Décembre 2023 | B73: MS3050GE Index | C73: =_xll.BDH(B73,$C$2,$C$1) -> 1561.577 | D73: 1561.577 | F73: FR1459AB1280 | G73: ZI8884119 Corp | H73: =_xll.BDH(G73,$H$2,$H$1,$H$1,"PCS=SGDP") -> #N/A N/A | I73: 115.23
A74: Phoenix Bank Décembre 2023 | B74: IEEBNKTD Index | C74: =_xll.BDH(B74,$C$2,$C$1) -> 2498.647 | D74: 2498.647 | F74: FR001400KQK3 | G74: ZI8947445 Corp | H74: =_xll.BDH(G74,$H$2,$H$1,$H$1,"PCS=SGDP") -> #N/A N/A | I74: #N/A N/A
A75: Daily Santé Mars 2024 | B75: HEALTHDG Index | C75: =_xll.BDH(B75,$C$2,$C$1) -> 813.025 | D75: 813.025 | F75: FR001400N7O4 | G75: ZF2594363 Corp | H75: =_xll.BDH(G75,$H$2,$H$1,$H$1,"PCS=SGDP") -> #N/A N/A | I75: #N/A N/A
A76: Dailycall Mars 2024 | B76: SPEPDDET Index | C76: =_xll.BDH(B76,$C$2,$C$1) -> 1133.19 | D76: 1133.19 | F76: FRIP000002G2 | G76: ZG113201 Corp | H76: =_xll.BDH(G76,$H$2,$H$1,$H$1,"PCS=SGDP") -> #N/A N/A | I76: #N/A N/A
A77: Maupiti Avril 2024 | B77: IEEBNKTD Index | C77: =_xll.BDH(B77,$C$2,$C$1) -> 2498.647 | D77: 2498.647 | F77: FR001400N9Z6 | G77: ZF3340675 Corp | H77: =_xll.BDH(G77,$H$2,$H$1,$H$1,"PCS=SGDP") -> #N/A N/A | I77: 100.67
A78: Perspective Mars 2024 | B78: - | F78: FR001400M7W8 | G78: ZG2989231 Corp | H78: =_xll.BDH(G78,$H$2,$H$1,$H$1,"PCS=SGDP") -> #N/A N/A | I78: 108.28
A79: Mensuel Dégressif Santé Mai 2024 | B79: HEALTHDG Index | C79: =_xll.BDH(B79,$C$2,$C$1) -> 813.025 | D79: 813.025 | F79: FR001400NSU2 | G79: YX5972287 Corp | H79: =_xll.BDH(G79,$H$2,$H$1,$H$1,"PCS=SGDP") -> #N/A N/A | I79: 85.69
A80: Callable Taux Fixe DS Juin 2024 | B80: - | F80: FRSG00030819 | G80: Pas sur bloom | H80: =_xll.BDH(G80,$H$2,$H$1,$H$1,"PCS=SGDP") -> #N/A Invalid Security | I80: -
A81: Daily Oxygène Juillet 2024 | B81: JUMBO40 Index | C81: =_xll.BDH(B81,$C$2,$C$1) -> 1152.971 | D81: 1152.971 | F81: FRIP00000E12 | G81: ZB0096048 Corp | H81: =_xll.BDH(G81,$H$2,$H$1,$H$1,"PCS=SGDP") -> #N/A N/A | I81: #N/A N/A
A82: Tremplin Mai 2024 | B82: - | F82: FR001400NWJ7 | G82: ZB1643350 Corp | H82: =_xll.BDH(G82,$H$2,$H$1,$H$1,"PCS=SGDP") -> #N/A N/A | I82: 102.6
A83: Mensuel Full Oxygène Mai 2024 | B83: CLIMATDG Index | C83: =_xll.BDH(B83,$C$2,$C$1) -> 1112.124 | D83: 1112.124 | F83: FR001400NM29 | G83: ZF6062235 Corp | H83: =_xll.BDH(G83,$H$2,$H$1,$H$1,"PCS=SGDP") -> #N/A N/A | I83: #N/A N/A
A84: Trimestriel International Selection Juin 2024 | B84: SOLEILF LX Equity | C84: =_xll.BDH(B84,$C$2,$C$1) -> 81.6655 | D84: 81.6655 | F84: FR001400Q7Z7 | G84: YX4343910 Corp | H84: =_xll.BDH(G84,$H$2,$H$1,$H$1,"PCS=SGDP") -> 82.35 | I84: 82.35
A85: Phoenix CMS BM Décembre 2024 | B85: EUSA10 Curncy | C85: =_xll.BDH(B85,$C$2,$C$1) -> 2.67005 | D85: 2.67005 | F85: FR001400U207 | G85: YT447060 Corp | H85: =_xll.BDH(G85,$H$2,$H$1,$H$1,"PCS=SGDP") -> #N/A N/A | I85: 87.98
A86: Phoenix Mémoire Dégressif Allegro Décembre 2024 | B86: SOLALLE LX Equity | C86: =_xll.BDH(B86,$C$2,$C$1) -> 82.5175 | D86: 82.5175 | F86: FR001400TSV7 | G86: YU906133 Corp | H86: =_xll.BDH(G86,$H$2,$H$1,$H$1,"PCS=SGDP") -> 85.07 | I86: 85.07
A87: Trimestriel Allegro Janvier 2025 | B87: SOLALLE LX Equity | C87: =_xll.BDH(B87,$C$2,$C$1) -> 82.5175 | D87: 82.5175 | F87: FR001400TKH3 | G87: YU724049 Corp | H87: =_xll.BDH(G87,$H$2,$H$1,$H$1,"PCS=SGDP") -> 77.78 | I87: 77.78
A88: Trimestriel International Selection Novembre 2024 | B88: SOLEILF LX Equity | C88: =_xll.BDH(B88,$C$2,$C$1) -> 81.6655 | D88: 81.6655 | F88: FR001400RH55 | G88: YW444454 Corp | H88: =_xll.BDH(G88,$H$2,$H$1,$H$1,"PCS=SGDP") -> 90.04 | I88: 90.04
A89: Tremplin 2 2024 | B89: - | F89: FR001400QVG8 | G89: YW086804 Corp | H89: =_xll.BDH(G89,$H$2,$H$1,$H$1,"PCS=SGDP") -> #N/A N/A | I89: 98.92
A90: Athena Rendement TI Decembre 2019 | B90: SBFESG Index | C90: =_xll.BDH(B90,$C$2,$C$1) -> 900.44 | D90: 900.44 | F90: XS2059598073 | G90: ZP121878 Corp | H90: =_xll.BDH(G90,$H$2,$H$1,$H$1,"PCS=SGDP") -> #N/A N/A | I90: #N/A N/A
A91: Mensuel Dégressif Monde février 2025 | B91: ESGT20DG Index | C91: =_xll.BDH(B91,$C$2,$C$1) -> 984.063 | D91: 984.063 | F91: FR001400TW54 | G91: YU915229@EXCH Corp | H91: =_xll.BDH(G91,$H$2,$H$1,$H$1,"PCS=SGDP") -> 108.06 | I91: 108.06
A92: CLN Callable Février 2025 | B92: - | F92: FR001400USY9 | G92: YS258280 Corp | H92: =_xll.BDH(G92,$H$2,$H$1,$H$1,"PCS=SGDP") -> #N/A N/A | I92: 91.9
A93: Duo mix DP Juin 2021 | B93: SOLEIED LX Equity | C93: =_xll.BDH(B93,$C$2,$C$1) -> 100.845 | D93: 100.845 | F93: XS2314010245 | G93: BQ438204 Corp | H93: =_xll.BDH(G93,$H$2,$H$1,$H$1,"PCS=SGDP") -> 111.85 | I93: 111.85
A94: CLN Itraxx Serie 38 DAN Février 2023 | B94: - | F94: XS2482750812 | G94: ZM921695 Corp | H94: =_xll.BDH(G94,$H$2,$H$1,$H$1,"PCS=SGDP") -> #N/A N/A | I94: 103.36
A95: Maupiti Finese Novembre 2023 | B95: - | F95: XS2656179301 | G95: YT886725 Corp | H95: =_xll.BDH(G95,$H$2,$H$1,$H$1,"PCS=SGDP") -> #N/A N/A | I95: 104.05
A96: Mensuel Dégressif Monde février 2025 | B96: ESGT20DG Index | C96: =_xll.BDH(B96,$C$2,$C$1) -> 984.063 | D96: 984.063 | F96: FR001400TW54 | G96: YU915229 Corp | H96: =_xll.BDH(G96,$H$2,$H$1,$H$1,"PCS=SGDP") -> #N/A N/A | I96: 108.06
A97: Digit CMS HBP Mai 2025 | F97: FR001400Y7E2 | G97: YQ817279 Corp | H97: =_xll.BDH(G97,$H$2,$H$1,$H$1,"PCS=SGDP") -> #N/A N/A | I97: #N/A N/A
A98: Phoenix Mémoire Dégressif Allegro Mai 2025 | B98: SOLALLE LX Equity | C98: =_xll.BDH(B98,$C$2,$C$1) -> 82.5175 | D98: 82.5175 | F98: XS3011504159 | G98: YQ695015 Corp | H98: =_xll.BDH(G98,$H$2,$H$1,$H$1,"PCS=SGDP") -> 95.39 | I98: 95.39
A99: Trimestriel International Selection Juin 2025 | B99: SOLEILF LX Equity | C99: =_xll.BDH(B99,$C$2,$C$1) -> 81.6655 | D99: 81.6655 | F99: FR001400Y282 | G99: YQ446366 Corp | H99: =_xll.BDH(G99,$H$2,$H$1,$H$1,"PCS=SGDP") -> 103.31 | I99: #N/A N/A
A100: Athena Rendement HY Juin 2021 | B100: SOLEIED LX Equity | C100: =_xll.BDH(B100,$C$2,$C$1) -> 100.845 | D100: 100.845 | F100: XS2120989905 | G100: BQ420844@EXCH Corp | H100: =_xll.BDH(G100,$H$2,$H$1,$H$1,"PCS=SGDP") -> 99.46 | I100: 99.46
...
